Workbook
Name Priority: 'Drop-Downs'!$A$2:$A$6
Name Response: 'Drop-Downs'!$D$2:$D$6

Sheet Instructions
A1: Requirements Matrix Instructions
A3: The tabs are organized by color to reflect functional areas of an ERP system. There are tabs that provide brief introductions to explain the current landscape. This is to provide context to better understand the requirements.
A5: Column B identifies CVRF’s priority of the requirement. You cannot change the selection in this column.
A7: In column C, select:
B8: · Core Functionality if the feature is available without customization
B9: · Configurable if the feature is available (only) through configuration
B10: · Custom if the feature is available with customization or an additional module
B11: · Not Available if the feature is not available
A13: In column D, please provide any context. For example, list any additional modules that are required for full functionality; explain how the functionality can be alternatively achieved; whether your offering fully or partially meets the requirement, etc. YOU DO NOT NEED TO FILL OUT COLUMN D FOR ALL ITEMS.
A15: Do not change the formatting, add columns, remove lines, remove columns, or manipulate drop-downs or formulas. There are password-protected tabs to help us with evaluations.

Sheet Accounting Intro
A1: Accounting Introduction
A3: Overview
A4: CVRF uses Dynamics GP to manage accounting functions for Corporate, CAPS, and Programs. All accounting data from CAPS and Programs ultimately is processed through Dynamics GP.
A6: Goals
A7: A new ERP system will be responsible for core accounting functions, including managing fixed assets, managing cash, being the source of truth for data, reporting across accounting functions, and imposing auditable policies and procedures for the entire entity. CVRF needs a single source of truth for all accounting data. A single solution is not necessary, but there must be demonstrable connectivity or integration with 3rd-party applications that can better meet CVRF requirements. CVRF is interested in all the functionality of your offering, but wants the option to find best-in-class modules or applications.

Sheet Fixed Assets
A1: Fixed Assets Requirements | B1: Priority | C1: Response | D1: Notes/Comments | G1: =SUM(G3:G47) -> #N/A
A2: 1. Fixed Asset Data
A3: Maintain data about each fixed asset (ID, location, serial number, owner, manufacturer, status, in service date, etc.) | B3: High | E3: {=_xlfn.SWITCH(B3, "Critical", 5, "High", 4, "Medium", 3, "Low", 2, "Future", 1)} -> 4 | F3: {=_xlfn.SWITCH(C3, "Core Functionality", 5, "Configurable", 4, "Custom", 3, "Not Available", 0, "Either/Or", 0)} -> #N/A | G3: =E3*F3 -> #N/A
A4: Maintain procurement data for assets (PO, vendor, date, etc.) | B4: High | E4: {=_xlfn.SWITCH(B4, "Critical", 5, "High", 4, "Medium", 3, "Low", 2, "Future", 1)} -> 4 | F4: {=_xlfn.SWITCH(C4, "Core Functionality", 5, "Configurable", 4, "Custom", 3, "Not Available", 0, "Either/Or", 0)} -> #N/A | G4: =E4*F4 -> #N/A
A5: Support capital purchases, internal builds, and leased assets | B5: High | E5: {=_xlfn.SWITCH(B5, "Critical", 5, "High", 4, "Medium", 3, "Low", 2, "Future", 1)} -> 4 | F5: {=_xlfn.SWITCH(C5, "Core Functionality", 5, "Configurable", 4, "Custom", 3, "Not Available", 0, "Either/Or", 0)} -> #N/A | G5: =E5*F5 -> #N/A
A6: Establish required fields and data for fixed assets to enable data consistency | B6: Medium | E6: {=_xlfn.SWITCH(B6, "Critical", 5, "High", 4, "Medium", 3, "Low", 2, "Future", 1)} -> 3 | F6: {=_xlfn.SWITCH(C6, "Core Functionality", 5, "Configurable", 4, "Custom", 3, "Not Available", 0, "Either/Or", 0)} -> #N/A | G6: =E6*F6 -> #N/A
A7: Establish classifications, depreciation schedules, asset categories | B7: Medium | E7: {=_xlfn.SWITCH(B7, "Critical", 5, "High", 4, "Medium", 3, "Low", 2, "Future", 1)} -> 3 | F7: {=_xlfn.SWITCH(C7, "Core Functionality", 5, "Configurable", 4, "Custom", 3, "Not Available", 0, "Either/Or", 0)} -> #N/A | G7: =E7*F7 -> #N/A
A8: Establish rules-based handling for assets by category, classification, etc. to facilitiate automation | B8: Medium | E8: {=_xlfn.SWITCH(B8, "Critical", 5, "High", 4, "Medium", 3, "Low", 2, "Future", 1)} -> 3 | F8: {=_xlfn.SWITCH(C8, "Core Functionality", 5, "Configurable", 4, "Custom", 3, "Not Available", 0, "Either/Or", 0)} -> #N/A | G8: =E8*F8 -> #N/A
A9: Track useful life, salvage value, and disposal value | B9: Medium | E9: {=_xlfn.SWITCH(B9, "Critical", 5, "High", 4, "Medium", 3, "Low", 2, "Future", 1)} -> 3 | F9: {=_xlfn.SWITCH(C9, "Core Functionality", 5, "Configurable", 4, "Custom", 3, "Not Available", 0, "Either/Or", 0)} -> #N/A | G9: =E9*F9 -> #N/A
A10: Support asset revaluations | B10: Medium | E10: {=_xlfn.SWITCH(B10, "Critical", 5, "High", 4, "Medium", 3, "Low", 2, "Future", 1)} -> 3 | F10: {=_xlfn.SWITCH(C10, "Core Functionality", 5, "Configurable", 4, "Custom", 3, "Not Available", 0, "Either/Or", 0)} -> #N/A | G10: =E10*F10 -> #N/A
A11: Support asset impairment as a transaction type | B11: Medium | E11: {=_xlfn.SWITCH(B11, "Critical", 5, "High", 4, "Medium", 3, "Low", 2, "Future", 1)} -> 3 | F11: {=_xlfn.SWITCH(C11, "Core Functionality", 5, "Configurable", 4, "Custom", 3, "Not Available", 0, "Either/Or", 0)} -> #N/A | G11: =E11*F11 -> #N/A
A12: Support intercompany transfers | B12: Medium | E12: {=_xlfn.SWITCH(B12, "Critical", 5, "High", 4, "Medium", 3, "Low", 2, "Future", 1)} -> 3 | F12: {=_xlfn.SWITCH(C12, "Core Functionality", 5, "Configurable", 4, "Custom", 3, "Not Available", 0, "Either/Or", 0)} -> #N/A | G12: =E12*F12 -> #N/A
A13: Roll subledgers associated with expenses for a specific fixed asset | B13: High | E13: {=_xlfn.SWITCH(B13, "Critical", 5, "High", 4, "Medium", 3, "Low", 2, "Future", 1)} -> 4 | F13: {=_xlfn.SWITCH(C13, "Core Functionality", 5, "Configurable", 4, "Custom", 3, "Not Available", 0, "Either/Or", 0)} -> #N/A | G13: =E13*F13 -> #N/A
A14: Ease of putting an asset into and out of service | B14: Medium | E14: {=_xlfn.SWITCH(B14, "Critical", 5, "High", 4, "Medium", 3, "Low", 2, "Future", 1)} -> 3 | F14: {=_xlfn.SWITCH(C14, "Core Functionality", 5, "Configurable", 4, "Custom", 3, "Not Available", 0, "Either/Or", 0)} -> #N/A | G14: =E14*F14 -> #N/A
... A16: Retain historical information about the project that created the Fixed Asset | B16: Medium | E16: {=_xlfn.SWITCH(B16, "Critical", 5, "High", 4, "Medium", 3, "Low", 2, "Future", 1)} -> 3 | F16: {=_xlfn.SWITCH(C16, "Core Functionality", 5, "Configurable", 4, "Custom", 3, "Not Available", 0, "Either/Or", 0)} -> #N/A | G16: =E16*F16 -> #N/A
A18: 2. Roll Forward Schedule
A19: Allow for multiple depreciations methods | B19: High | E19: {=_xlfn.SWITCH(B19, "Critical", 5, "High", 4, "Medium", 3, "Low", 2, "Future", 1)} -> 4 | F19: {=_xlfn.SWITCH(C19, "Core Functionality", 5, "Configurable", 4, "Custom", 3, "Not Available", 0, "Either/Or", 0)} -> #N/A | G19: =E19*F19 -> #N/A
A20: Allow for partial-period depreciation | B20: Medium | E20: {=_xlfn.SWITCH(B20, "Critical", 5, "High", 4, "Medium", 3, "Low", 2, "Future", 1)} -> 3 | F20: {=_xlfn.SWITCH(C20, "Core Functionality", 5, "Configurable", 4, "Custom", 3, "Not Available", 0, "Either/Or", 0)} -> #N/A | G20: =E20*F20 -> #N/A
A21: Provide automatic application of depreciation based on schedule | B21: High | E21: {=_xlfn.SWITCH(B21, "Critical", 5, "High", 4, "Medium", 3, "Low", 2, "Future", 1)} -> 4 | F21: {=_xlfn.SWITCH(C21, "Core Functionality", 5, "Configurable", 4, "Custom", 3, "Not Available", 0, "Either/Or", 0)} -> #N/A | G21: =E21*F21 -> #N/A
A22: Allow for maitnenance and review of roll forward schedule | B22: Medium | E22: {=_xlfn.SWITCH(B22, "Critical", 5, "High", 4, "Medium", 3, "Low", 2, "Future", 1)} -> 3 | F22: {=_xlfn.SWITCH(C22, "Core Functionality", 5, "Configurable", 4, "Custom", 3, "Not Available", 0, "Either/Or", 0)} -> #N/A | G22: =E22*F22 -> #N/A
A24: 4. Moving Assets into Service/out of Service
A25: Support automation for moving Projects to fixed asset accounts upon moving an asset into service. | B25: High | E25: {=_xlfn.SWITCH(B25, "Critical", 5, "High", 4, "Medium", 3, "Low", 2, "Future", 1)} -> 4 | F25: {=_xlfn.SWITCH(C25, "Core Functionality", 5, "Configurable", 4, "Custom", 3, "Not Available", 0, "Either/Or", 0)} -> #N/A | G25: =E25*F25 -> #N/A
A26: Support automation for moving assets out of service | B26: Medium | E26: {=_xlfn.SWITCH(B26, "Critical", 5, "High", 4, "Medium", 3, "Low", 2, "Future", 1)} -> 3 | F26: {=_xlfn.SWITCH(C26, "Core Functionality", 5, "Configurable", 4, "Custom", 3, "Not Available", 0, "Either/Or", 0)} -> #N/A | G26: =E26*F26 -> #N/A
A28: 5. Reporting and Analysis
A29: Provide depreciation forecasts | B29: Medium | E29: {=_xlfn.SWITCH(B29, "Critical", 5, "High", 4, "Medium", 3, "Low", 2, "Future", 1)} -> 3 | F29: {=_xlfn.SWITCH(C29, "Core Functionality", 5, "Configurable", 4, "Custom", 3, "Not Available", 0, "Either/Or", 0)} -> #N/A | G29: =E29*F29 -> #N/A
A30: Export depreciation schedules | B30: Low | E30: {=_xlfn.SWITCH(B30, "Critical", 5, "High", 4, "Medium", 3, "Low", 2, "Future", 1)} -> 2 | F30: {=_xlfn.SWITCH(C30, "Core Functionality", 5, "Configurable", 4, "Custom", 3, "Not Available", 0, "Either/Or", 0)} -> #N/A | G30: =E30*F30 -> #N/A
A31: Asset reports (roll forward, gain/loss on disposal, forecasting and planning analytics, etc.) | B31: Medium | E31: {=_xlfn.SWITCH(B31, "Critical", 5, "High", 4, "Medium", 3, "Low", 2, "Future", 1)} -> 3 | F31: {=_xlfn.SWITCH(C31, "Core Functionality", 5, "Configurable", 4, "Custom", 3, "Not Available", 0, "Either/Or", 0)} -> #N/A | G31: =E31*F31 -> #N/A
A32: Gain and loss reporting on disposals | B32: Medium | E32: {=_xlfn.SWITCH(B32, "Critical", 5, "High", 4, "Medium", 3, "Low", 2, "Future", 1)} -> 3 | F32: {=_xlfn.SWITCH(C32, "Core Functionality", 5, "Configurable", 4, "Custom", 3, "Not Available", 0, "Either/Or", 0)} -> #N/A | G32: =E32*F32 -> #N/A
A33: Support logging and audit trails | B33: Critical | E33: {=_xlfn.SWITCH(B33, "Critical", 5, "High", 4, "Medium", 3, "Low", 2, "Future", 1)} -> 5 | F33: {=_xlfn.SWITCH(C33, "Core Functionality", 5, "Configurable", 4, "Custom", 3, "Not Available", 0, "Either/Or", 0)} -> #N/A | G33: =E33*F33 -> #N/A
A34: Provide projected balances based on budget/actual data from Project Management module. | B34: Low | E34: {=_xlfn.SWITCH(B34, "Critical", 5, "High", 4, "Medium", 3, "Low", 2, "Future", 1)} -> 2 | F34: {=_xlfn.SWITCH(C34, "Core Functionality", 5, "Configurable", 4, "Custom", 3, "Not Available", 0, "Either/Or", 0)} -> #N/A | G34: =E34*F34 -> #N/A
A36: 6. Integration
A37: Integrate with GL, sub-ledgers, automatic JE entries | B37: Critical | E37: {=_xlfn.SWITCH(B37, "Critical", 5, "High", 4, "Medium", 3, "Low", 2, "Future", 1)} -> 5 | F37: {=_xlfn.SWITCH(C37, "Core Functionality", 5, "Configurable", 4, "Custom", 3, "Not Available", 0, "Either/Or", 0)} -> #N/A | G37: =E37*F37 -> #N/A
A38: Integrate with project management module or system | B38: Low | E38: {=_xlfn.SWITCH(B38, "Critical", 5, "High", 4, "Medium", 3, "Low", 2, "Future", 1)} -> 2 | F38: {=_xlfn.SWITCH(C38, "Core Functionality", 5, "Configurable", 4, "Custom", 3, "Not Available", 0, "Either/Or", 0)} -> #N/A | G38: =E38*F38 -> #N/A
A40: 7. Workflows
A41: Support approval workflows | B41: Critical | E41: {=_xlfn.SWITCH(B41, "Critical", 5, "High", 4, "Medium", 3, "Low", 2, "Future", 1)} -> 5 | F41: {=_xlfn.SWITCH(C41, "Core Functionality", 5, "Configurable", 4, "Custom", 3, "Not Available", 0, "Either/Or", 0)} -> #N/A | G41: =E41*F41 -> #N/A
A42: Configurable workflow engine for approvals and notifications | B42: High | E42: {=_xlfn.SWITCH(B42, "Critical", 5, "High", 4, "Medium", 3, "Low", 2, "Future", 1)} -> 4 | F42: {=_xlfn.SWITCH(C42, "Core Functionality", 5, "Configurable", 4, "Custom", 3, "Not Available", 0, "Either/Or", 0)} -> #N/A | G42: =E42*F42 -> #N/A
A44: 8. Attachments
A45: Support attachments for transactions | B45: Critical | E45: {=_xlfn.SWITCH(B45, "Critical", 5, "High", 4, "Medium", 3, "Low", 2, "Future", 1)} -> 5 | F45: {=_xlfn.SWITCH(C45, "Core Functionality", 5, "Configurable", 4, "Custom", 3, "Not Available", 0, "Either/Or", 0)} -> #N/A | G45: =E45*F45 -> #N/A
A46: Support links to related transactions | B46: High | E46: {=_xlfn.SWITCH(B46, "Critical", 5, "High", 4, "Medium", 3, "Low", 2, "Future", 1)} -> 4 | F46: {=_xlfn.SWITCH(C46, "Core Functionality", 5, "Configurable", 4, "Custom", 3, "Not Available", 0, "Either/Or", 0)} -> #N/A | G46: =E46*F46 -> #N/A

Sheet Cash and Treasury
A1: Cash and Treasury Requirements | B1: Priority | C1: Response | D1: Notes/Comments | G1: =SUM(G3:G36) -> #N/A
A2: 1. Visibility and Monitoring
A3: Real-time and intraday cash position tracking | B3: High | E3: {=_xlfn.SWITCH(B3, "Critical", 5, "High", 4, "Medium", 3, "Low", 2, "Future", 1)} -> 4 | F3: {=_xlfn.SWITCH(C3, "Core Functionality", 5, "Configurable", 4, "Custom", 3, "Not Available", 0, "Either/Or", 0)} -> #N/A | G3: =E3*F3 -> #N/A
A4: Consolidated view across bank accounts, subsidiaries, and currencies | B4: Medium | E4: {=_xlfn.SWITCH(B4, "Critical", 5, "High", 4, "Medium", 3, "Low", 2, "Future", 1)} -> 3 | F4: {=_xlfn.SWITCH(C4, "Core Functionality", 5, "Configurable", 4, "Custom", 3, "Not Available", 0, "Either/Or", 0)} -> #N/A | G4: =E4*F4 -> #N/A
A5: Historical cash position reporting | B5: Medium | E5: {=_xlfn.SWITCH(B5, "Critical", 5, "High", 4, "Medium", 3, "Low", 2, "Future", 1)} -> 3 | F5: {=_xlfn.SWITCH(C5, "Core Functionality", 5, "Configurable", 4, "Custom", 3, "Not Available", 0, "Either/Or", 0)} -> #N/A | G5: =E5*F5 -> #N/A
A6: Forecast vs. actual reconciliation | B6: Medium | E6: {=_xlfn.SWITCH(B6, "Critical", 5, "High", 4, "Medium", 3, "Low", 2, "Future", 1)} -> 3 | F6: {=_xlfn.SWITCH(C6, "Core Functionality", 5, "Configurable", 4, "Custom", 3, "Not Available", 0, "Either/Or", 0)} -> #N/A | G6: =E6*F6 -> #N/A
A7: Scenario modeling based on batches of payments | B7: Medium | E7: {=_xlfn.SWITCH(B7, "Critical", 5, "High", 4, "Medium", 3, "Low", 2, "Future", 1)} -> 3 | F7: {=_xlfn.SWITCH(C7, "Core Functionality", 5, "Configurable", 4, "Custom", 3, "Not Available", 0, "Either/Or", 0)} -> #N/A | G7: =E7*F7 -> #N/A
A9: 2. Cash Deposits
A10: Record deposits based on type and source (CAPS, Corporate, Programs) | B10: High | E10: {=_xlfn.SWITCH(B10, "Critical", 5, "High", 4, "Medium", 3, "Low", 2, "Future", 1)} -> 4 | F10: {=_xlfn.SWITCH(C10, "Core Functionality", 5, "Configurable", 4, "Custom", 3, "Not Available", 0, "Either/Or", 0)} -> #N/A | G10: =E10*F10 -> #N/A
A11: Deposit batching | B11: High | E11: {=_xlfn.SWITCH(B11, "Critical", 5, "High", 4, "Medium", 3, "Low", 2, "Future", 1)} -> 4 | F11: {=_xlfn.SWITCH(C11, "Core Functionality", 5, "Configurable", 4, "Custom", 3, "Not Available", 0, "Either/Or", 0)} -> #N/A | G11: =E11*F11 -> #N/A
A12: Support for multiple different cash accounts | B12: Critical | E12: {=_xlfn.SWITCH(B12, "Critical", 5, "High", 4, "Medium", 3, "Low", 2, "Future", 1)} -> 5 | F12: {=_xlfn.SWITCH(C12, "Core Functionality", 5, "Configurable", 4, "Custom", 3, "Not Available", 0, "Either/Or", 0)} -> #N/A | G12: =E12*F12 -> #N/A
A13: Support currency exchange rates | B13: High | E13: {=_xlfn.SWITCH(B13, "Critical", 5, "High", 4, "Medium", 3, "Low", 2, "Future", 1)} -> 4 | F13: {=_xlfn.SWITCH(C13, "Core Functionality", 5, "Configurable", 4, "Custom", 3, "Not Available", 0, "Either/Or", 0)} -> #N/A | G13: =E13*F13 -> #N/A
A14: Approval workflows especially for large deposits | B14: High | E14: {=_xlfn.SWITCH(B14, "Critical", 5, "High", 4, "Medium", 3, "Low", 2, "Future", 1)} -> 4 | F14: {=_xlfn.SWITCH(C14, "Core Functionality", 5, "Configurable", 4, "Custom", 3, "Not Available", 0, "Either/Or", 0)} -> #N/A | G14: =E14*F14 -> #N/A
A15: Alerts for failed deposits | B15: Critical | E15: {=_xlfn.SWITCH(B15, "Critical", 5, "High", 4, "Medium", 3, "Low", 2, "Future", 1)} -> 5 | F15: {=_xlfn.SWITCH(C15, "Core Functionality", 5, "Configurable", 4, "Custom", 3, "Not Available", 0, "Either/Or", 0)} -> #N/A | G15: =E15*F15 -> #N/A
A17: 3. Integration
A18: Integration with AP/AR, payroll, and GL | B18: High | E18: {=_xlfn.SWITCH(B18, "Critical", 5, "High", 4, "Medium", 3, "Low", 2, "Future", 1)} -> 4 | F18: {=_xlfn.SWITCH(C18, "Core Functionality", 5, "Configurable", 4, "Custom", 3, "Not Available", 0, "Either/Or", 0)} -> #N/A | G18: =E18*F18 -> #N/A
A19: Integration with banking for cash balance reports, fraud detection | B19: High | E19: {=_xlfn.SWITCH(B19, "Critical", 5, "High", 4, "Medium", 3, "Low", 2, "Future", 1)} -> 4 | F19: {=_xlfn.SWITCH(C19, "Core Functionality", 5, "Configurable", 4, "Custom", 3, "Not Available", 0, "Either/Or", 0)} -> #N/A | G19: =E19*F19 -> #N/A
A20: Configurable data exchange with other data sources (banks, vendors, etc.) to collect data automatically (instead of user-initiated actions) (All subject to approval.) | B20: Medium | E20: {=_xlfn.SWITCH(B20, "Critical", 5, "High", 4, "Medium", 3, "Low", 2, "Future", 1)} -> 3 | F20: {=_xlfn.SWITCH(C20, "Core Functionality", 5, "Configurable", 4, "Custom", 3, "Not Available", 0, "Either/Or", 0)} -> #N/A | G20: =E20*F20 -> #N/A
A21: Real-time data availability for deposits and balances (pushed to user instead of user-initiated) | B21: Medium | E21: {=_xlfn.SWITCH(B21, "Critical", 5, "High", 4, "Medium", 3, "Low", 2, "Future", 1)} -> 3 | F21: {=_xlfn.SWITCH(C21, "Core Functionality", 5, "Configurable", 4, "Custom", 3, "Not Available", 0, "Either/Or", 0)} -> #N/A | G21: =E21*F21 -> #N/A
A23: 4. Reporting
A24: Create reports for cash position, liquidity, projected available cash | B24: Medium | E24: {=_xlfn.SWITCH(B24, "Critical", 5, "High", 4, "Medium", 3, "Low", 2, "Future", 1)} -> 3 | F24: {=_xlfn.SWITCH(C24, "Core Functionality", 5, "Configurable", 4, "Custom", 3, "Not Available", 0, "Either/Or", 0)} -> #N/A | G24: =E24*F24 -> #N/A
A25: Support dashboards for real-time visibility into AR, AP, cash balances, current activities | B25: Medium | E25: {=_xlfn.SWITCH(B25, "Critical", 5, "High", 4, "Medium", 3, "Low", 2, "Future", 1)} -> 3 | F25: {=_xlfn.SWITCH(C25, "Core Functionality", 5, "Configurable", 4, "Custom", 3, "Not Available", 0, "Either/Or", 0)} -> #N/A | G25: =E25*F25 -> #N/A
A26: Report idle cash and projected excessive cash balances | B26: Medium | E26: {=_xlfn.SWITCH(B26, "Critical", 5, "High", 4, "Medium", 3, "Low", 2, "Future", 1)} -> 3 | F26: {=_xlfn.SWITCH(C26, "Core Functionality", 5, "Configurable", 4, "Custom", 3, "Not Available", 0, "Either/Or", 0)} -> #N/A | G26: =E26*F26 -> #N/A
A27: Notification of trends towards negative balances, excessive cash, etc. | B27: Medium | E27: {=_xlfn.SWITCH(B27, "Critical", 5, "High", 4, "Medium", 3, "Low", 2, "Future", 1)} -> 3 | F27: {=_xlfn.SWITCH(C27, "Core Functionality", 5, "Configurable", 4, "Custom", 3, "Not Available", 0, "Either/Or", 0)} -> #N/A | G27: =E27*F27 -> #N/A
A29: 5. Workflows
A30: Integrated approval workflow for deposit batches | B30: Critical | E30: {=_xlfn.SWITCH(B30, "Critical", 5, "High", 4, "Medium", 3, "Low", 2, "Future", 1)} -> 5 | F30: {=_xlfn.SWITCH(C30, "Core Functionality", 5, "Configurable", 4, "Custom", 3, "Not Available", 0, "Either/Or", 0)} -> #N/A | G30: =E30*F30 -> #N/A
A31: Configurable workflow engine for approvals and notifications | B31: High | E31: {=_xlfn.SWITCH(B31, "Critical", 5, "High", 4, "Medium", 3, "Low", 2, "Future", 1)} -> 4 | F31: {=_xlfn.SWITCH(C31, "Core Functionality", 5, "Configurable", 4, "Custom", 3, "Not Available", 0, "Either/Or", 0)} -> #N/A | G31: =E31*F31 -> #N/A
A33: 6. Attachments and Links
A34: Support attachments for transactions | B34: Critical | E34: {=_xlfn.SWITCH(B34, "Critical", 5, "High", 4, "Medium", 3, "Low", 2, "Future", 1)} -> 5 | F34: {=_xlfn.SWITCH(C34, "Core Functionality", 5, "Configurable", 4, "Custom", 3, "Not Available", 0, "Either/Or", 0)} -> #N/A | G34: =E34*F34 -> #N/A
A35: Support links to related transactions | B35: High | E35: {=_xlfn.SWITCH(B35, "Critical", 5, "High", 4, "Medium", 3, "Low", 2, "Future", 1)} -> 4 | F35: {=_xlfn.SWITCH(C35, "Core Functionality", 5, "Configurable", 4, "Custom", 3, "Not Available", 0, "Either/Or", 0)} -> #N/A | G35: =E35*F35 -> #N/A

Sheet Reconciliation
A1: Reconciliation Requirements | B1: Priority | C1: Response | D1: Notes/Comments | G1: =SUM(G3:G23) -> #N/A
A2: 1. Transaction Reconciliation
A3: Support reconciling transactions between bank and ERP | B3: High | E3: {=_xlfn.SWITCH(B3, "Critical", 5, "High", 4, "Medium", 3, "Low", 2, "Future", 1)} -> 4 | F3: {=_xlfn.SWITCH(C3, "Core Functionality", 5, "Configurable", 4, "Custom", 3, "Not Available", 0, "Either/Or", 0)} -> #N/A | G3: =E3*F3 -> #N/A
A4: Automatic matching based on configurable rules | B4: High | E4: {=_xlfn.SWITCH(B4, "Critical", 5, "High", 4, "Medium", 3, "Low", 2, "Future", 1)} -> 4 | F4: {=_xlfn.SWITCH(C4, "Core Functionality", 5, "Configurable", 4, "Custom", 3, "Not Available", 0, "Either/Or", 0)} -> #N/A | G4: =E4*F4 -> #N/A
A5: Daily transaction discrepancies (what is in ERP vs what is in bank) | B5: Medium | E5: {=_xlfn.SWITCH(B5, "Critical", 5, "High", 4, "Medium", 3, "Low", 2, "Future", 1)} -> 3 | F5: {=_xlfn.SWITCH(C5, "Core Functionality", 5, "Configurable", 4, "Custom", 3, "Not Available", 0, "Either/Or", 0)} -> #N/A | G5: =E5*F5 -> #N/A
A6: Detect duplicate transactions | B6: High | E6: {=_xlfn.SWITCH(B6, "Critical", 5, "High", 4, "Medium", 3, "Low", 2, "Future", 1)} -> 4 | F6: {=_xlfn.SWITCH(C6, "Core Functionality", 5, "Configurable", 4, "Custom", 3, "Not Available", 0, "Either/Or", 0)} -> #N/A | G6: =E6*F6 -> #N/A
A8: 2. Reports and Analytics
A9: Create reports of discrepancies | B9: High | E9: {=_xlfn.SWITCH(B9, "Critical", 5, "High", 4, "Medium", 3, "Low", 2, "Future", 1)} -> 4 | F9: {=_xlfn.SWITCH(C9, "Core Functionality", 5, "Configurable", 4, "Custom", 3, "Not Available", 0, "Either/Or", 0)} -> #N/A | G9: =E9*F9 -> #N/A
A10: Maintain reconciliation reports | B10: High | E10: {=_xlfn.SWITCH(B10, "Critical", 5, "High", 4, "Medium", 3, "Low", 2, "Future", 1)} -> 4 | F10: {=_xlfn.SWITCH(C10, "Core Functionality", 5, "Configurable", 4, "Custom", 3, "Not Available", 0, "Either/Or", 0)} -> #N/A | G10: =E10*F10 -> #N/A
A12: 3. ZBA
A13: Automatic ZBA transactions entered in ledger | B13: High | E13: {=_xlfn.SWITCH(B13, "Critical", 5, "High", 4, "Medium", 3, "Low", 2, "Future", 1)} -> 4 | F13: {=_xlfn.SWITCH(C13, "Core Functionality", 5, "Configurable", 4, "Custom", 3, "Not Available", 0, "Either/Or", 0)} -> #N/A | G13: =E13*F13 -> #N/A
A14: Integration between bank and ERP for real-time transaction synchronization (not reconciliation) | B14: Low | E14: {=_xlfn.SWITCH(B14, "Critical", 5, "High", 4, "Medium", 3, "Low", 2, "Future", 1)} -> 2 | F14: {=_xlfn.SWITCH(C14, "Core Functionality", 5, "Configurable", 4, "Custom", 3, "Not Available", 0, "Either/Or", 0)} -> #N/A | G14: =E14*F14 -> #N/A
A16: 4. Workflows
A17: Support approval workflows | B17: Critical | E17: {=_xlfn.SWITCH(B17, "Critical", 5, "High", 4, "Medium", 3, "Low", 2, "Future", 1)} -> 5 | F17: {=_xlfn.SWITCH(C17, "Core Functionality", 5, "Configurable", 4, "Custom", 3, "Not Available", 0, "Either/Or", 0)} -> #N/A | G17: =E17*F17 -> #N/A
A18: Configurable workflow engine for approvals and notifications | B18: High | E18: {=_xlfn.SWITCH(B18, "Critical", 5, "High", 4, "Medium", 3, "Low", 2, "Future", 1)} -> 4 | F18: {=_xlfn.SWITCH(C18, "Core Functionality", 5, "Configurable", 4, "Custom", 3, "Not Available", 0, "Either/Or", 0)} -> #N/A | G18: =E18*F18 -> #N/A
A20: 5. Attachments and Links
A21: Support attachments for transactions | B21: Critical | E21: {=_xlfn.SWITCH(B21, "Critical", 5, "High", 4, "Medium", 3, "Low", 2, "Future", 1)} -> 5 | F21: {=_xlfn.SWITCH(C21, "Core Functionality", 5, "Configurable", 4, "Custom", 3, "Not Available", 0, "Either/Or", 0)} -> #N/A | G21: =E21*F21 -> #N/A
A22: Support links to related transactions | B22: High | E22: {=_xlfn.SWITCH(B22, "Critical", 5, "High", 4, "Medium", 3, "Low", 2, "Future", 1)} -> 4 | F22: {=_xlfn.SWITCH(C22, "Core Functionality", 5, "Configurable", 4, "Custom", 3, "Not Available", 0, "Either/Or", 0)} -> #N/A | G22: =E22*F22 -> #N/A

Sheet COA
A1: Chart of Accounts Requirements | B1: Priority | C1: Response | D1: Notes/Comments | G1: =SUM(G3:G34) -> #N/A
A2: 1. General
A3: GAAP compliant | B3: Critical | E3: {=_xlfn.SWITCH(B3, "Critical", 5, "High", 4, "Medium", 3, "Low", 2, "Future", 1)} -> 5 | F3: {=_xlfn.SWITCH(C3, "Core Functionality", 5, "Configurable", 4, "Custom", 3, "Not Available", 0, "Either/Or", 0)} -> #N/A | G3: =E3*F3 -> #N/A
A4: Built-in support for creating required reports: Balance Sheet, P&L, etc. | B4: High | E4: {=_xlfn.SWITCH(B4, "Critical", 5, "High", 4, "Medium", 3, "Low", 2, "Future", 1)} -> 4 | F4: {=_xlfn.SWITCH(C4, "Core Functionality", 5, "Configurable", 4, "Custom", 3, "Not Available", 0, "Either/Or", 0)} -> #N/A | G4: =E4*F4 -> #N/A
A5: Integration and posting across GL and subledgers | B5: High | E5: {=_xlfn.SWITCH(B5, "Critical", 5, "High", 4, "Medium", 3, "Low", 2, "Future", 1)} -> 4 | F5: {=_xlfn.SWITCH(C5, "Core Functionality", 5, "Configurable", 4, "Custom", 3, "Not Available", 0, "Either/Or", 0)} -> #N/A | G5: =E5*F5 -> #N/A
A6: Ability to lock and control periods and prevent posting directly to subledgers | B6: Critical | E6: {=_xlfn.SWITCH(B6, "Critical", 5, "High", 4, "Medium", 3, "Low", 2, "Future", 1)} -> 5 | F6: {=_xlfn.SWITCH(C6, "Core Functionality", 5, "Configurable", 4, "Custom", 3, "Not Available", 0, "Either/Or", 0)} -> #N/A | G6: =E6*F6 -> #N/A
A8: 2. Structure
A9: Use a flexible account numbering scheme that can be changed (instead of being fixed at setup) | B9: High | E9: {=_xlfn.SWITCH(B9, "Critical", 5, "High", 4, "Medium", 3, "Low", 2, "Future", 1)} -> 4 | F9: {=_xlfn.SWITCH(C9, "Core Functionality", 5, "Configurable", 4, "Custom", 3, "Not Available", 0, "Either/Or", 0)} -> #N/A | G9: =E9*F9 -> #N/A
A10: Ability to add, modify, or retire accounts without affecting historical data | B10: Critical | E10: {=_xlfn.SWITCH(B10, "Critical", 5, "High", 4, "Medium", 3, "Low", 2, "Future", 1)} -> 5 | F10: {=_xlfn.SWITCH(C10, "Core Functionality", 5, "Configurable", 4, "Custom", 3, "Not Available", 0, "Either/Or", 0)} -> #N/A | G10: =E10*F10 -> #N/A
A11: Does not use a string structure | B11: Medium | E11: {=_xlfn.SWITCH(B11, "Critical", 5, "High", 4, "Medium", 3, "Low", 2, "Future", 1)} -> 3 | F11: {=_xlfn.SWITCH(C11, "Core Functionality", 5, "Configurable", 4, "Custom", 3, "Not Available", 0, "Either/Or", 0)} -> #N/A | G11: =E11*F11 -> #N/A
A12: Set rules for when a segment/dimension is required or not | B12: High | E12: {=_xlfn.SWITCH(B12, "Critical", 5, "High", 4, "Medium", 3, "Low", 2, "Future", 1)} -> 4 | F12: {=_xlfn.SWITCH(C12, "Core Functionality", 5, "Configurable", 4, "Custom", 3, "Not Available", 0, "Either/Or", 0)} -> #N/A | G12: =E12*F12 -> #N/A
A13: Set up logical rules for segments/dimensions | B13: High | E13: {=_xlfn.SWITCH(B13, "Critical", 5, "High", 4, "Medium", 3, "Low", 2, "Future", 1)} -> 4 | F13: {=_xlfn.SWITCH(C13, "Core Functionality", 5, "Configurable", 4, "Custom", 3, "Not Available", 0, "Either/Or", 0)} -> #N/A | G13: =E13*F13 -> #N/A
A14: Support of subsidiary companies | B14: Medium | E14: {=_xlfn.SWITCH(B14, "Critical", 5, "High", 4, "Medium", 3, "Low", 2, "Future", 1)} -> 3 | F14: {=_xlfn.SWITCH(C14, "Core Functionality", 5, "Configurable", 4, "Custom", 3, "Not Available", 0, "Either/Or", 0)} -> #N/A | G14: =E14*F14 -> #N/A
A15: Non-profit and grant compliance (grant accounts are a segment) | B15: Medium | E15: {=_xlfn.SWITCH(B15, "Critical", 5, "High", 4, "Medium", 3, "Low", 2, "Future", 1)} -> 3 | F15: {=_xlfn.SWITCH(C15, "Core Functionality", 5, "Configurable", 4, "Custom", 3, "Not Available", 0, "Either/Or", 0)} -> #N/A | G15: =E15*F15 -> #N/A
A16: Intercompany can be set up as a segment (does not require a reclassification) | B16: Medium | E16: {=_xlfn.SWITCH(B16, "Critical", 5, "High", 4, "Medium", 3, "Low", 2, "Future", 1)} -> 3 | F16: {=_xlfn.SWITCH(C16, "Core Functionality", 5, "Configurable", 4, "Custom", 3, "Not Available", 0, "Either/Or", 0)} -> #N/A | G16: =E16*F16 -> #N/A
A17: Variable-length account numbers (not all segments are always required) | B17: High | E17: {=_xlfn.SWITCH(B17, "Critical", 5, "High", 4, "Medium", 3, "Low", 2, "Future", 1)} -> 4 | F17: {=_xlfn.SWITCH(C17, "Core Functionality", 5, "Configurable", 4, "Custom", 3, "Not Available", 0, "Either/Or", 0)} -> #N/A | G17: =E17*F17 -> #N/A
A19: 3. Attributes and Categories
A20: Predefined account categories (asset, liability, expenses, etc.) | B20: High | E20: {=_xlfn.SWITCH(B20, "Critical", 5, "High", 4, "Medium", 3, "Low", 2, "Future", 1)} -> 4 | F20: {=_xlfn.SWITCH(C20, "Core Functionality", 5, "Configurable", 4, "Custom", 3, "Not Available", 0, "Either/Or", 0)} -> #N/A | G20: =E20*F20 -> #N/A
A21: Useful account subcategories (current, operating, etc.) | B21: High | E21: {=_xlfn.SWITCH(B21, "Critical", 5, "High", 4, "Medium", 3, "Low", 2, "Future", 1)} -> 4 | F21: {=_xlfn.SWITCH(C21, "Core Functionality", 5, "Configurable", 4, "Custom", 3, "Not Available", 0, "Either/Or", 0)} -> #N/A | G21: =E21*F21 -> #N/A
A22: Support for configurable account attributes (posting vs non-posting, AR/AP tied to subledgers) | B22: High | E22: {=_xlfn.SWITCH(B22, "Critical", 5, "High", 4, "Medium", 3, "Low", 2, "Future", 1)} -> 4 | F22: {=_xlfn.SWITCH(C22, "Core Functionality", 5, "Configurable", 4, "Custom", 3, "Not Available", 0, "Either/Or", 0)} -> #N/A | G22: =E22*F22 -> #N/A
A23: Support for custom account classifications | B23: Medium | E23: {=_xlfn.SWITCH(B23, "Critical", 5, "High", 4, "Medium", 3, "Low", 2, "Future", 1)} -> 3 | F23: {=_xlfn.SWITCH(C23, "Core Functionality", 5, "Configurable", 4, "Custom", 3, "Not Available", 0, "Either/Or", 0)} -> #N/A | G23: =E23*F23 -> #N/A
A25: 4. Account Rollups
A26: Support parent-child style hierarchies (account rollups) | B26: High | E26: {=_xlfn.SWITCH(B26, "Critical", 5, "High", 4, "Medium", 3, "Low", 2, "Future", 1)} -> 4 | F26: {=_xlfn.SWITCH(C26, "Core Functionality", 5, "Configurable", 4, "Custom", 3, "Not Available", 0, "Either/Or", 0)} -> #N/A | G26: =E26*F26 -> #N/A
A27: Support aggregation for reporting (e.g., trial balance, financial statements) through multi-level rollups | B27: High | E27: {=_xlfn.SWITCH(B27, "Critical", 5, "High", 4, "Medium", 3, "Low", 2, "Future", 1)} -> 4 | F27: {=_xlfn.SWITCH(C27, "Core Functionality", 5, "Configurable", 4, "Custom", 3, "Not Available", 0, "Either/Or", 0)} -> #N/A | G27: =E27*F27 -> #N/A
A29: 5. Reporting
A30: Maintains an audit trail (standard and custom) | B30: Critical | E30: {=_xlfn.SWITCH(B30, "Critical", 5, "High", 4, "Medium", 3, "Low", 2, "Future", 1)} -> 5 | F30: {=_xlfn.SWITCH(C30, "Core Functionality", 5, "Configurable", 4, "Custom", 3, "Not Available", 0, "Either/Or", 0)} -> #N/A | G30: =E30*F30 -> #N/A
A32: 6. Workflows
A33: Support approval workflows | B33: Critical | E33: {=_xlfn.SWITCH(B33, "Critical", 5, "High", 4, "Medium", 3, "Low", 2, "Future", 1)} -> 5 | F33: {=_xlfn.SWITCH(C33, "Core Functionality", 5, "Configurable", 4, "Custom", 3, "Not Available", 0, "Either/Or", 0)} -> #N/A | G33: =E33*F33 -> #N/A
A34: Configurable workflow engine for approvals and notifications | B34: High | E34: {=_xlfn.SWITCH(B34, "Critical", 5, "High", 4, "Medium", 3, "Low", 2, "Future", 1)} -> 4 | F34: {=_xlfn.SWITCH(C34, "Core Functionality", 5, "Configurable", 4, "Custom", 3, "Not Available", 0, "Either/Or", 0)} -> #N/A | G34: =E34*F34 -> #N/A

Sheet Closing
A1: Chart of Accounts Requirements | B1: Priority | C1: Response | D1: Notes/Comments | G1: =SUM(G3:G9) -> #N/A
A2: 1. General
A3: Support month and year end equity rolls | B3: Critical | E3: {=_xlfn.SWITCH(B3, "Critical", 5, "High", 4, "Medium", 3, "Low", 2, "Future", 1)} -> 5 | F3: {=_xlfn.SWITCH(C3, "Core Functionality", 5, "Configurable", 4, "Custom", 3, "Not Available", 0, "Either/Or", 0)} -> #N/A | G3: =E3*F3 -> #N/A
A4: Support automation of a central treasury entry | B4: High | E4: {=_xlfn.SWITCH(B4, "Critical", 5, "High", 4, "Medium", 3, "Low", 2, "Future", 1)} -> 4 | F4: {=_xlfn.SWITCH(C4, "Core Functionality", 5, "Configurable", 4, "Custom", 3, "Not Available", 0, "Either/Or", 0)} -> #N/A | G4: =E4*F4 -> #N/A
A5: Support automation of due to/from entries | B5: High | E5: {=_xlfn.SWITCH(B5, "Critical", 5, "High", 4, "Medium", 3, "Low", 2, "Future", 1)} -> 4 | F5: {=_xlfn.SWITCH(C5, "Core Functionality", 5, "Configurable", 4, "Custom", 3, "Not Available", 0, "Either/Or", 0)} -> #N/A | G5: =E5*F5 -> #N/A
A6: Support automation of elimation entries | B6: High | E6: {=_xlfn.SWITCH(B6, "Critical", 5, "High", 4, "Medium", 3, "Low", 2, "Future", 1)} -> 4 | F6: {=_xlfn.SWITCH(C6, "Core Functionality", 5, "Configurable", 4, "Custom", 3, "Not Available", 0, "Either/Or", 0)} -> #N/A | G6: =E6*F6 -> #N/A
A8: 2. Workflows
A9: Support workflow for automated entries to be review and approved in batches | B9: Critical | E9: {=_xlfn.SWITCH(B9, "Critical", 5, "High", 4, "Medium", 3, "Low", 2, "Future", 1)} -> 5 | F9: {=_xlfn.SWITCH(C9, "Core Functionality", 5, "Configurable", 4, "Custom", 3, "Not Available", 0, "Either/Or", 0)} -> #N/A | G9: =E9*F9 -> #N/A

Sheet Sales Intro
A1: Sales Introduction
A3: Overview
A4: CVRF uses Dynamics GP to manage accounting functions for Corporate, CAPS, and Programs. All accounting data from CAPS and Programs ultimately is processed through Dynamics GP.
A6: Goals
A7: CVRF needs a seamless Production-to-Inventory-to-Sales-to-Accounts Receivable and Work Order-to-Accounts Receivable solution to eliminate duplicate efforts, facilitate automation, and ensure accuracy and compliance. CVRF needs a single source of truth for sales, inventory, and customer data. A single solution is not necessary, but there must be demonstrable connectivity or integration with 3rd-party applications that can better meet CVRF requirements. CVRF is interested in all the functionality of your offering, but wants the option to find best-in-class modules or applications.
A9: CAPS
A10: Although CAPS uses SalesPad and Excel Workbooks to manage saleable inventory, sales orders, and shipments, all Accounts Receivable activities are performed in Dynamics GP A/R module. CAPS also uses emails and phone calls to manage customer relationships, not a traditional CRM. Many records for sales (contracts, emails, Excel Workbooks) are stored on a shared network drive. CAPS does not have a large number of customers and a traditional CRM may be too heavy; however, some functionality of a CRM may be useful.
A12: Programs
A13: The Mechanic/Welder shops do not use an electronic system to manage sales, stock, standard work orders, or timekeeping against a work order. Much of the data is managed in Excel Workbooks, including work orders, inventory, gift certificates, and payments. Some Work Order data is captured through an online portal, and there is a custom light-weight application being developed to more closely manage Mechanic/Welder shop revenue. An electronic, integrated system is wanted for the Mechanic/Welder shops, but it must be accessible and friendly for workers who want to concentrate on work, not paperwork. Because the Mechanic/Welder shops are not a major revenue generator, the solution needs to be economical and easy to set up and maintain. A solution for the Mechanic/Welder shop operations is not a requirement, but the core ERP system must have some mechanism to absorb or import sales and revenue data from the Mechanic/Welder shops.
A14: Programs also uses a custom CRM ("Custom CRM" herein) to manage residency status and participation in programs, these activities currently feed into GP in some instances to allow for reduction in manual data entry. Being able to maintian this workflow is important to the team. The programs department is working toward the acquisition of more grant funding. Currently all grant reporting and compliance management are done utilizing excel workbooks.
A16: Corporate
A17: CVRF Corporate also generates some revenue through rents, moorage, tendering, and leased quota royalties. Rent schedules and ammendments are handeled with excel spreadsheets but greater lease accounting compliance through automation would be of interest. Additionally leased quota is not covered by ASC 842 but is covered by ASC 606. Leased quotas work into complex calculations for revenue generation, fess and taxes payable, and crew earnings. CVRF Corporate accountants handle these receivables and all transactions from the Mechanic/Welder shops.

Sheet CRM
A1: CRM Requirements | B1: Priority | C1: Response | D1: Notes/Comments | G1: =SUM(G3:G22) -> #N/A
A2: 1. Core Entities & Data Requirements
A3: Light-weight CRM for up to 30 customers (see "Sales" tab) | B3: High | E3: {=_xlfn.SWITCH(B3, "Critical", 5, "High", 4, "Medium", 3, "Low", 2, "Future", 1)} -> 4 | F3: {=_xlfn.SWITCH(C3, "Core Functionality", 5, "Configurable", 4, "Custom", 3, "Not Available", 0, "Either/Or", 0)} -> #N/A | G3: =E3*F3 -> #N/A
A4: Establish required fields | B4: High | E4: {=_xlfn.SWITCH(B4, "Critical", 5, "High", 4, "Medium", 3, "Low", 2, "Future", 1)} -> 4 | F4: {=_xlfn.SWITCH(C4, "Core Functionality", 5, "Configurable", 4, "Custom", 3, "Not Available", 0, "Either/Or", 0)} -> #N/A | G4: =E4*F4 -> #N/A
A6: 2. Functional Requirements
A7: Light-weight functionality to track and store customer interactions for negotiations, sales contracts, order requests, returns, etc. | B7: Medium | E7: {=_xlfn.SWITCH(B7, "Critical", 5, "High", 4, "Medium", 3, "Low", 2, "Future", 1)} -> 3 | F7: {=_xlfn.SWITCH(C7, "Core Functionality", 5, "Configurable", 4, "Custom", 3, "Not Available", 0, "Either/Or", 0)} -> #N/A | G7: =E7*F7 -> #N/A
A8: Integration with Sales and AR for pricing, customer locations, and other contract terms. | B8: Medium | E8: {=_xlfn.SWITCH(B8, "Critical", 5, "High", 4, "Medium", 3, "Low", 2, "Future", 1)} -> 3 | F8: {=_xlfn.SWITCH(C8, "Core Functionality", 5, "Configurable", 4, "Custom", 3, "Not Available", 0, "Either/Or", 0)} -> #N/A | G8: =E8*F8 -> #N/A
A9: Analyze customer interactions to generate notifications for customer follow-ups | B9: Medium | E9: {=_xlfn.SWITCH(B9, "Critical", 5, "High", 4, "Medium", 3, "Low", 2, "Future", 1)} -> 3 | F9: {=_xlfn.SWITCH(C9, "Core Functionality", 5, "Configurable", 4, "Custom", 3, "Not Available", 0, "Either/Or", 0)} -> #N/A | G9: =E9*F9 -> #N/A
A10: Integrate with Outlook, Teams, etc. to import email, generate email, create meeting requests, etc. | B10: Medium | E10: {=_xlfn.SWITCH(B10, "Critical", 5, "High", 4, "Medium", 3, "Low", 2, "Future", 1)} -> 3 | F10: {=_xlfn.SWITCH(C10, "Core Functionality", 5, "Configurable", 4, "Custom", 3, "Not Available", 0, "Either/Or", 0)} -> #N/A | G10: =E10*F10 -> #N/A
A11: Integrate with Sales and AR modules to facilitate populating AR Invoice, Sales Orders, etc. | B11: Medium | E11: {=_xlfn.SWITCH(B11, "Critical", 5, "High", 4, "Medium", 3, "Low", 2, "Future", 1)} -> 3 | F11: {=_xlfn.SWITCH(C11, "Core Functionality", 5, "Configurable", 4, "Custom", 3, "Not Available", 0, "Either/Or", 0)} -> #N/A | G11: =E11*F11 -> #N/A
A13: 3. Workflows
A14: Support approval workflows | B14: Critical | E14: {=_xlfn.SWITCH(B14, "Critical", 5, "High", 4, "Medium", 3, "Low", 2, "Future", 1)} -> 5 | F14: {=_xlfn.SWITCH(C14, "Core Functionality", 5, "Configurable", 4, "Custom", 3, "Not Available", 0, "Either/Or", 0)} -> #N/A | G14: =E14*F14 -> #N/A
A15: Configurable workflow engine for approvals and notifications | B15: High | E15: {=_xlfn.SWITCH(B15, "Critical", 5, "High", 4, "Medium", 3, "Low", 2, "Future", 1)} -> 4 | F15: {=_xlfn.SWITCH(C15, "Core Functionality", 5, "Configurable", 4, "Custom", 3, "Not Available", 0, "Either/Or", 0)} -> #N/A | G15: =E15*F15 -> #N/A
A17: 4. Attachments
A18: Support attachments for interactions | B18: Critical | E18: {=_xlfn.SWITCH(B18, "Critical", 5, "High", 4, "Medium", 3, "Low", 2, "Future", 1)} -> 5 | F18: {=_xlfn.SWITCH(C18, "Core Functionality", 5, "Configurable", 4, "Custom", 3, "Not Available", 0, "Either/Or", 0)} -> #N/A | G18: =E18*F18 -> #N/A
A19: Support links to related interactions | B19: High | E19: {=_xlfn.SWITCH(B19, "Critical", 5, "High", 4, "Medium", 3, "Low", 2, "Future", 1)} -> 4 | F19: {=_xlfn.SWITCH(C19, "Core Functionality", 5, "Configurable", 4, "Custom", 3, "Not Available", 0, "Either/Or", 0)} -> #N/A | G19: =E19*F19 -> #N/A
A21: 5. Data
A22: Support data fields and structures to migrate required data from TeroMarine and Dynamics GP | B22: High | E22: {=_xlfn.SWITCH(B22, "Critical", 5, "High", 4, "Medium", 3, "Low", 2, "Future", 1)} -> 4 | F22: {=_xlfn.SWITCH(C22, "Core Functionality", 5, "Configurable", 4, "Custom", 3, "Not Available", 0, "Either/Or", 0)} -> #N/A | G22: =E22*F22 -> #N/A

Sheet Sales
A1: Sales Requirements | B1: Priority | C1: Response | D1: Notes/Comments | G1: =SUM(G3:G125) -> #N/A
A2: 1. Customer & Contract Management
A3: Maintain customer master data (buyers, wholesalers, distributors, shipping details, premiums, terms, etc.) | B3: High | E3: {=_xlfn.SWITCH(B3, "Critical", 5, "High", 4, "Medium", 3, "Low", 2, "Future", 1)} -> 4 | F3: {=_xlfn.SWITCH(C3, "Core Functionality", 5, "Configurable", 4, "Custom", 3, "Not Available", 0, "Either/Or", 0)} -> #N/A | G3: =E3*F3 -> #N/A
A4: Maintain pre-negotiated contract details (pricing, volume commitments, duration, terms, etc.) | B4: High | E4: {=_xlfn.SWITCH(B4, "Critical", 5, "High", 4, "Medium", 3, "Low", 2, "Future", 1)} -> 4 | F4: {=_xlfn.SWITCH(C4, "Core Functionality", 5, "Configurable", 4, "Custom", 3, "Not Available", 0, "Either/Or", 0)} -> #N/A | G4: =E4*F4 -> #N/A
A5: Store contract terms, including payment terms, credit limits, preferential ranking, etc. | B5: High | E5: {=_xlfn.SWITCH(B5, "Critical", 5, "High", 4, "Medium", 3, "Low", 2, "Future", 1)} -> 4 | F5: {=_xlfn.SWITCH(C5, "Core Functionality", 5, "Configurable", 4, "Custom", 3, "Not Available", 0, "Either/Or", 0)} -> #N/A | G5: =E5*F5 -> #N/A
A6: Manage customer hierarchy (parent/child accounts, multiple locations) | B6: High | E6: {=_xlfn.SWITCH(B6, "Critical", 5, "High", 4, "Medium", 3, "Low", 2, "Future", 1)} -> 4 | F6: {=_xlfn.SWITCH(C6, "Core Functionality", 5, "Configurable", 4, "Custom", 3, "Not Available", 0, "Either/Or", 0)} -> #N/A | G6: =E6*F6 -> #N/A
A7: Track contract utilization | B7: Low | E7: {=_xlfn.SWITCH(B7, "Critical", 5, "High", 4, "Medium", 3, "Low", 2, "Future", 1)} -> 2 | F7: {=_xlfn.SWITCH(C7, "Core Functionality", 5, "Configurable", 4, "Custom", 3, "Not Available", 0, "Either/Or", 0)} -> #N/A | G7: =E7*F7 -> #N/A
A8: Support priority customer rules (premium prices, volume terms, etc.) | B8: Medium | E8: {=_xlfn.SWITCH(B8, "Critical", 5, "High", 4, "Medium", 3, "Low", 2, "Future", 1)} -> 3 | F8: {=_xlfn.SWITCH(C8, "Core Functionality", 5, "Configurable", 4, "Custom", 3, "Not Available", 0, "Either/Or", 0)} -> #N/A | G8: =E8*F8 -> #N/A
A9: Support integration of importation of data from spot roe auctions | B9: Medium | E9: {=_xlfn.SWITCH(B9, "Critical", 5, "High", 4, "Medium", 3, "Low", 2, "Future", 1)} -> 3 | F9: {=_xlfn.SWITCH(C9, "Core Functionality", 5, "Configurable", 4, "Custom", 3, "Not Available", 0, "Either/Or", 0)} -> #N/A | G9: =E9*F9 -> #N/A
A10: Support importation of data from existing customer data Excel Workbooks | B10: Medium | E10: {=_xlfn.SWITCH(B10, "Critical", 5, "High", 4, "Medium", 3, "Low", 2, "Future", 1)} -> 3 | F10: {=_xlfn.SWITCH(C10, "Core Functionality", 5, "Configurable", 4, "Custom", 3, "Not Available", 0, "Either/Or", 0)} -> #N/A | G10: =E10*F10 -> #N/A
A11: Establish required fields | B11: High | E11: {=_xlfn.SWITCH(B11, "Critical", 5, "High", 4, "Medium", 3, "Low", 2, "Future", 1)} -> 4 | F11: {=_xlfn.SWITCH(C11, "Core Functionality", 5, "Configurable", 4, "Custom", 3, "Not Available", 0, "Either/Or", 0)} -> #N/A | G11: =E11*F11 -> #N/A
A12: Light-weight customer portal where prospective or current customers can view, add, or update customer master data (subject to approval) | B12: Medium | E12: {=_xlfn.SWITCH(B12, "Critical", 5, "High", 4, "Medium", 3, "Low", 2, "Future", 1)} -> 3 | F12: {=_xlfn.SWITCH(C12, "Core Functionality", 5, "Configurable", 4, "Custom", 3, "Not Available", 0, "Either/Or", 0)} -> #N/A | G12: =E12*F12 -> #N/A
A13: Support OCR for processing contracts | B13: High | E13: {=_xlfn.SWITCH(B13, "Critical", 5, "High", 4, "Medium", 3, "Low", 2, "Future", 1)} -> 4 | F13: {=_xlfn.SWITCH(C13, "Core Functionality", 5, "Configurable", 4, "Custom", 3, "Not Available", 0, "Either/Or", 0)} -> #N/A | G13: =E13*F13 -> #N/A
A14: Support import or access to customer data in sales, inventory, roe auctions, etc. Workbooks | B14: Medium | E14: {=_xlfn.SWITCH(B14, "Critical", 5, "High", 4, "Medium", 3, "Low", 2, "Future", 1)} -> 3 | F14: {=_xlfn.SWITCH(C14, "Core Functionality", 5, "Configurable", 4, "Custom", 3, "Not Available", 0, "Either/Or", 0)} -> #N/A | G14: =E14*F14 -> #N/A
A16: 2. Order Management
A17: Support standing and recurring orders | B17: High | E17: {=_xlfn.SWITCH(B17, "Critical", 5, "High", 4, "Medium", 3, "Low", 2, "Future", 1)} -> 4 | F17: {=_xlfn.SWITCH(C17, "Core Functionality", 5, "Configurable", 4, "Custom", 3, "Not Available", 0, "Either/Or", 0)} -> #N/A | G17: =E17*F17 -> #N/A
A18: Establish required fields | B18: High | E18: {=_xlfn.SWITCH(B18, "Critical", 5, "High", 4, "Medium", 3, "Low", 2, "Future", 1)} -> 4 | F18: {=_xlfn.SWITCH(C18, "Core Functionality", 5, "Configurable", 4, "Custom", 3, "Not Available", 0, "Either/Or", 0)} -> #N/A | G18: =E18*F18 -> #N/A
A19: Allow partial fulfillment and track partial shipments | B19: High | E19: {=_xlfn.SWITCH(B19, "Critical", 5, "High", 4, "Medium", 3, "Low", 2, "Future", 1)} -> 4 | F19: {=_xlfn.SWITCH(C19, "Core Functionality", 5, "Configurable", 4, "Custom", 3, "Not Available", 0, "Either/Or", 0)} -> #N/A | G19: =E19*F19 -> #N/A
A20: Track order status (confirmed, allocated, packed, shipped, delivered) | B20: High | E20: {=_xlfn.SWITCH(B20, "Critical", 5, "High", 4, "Medium", 3, "Low", 2, "Future", 1)} -> 4 | F20: {=_xlfn.SWITCH(C20, "Core Functionality", 5, "Configurable", 4, "Custom", 3, "Not Available", 0, "Either/Or", 0)} -> #N/A | G20: =E20*F20 -> #N/A
A21: Recommend orders fulfillment based on contracts, priority customer rules | B21: Medium | E21: {=_xlfn.SWITCH(B21, "Critical", 5, "High", 4, "Medium", 3, "Low", 2, "Future", 1)} -> 3 | F21: {=_xlfn.SWITCH(C21, "Core Functionality", 5, "Configurable", 4, "Custom", 3, "Not Available", 0, "Either/Or", 0)} -> #N/A | G21: =E21*F21 -> #N/A
A22: Light-weight customer portal where customers can submit a purchase request, and then view the status of the purhase | B22: Medium | E22: {=_xlfn.SWITCH(B22, "Critical", 5, "High", 4, "Medium", 3, "Low", 2, "Future", 1)} -> 3 | F22: {=_xlfn.SWITCH(C22, "Core Functionality", 5, "Configurable", 4, "Custom", 3, "Not Available", 0, "Either/Or", 0)} -> #N/A | G22: =E22*F22 -> #N/A
A23: Purchase requests from the customer portal will create a notification or purchase request in the ERP system | B23: Medium | E23: {=_xlfn.SWITCH(B23, "Critical", 5, "High", 4, "Medium", 3, "Low", 2, "Future", 1)} -> 3 | F23: {=_xlfn.SWITCH(C23, "Core Functionality", 5, "Configurable", 4, "Custom", 3, "Not Available", 0, "Either/Or", 0)} -> #N/A | G23: =E23*F23 -> #N/A
A24: Support OCR for processing emailed orders | B24: High | E24: {=_xlfn.SWITCH(B24, "Critical", 5, "High", 4, "Medium", 3, "Low", 2, "Future", 1)} -> 4 | F24: {=_xlfn.SWITCH(C24, "Core Functionality", 5, "Configurable", 4, "Custom", 3, "Not Available", 0, "Either/Or", 0)} -> #N/A | G24: =E24*F24 -> #N/A
A26: 3. Allocation & Availability
A27: Recommend allocation based on contracts and priority customer rules | B27: Medium | E27: {=_xlfn.SWITCH(B27, "Critical", 5, "High", 4, "Medium", 3, "Low", 2, "Future", 1)} -> 3 | F27: {=_xlfn.SWITCH(C27, "Core Functionality", 5, "Configurable", 4, "Custom", 3, "Not Available", 0, "Either/Or", 0)} -> #N/A | G27: =E27*F27 -> #N/A
A28: Display real-time availability categorized by species, quality, finished product | B28: High | E28: {=_xlfn.SWITCH(B28, "Critical", 5, "High", 4, "Medium", 3, "Low", 2, "Future", 1)} -> 4 | F28: {=_xlfn.SWITCH(C28, "Core Functionality", 5, "Configurable", 4, "Custom", 3, "Not Available", 0, "Either/Or", 0)} -> #N/A | G28: =E28*F28 -> #N/A
A29: Allow manual overrides based on roles | B29: High | E29: {=_xlfn.SWITCH(B29, "Critical", 5, "High", 4, "Medium", 3, "Low", 2, "Future", 1)} -> 4 | F29: {=_xlfn.SWITCH(C29, "Core Functionality", 5, "Configurable", 4, "Custom", 3, "Not Available", 0, "Either/Or", 0)} -> #N/A | G29: =E29*F29 -> #N/A
A30: Light-weight customer portal where customers can see real-time data on available inventory, possible incoming inventory, including upcoming roe spot auctions | B30: Medium | E30: {=_xlfn.SWITCH(B30, "Critical", 5, "High", 4, "Medium", 3, "Low", 2, "Future", 1)} -> 3 | F30: {=_xlfn.SWITCH(C30, "Core Functionality", 5, "Configurable", 4, "Custom", 3, "Not Available", 0, "Either/Or", 0)} -> #N/A | G30: =E30*F30 -> #N/A
A32: 4. Pricing Management
A33: Maintain contract pricing history | B33: High | E33: {=_xlfn.SWITCH(B33, "Critical", 5, "High", 4, "Medium", 3, "Low", 2, "Future", 1)} -> 4 | F33: {=_xlfn.SWITCH(C33, "Core Functionality", 5, "Configurable", 4, "Custom", 3, "Not Available", 0, "Either/Or", 0)} -> #N/A | G33: =E33*F33 -> #N/A
A34: Support tiered pricing for volume | B34: High | E34: {=_xlfn.SWITCH(B34, "Critical", 5, "High", 4, "Medium", 3, "Low", 2, "Future", 1)} -> 4 | F34: {=_xlfn.SWITCH(C34, "Core Functionality", 5, "Configurable", 4, "Custom", 3, "Not Available", 0, "Either/Or", 0)} -> #N/A | G34: =E34*F34 -> #N/A
A35: Handle adjustments for quality and market changes | B35: High | E35: {=_xlfn.SWITCH(B35, "Critical", 5, "High", 4, "Medium", 3, "Low", 2, "Future", 1)} -> 4 | F35: {=_xlfn.SWITCH(C35, "Core Functionality", 5, "Configurable", 4, "Custom", 3, "Not Available", 0, "Either/Or", 0)} -> #N/A | G35: =E35*F35 -> #N/A
A36: Track pricing performance (contracted vs realized) | B36: High | E36: {=_xlfn.SWITCH(B36, "Critical", 5, "High", 4, "Medium", 3, "Low", 2, "Future", 1)} -> 4 | F36: {=_xlfn.SWITCH(C36, "Core Functionality", 5, "Configurable", 4, "Custom", 3, "Not Available", 0, "Either/Or", 0)} -> #N/A | G36: =E36*F36 -> #N/A
A37: Light-weight customer portal where customers can see pricing on available inventory | B37: Medium | E37: {=_xlfn.SWITCH(B37, "Critical", 5, "High", 4, "Medium", 3, "Low", 2, "Future", 1)} -> 3 | F37: {=_xlfn.SWITCH(C37, "Core Functionality", 5, "Configurable", 4, "Custom", 3, "Not Available", 0, "Either/Or", 0)} -> #N/A | G37: =E37*F37 -> #N/A
A39: 5. Product Management
A40: Manage species, grade, size attributes | B40: High | E40: {=_xlfn.SWITCH(B40, "Critical", 5, "High", 4, "Medium", 3, "Low", 2, "Future", 1)} -> 4 | F40: {=_xlfn.SWITCH(C40, "Core Functionality", 5, "Configurable", 4, "Custom", 3, "Not Available", 0, "Either/Or", 0)} -> #N/A | G40: =E40*F40 -> #N/A
A41: Support multiple pack configurations | B41: High | E41: {=_xlfn.SWITCH(B41, "Critical", 5, "High", 4, "Medium", 3, "Low", 2, "Future", 1)} -> 4 | F41: {=_xlfn.SWITCH(C41, "Core Functionality", 5, "Configurable", 4, "Custom", 3, "Not Available", 0, "Either/Or", 0)} -> #N/A | G41: =E41*F41 -> #N/A
A42: Support complex combinations like species + grade + pack style | B42: High | E42: {=_xlfn.SWITCH(B42, "Critical", 5, "High", 4, "Medium", 3, "Low", 2, "Future", 1)} -> 4 | F42: {=_xlfn.SWITCH(C42, "Core Functionality", 5, "Configurable", 4, "Custom", 3, "Not Available", 0, "Either/Or", 0)} -> #N/A | G42: =E42*F42 -> #N/A
A43: Support split orders | B43: High | E43: {=_xlfn.SWITCH(B43, "Critical", 5, "High", 4, "Medium", 3, "Low", 2, "Future", 1)} -> 4 | F43: {=_xlfn.SWITCH(C43, "Core Functionality", 5, "Configurable", 4, "Custom", 3, "Not Available", 0, "Either/Or", 0)} -> #N/A | G43: =E43*F43 -> #N/A
A44: Link attributes to pricing and contracts | B44: Medium | E44: {=_xlfn.SWITCH(B44, "Critical", 5, "High", 4, "Medium", 3, "Low", 2, "Future", 1)} -> 3 | F44: {=_xlfn.SWITCH(C44, "Core Functionality", 5, "Configurable", 4, "Custom", 3, "Not Available", 0, "Either/Or", 0)} -> #N/A | G44: =E44*F44 -> #N/A
A45: Ability to use CDQ and IFQ allocations to project inventory and availability dates (import or access data currently stored in Excel Worksheets) | B45: Medium | E45: {=_xlfn.SWITCH(B45, "Critical", 5, "High", 4, "Medium", 3, "Low", 2, "Future", 1)} -> 3 | F45: {=_xlfn.SWITCH(C45, "Core Functionality", 5, "Configurable", 4, "Custom", 3, "Not Available", 0, "Either/Or", 0)} -> #N/A | G45: =E45*F45 -> #N/A
A46: Light-weight customer portal where customers can see real-time data on available inventory, possible incoming inventory | B46: Medium | E46: {=_xlfn.SWITCH(B46, "Critical", 5, "High", 4, "Medium", 3, "Low", 2, "Future", 1)} -> 3 | F46: {=_xlfn.SWITCH(C46, "Core Functionality", 5, "Configurable", 4, "Custom", 3, "Not Available", 0, "Either/Or", 0)} -> #N/A | G46: =E46*F46 -> #N/A
A47: Support OCR for processing eLandings and Sea State, Inc. reports | B47: High | E47: {=_xlfn.SWITCH(B47, "Critical", 5, "High", 4, "Medium", 3, "Low", 2, "Future", 1)} -> 4 | F47: {=_xlfn.SWITCH(C47, "Core Functionality", 5, "Configurable", 4, "Custom", 3, "Not Available", 0, "Either/Or", 0)} -> #N/A | G47: =E47*F47 -> #N/A
A49: 6. Order Fulfillment
A50: Use Daily Production Reports, eLandings/Sea State, Inc. data, and CDQ and IFQ data to recommend order fulfillment and logistics | B50: Medium | E50: {=_xlfn.SWITCH(B50, "Critical", 5, "High", 4, "Medium", 3, "Low", 2, "Future", 1)} -> 3 | F50: {=_xlfn.SWITCH(C50, "Core Functionality", 5, "Configurable", 4, "Custom", 3, "Not Available", 0, "Either/Or", 0)} -> #N/A | G50: =E50*F50 -> #N/A
A51: Common interface for production, inventory, shipping, sales | B51: High | E51: {=_xlfn.SWITCH(B51, "Critical", 5, "High", 4, "Medium", 3, "Low", 2, "Future", 1)} -> 4 | F51: {=_xlfn.SWITCH(C51, "Core Functionality", 5, "Configurable", 4, "Custom", 3, "Not Available", 0, "Either/Or", 0)} -> #N/A | G51: =E51*F51 -> #N/A
A52: Specific support for rapid fulfillment of perishable goods | B52: High | E52: {=_xlfn.SWITCH(B52, "Critical", 5, "High", 4, "Medium", 3, "Low", 2, "Future", 1)} -> 4 | F52: {=_xlfn.SWITCH(C52, "Core Functionality", 5, "Configurable", 4, "Custom", 3, "Not Available", 0, "Either/Or", 0)} -> #N/A | G52: =E52*F52 -> #N/A
A53: Support cross-dock shipping (offload-to-onload with no storage) | B53: High | E53: {=_xlfn.SWITCH(B53, "Critical", 5, "High", 4, "Medium", 3, "Low", 2, "Future", 1)} -> 4 | F53: {=_xlfn.SWITCH(C53, "Core Functionality", 5, "Configurable", 4, "Custom", 3, "Not Available", 0, "Either/Or", 0)} -> #N/A | G53: =E53*F53 -> #N/A
A54: Support order fulfillment from cold storage stock | B54: High | E54: {=_xlfn.SWITCH(B54, "Critical", 5, "High", 4, "Medium", 3, "Low", 2, "Future", 1)} -> 4 | F54: {=_xlfn.SWITCH(C54, "Core Functionality", 5, "Configurable", 4, "Custom", 3, "Not Available", 0, "Either/Or", 0)} -> #N/A | G54: =E54*F54 -> #N/A
A55: Integrate with Logistics to generate shipping documents, pick lists, Bill of Materials, etc. | B55: Medium | E55: {=_xlfn.SWITCH(B55, "Critical", 5, "High", 4, "Medium", 3, "Low", 2, "Future", 1)} -> 3 | F55: {=_xlfn.SWITCH(C55, "Core Functionality", 5, "Configurable", 4, "Custom", 3, "Not Available", 0, "Either/Or", 0)} -> #N/A | G55: =E55*F55 -> #N/A
A56: Allow notifications for credit limits, violations of shipping terms, etc. | B56: Medium | E56: {=_xlfn.SWITCH(B56, "Critical", 5, "High", 4, "Medium", 3, "Low", 2, "Future", 1)} -> 3 | F56: {=_xlfn.SWITCH(C56, "Core Functionality", 5, "Configurable", 4, "Custom", 3, "Not Available", 0, "Either/Or", 0)} -> #N/A | G56: =E56*F56 -> #N/A
A57: Coordinate with freight forwarding for secondary import/export documents | B57: Medium | E57: {=_xlfn.SWITCH(B57, "Critical", 5, "High", 4, "Medium", 3, "Low", 2, "Future", 1)} -> 3 | F57: {=_xlfn.SWITCH(C57, "Core Functionality", 5, "Configurable", 4, "Custom", 3, "Not Available", 0, "Either/Or", 0)} -> #N/A | G57: =E57*F57 -> #N/A
A58: Light-weight customer portal where customers can view the status of orders | B58: Medium | E58: {=_xlfn.SWITCH(B58, "Critical", 5, "High", 4, "Medium", 3, "Low", 2, "Future", 1)} -> 3 | F58: {=_xlfn.SWITCH(C58, "Core Functionality", 5, "Configurable", 4, "Custom", 3, "Not Available", 0, "Either/Or", 0)} -> #N/A | G58: =E58*F58 -> #N/A
A59: Support OCR for processing eLandings and Sea State, Inc. reports | B59: High | E59: {=_xlfn.SWITCH(B59, "Critical", 5, "High", 4, "Medium", 3, "Low", 2, "Future", 1)} -> 4 | F59: {=_xlfn.SWITCH(C59, "Core Functionality", 5, "Configurable", 4, "Custom", 3, "Not Available", 0, "Either/Or", 0)} -> #N/A | G59: =E59*F59 -> #N/A
A61: 7. Logistics
A62: Recommend shipment schedules based on anticipated offload dates | B62: High | E62: {=_xlfn.SWITCH(B62, "Critical", 5, "High", 4, "Medium", 3, "Low", 2, "Future", 1)} -> 4 | F62: {=_xlfn.SWITCH(C62, "Core Functionality", 5, "Configurable", 4, "Custom", 3, "Not Available", 0, "Either/Or", 0)} -> #N/A | G62: =E62*F62 -> #N/A
A63: Optimize delivery routes, including consolidated shipping in Seattle | B63: High | E63: {=_xlfn.SWITCH(B63, "Critical", 5, "High", 4, "Medium", 3, "Low", 2, "Future", 1)} -> 4 | F63: {=_xlfn.SWITCH(C63, "Core Functionality", 5, "Configurable", 4, "Custom", 3, "Not Available", 0, "Either/Or", 0)} -> #N/A | G63: =E63*F63 -> #N/A
A64: Track delivery status | B64: High | E64: {=_xlfn.SWITCH(B64, "Critical", 5, "High", 4, "Medium", 3, "Low", 2, "Future", 1)} -> 4 | F64: {=_xlfn.SWITCH(C64, "Core Functionality", 5, "Configurable", 4, "Custom", 3, "Not Available", 0, "Either/Or", 0)} -> #N/A | G64: =E64*F64 -> #N/A
A65: Track delivery locations (vessel, GPS coordinates, etc.) | B65: Medium | E65: {=_xlfn.SWITCH(B65, "Critical", 5, "High", 4, "Medium", 3, "Low", 2, "Future", 1)} -> 3 | F65: {=_xlfn.SWITCH(C65, "Core Functionality", 5, "Configurable", 4, "Custom", 3, "Not Available", 0, "Either/Or", 0)} -> #N/A | G65: =E65*F65 -> #N/A
A66: Support inventory deduction upon shipment | B66: High | E66: {=_xlfn.SWITCH(B66, "Critical", 5, "High", 4, "Medium", 3, "Low", 2, "Future", 1)} -> 4 | F66: {=_xlfn.SWITCH(C66, "Core Functionality", 5, "Configurable", 4, "Custom", 3, "Not Available", 0, "Either/Or", 0)} -> #N/A | G66: =E66*F66 -> #N/A
A67: Support inventory deduction upon acceptance (maintain stock during shipment; inventory deducts on transfer of title) | B67: High | E67: {=_xlfn.SWITCH(B67, "Critical", 5, "High", 4, "Medium", 3, "Low", 2, "Future", 1)} -> 4 | F67: {=_xlfn.SWITCH(C67, "Core Functionality", 5, "Configurable", 4, "Custom", 3, "Not Available", 0, "Either/Or", 0)} -> #N/A | G67: =E67*F67 -> #N/A
A68: Light-weight customer portal where customers can see the status of order shipping, but not necessarily the current location of the shipment | B68: Medium | E68: {=_xlfn.SWITCH(B68, "Critical", 5, "High", 4, "Medium", 3, "Low", 2, "Future", 1)} -> 3 | F68: {=_xlfn.SWITCH(C68, "Core Functionality", 5, "Configurable", 4, "Custom", 3, "Not Available", 0, "Either/Or", 0)} -> #N/A | G68: =E68*F68 -> #N/A
A70: 8. Billing & Invoicing
A71: Create AR Invoices from Sales Orders | B71: High | E71: {=_xlfn.SWITCH(B71, "Critical", 5, "High", 4, "Medium", 3, "Low", 2, "Future", 1)} -> 4 | F71: {=_xlfn.SWITCH(C71, "Core Functionality", 5, "Configurable", 4, "Custom", 3, "Not Available", 0, "Either/Or", 0)} -> #N/A | G71: =E71*F71 -> #N/A
A72: Support creation of AR Invoices from contracts (for rent, royalties, tendering, species, grade, etc.) | B72: Medium | E72: {=_xlfn.SWITCH(B72, "Critical", 5, "High", 4, "Medium", 3, "Low", 2, "Future", 1)} -> 3 | F72: {=_xlfn.SWITCH(C72, "Core Functionality", 5, "Configurable", 4, "Custom", 3, "Not Available", 0, "Either/Or", 0)} -> #N/A | G72: =E72*F72 -> #N/A
A73: Support creating invoice without having to create a Sales Order (that is, create invoicing from contracts) | B73: High | E73: {=_xlfn.SWITCH(B73, "Critical", 5, "High", 4, "Medium", 3, "Low", 2, "Future", 1)} -> 4 | F73: {=_xlfn.SWITCH(C73, "Core Functionality", 5, "Configurable", 4, "Custom", 3, "Not Available", 0, "Either/Or", 0)} -> #N/A | G73: =E73*F73 -> #N/A
A74: Create AR Invoice for partial Sales Order or contract fulfillment | B74: High | E74: {=_xlfn.SWITCH(B74, "Critical", 5, "High", 4, "Medium", 3, "Low", 2, "Future", 1)} -> 4 | F74: {=_xlfn.SWITCH(C74, "Core Functionality", 5, "Configurable", 4, "Custom", 3, "Not Available", 0, "Either/Or", 0)} -> #N/A | G74: =E74*F74 -> #N/A
A75: Support multiple invoice templates (AR, credit, debit, by species, etc.) | B75: Medium | E75: {=_xlfn.SWITCH(B75, "Critical", 5, "High", 4, "Medium", 3, "Low", 2, "Future", 1)} -> 3 | F75: {=_xlfn.SWITCH(C75, "Core Functionality", 5, "Configurable", 4, "Custom", 3, "Not Available", 0, "Either/Or", 0)} -> #N/A | G75: =E75*F75 -> #N/A
A76: Establish required fields | B76: High | E76: {=_xlfn.SWITCH(B76, "Critical", 5, "High", 4, "Medium", 3, "Low", 2, "Future", 1)} -> 4 | F76: {=_xlfn.SWITCH(C76, "Core Functionality", 5, "Configurable", 4, "Custom", 3, "Not Available", 0, "Either/Or", 0)} -> #N/A | G76: =E76*F76 -> #N/A
A77: Automatic invoice pricing based on shipped quantities, grade, species, ETA | B77: High | E77: {=_xlfn.SWITCH(B77, "Critical", 5, "High", 4, "Medium", 3, "Low", 2, "Future", 1)} -> 4 | F77: {=_xlfn.SWITCH(C77, "Core Functionality", 5, "Configurable", 4, "Custom", 3, "Not Available", 0, "Either/Or", 0)} -> #N/A | G77: =E77*F77 -> #N/A
A78: Populate pricing, terms, taxes, currency conversion based on customer | B78: High | E78: {=_xlfn.SWITCH(B78, "Critical", 5, "High", 4, "Medium", 3, "Low", 2, "Future", 1)} -> 4 | F78: {=_xlfn.SWITCH(C78, "Core Functionality", 5, "Configurable", 4, "Custom", 3, "Not Available", 0, "Either/Or", 0)} -> #N/A | G78: =E78*F78 -> #N/A
A79: Allow notifications for credit limits, violations of shipping terms, etc. | B79: Medium | E79: {=_xlfn.SWITCH(B79, "Critical", 5, "High", 4, "Medium", 3, "Low", 2, "Future", 1)} -> 3 | F79: {=_xlfn.SWITCH(C79, "Core Functionality", 5, "Configurable", 4, "Custom", 3, "Not Available", 0, "Either/Or", 0)} -> #N/A | G79: =E79*F79 -> #N/A
A80: Integration of contractual pricing and invoicing for verification of pricing | B80: High | E80: {=_xlfn.SWITCH(B80, "Critical", 5, "High", 4, "Medium", 3, "Low", 2, "Future", 1)} -> 4 | F80: {=_xlfn.SWITCH(C80, "Core Functionality", 5, "Configurable", 4, "Custom", 3, "Not Available", 0, "Either/Or", 0)} -> #N/A | G80: =E80*F80 -> #N/A
A81: Support partial fulfillment of orders | B81: High | E81: {=_xlfn.SWITCH(B81, "Critical", 5, "High", 4, "Medium", 3, "Low", 2, "Future", 1)} -> 4 | F81: {=_xlfn.SWITCH(C81, "Core Functionality", 5, "Configurable", 4, "Custom", 3, "Not Available", 0, "Either/Or", 0)} -> #N/A | G81: =E81*F81 -> #N/A
A82: Handle adjustments for weight, quality, etc. | B82: High | E82: {=_xlfn.SWITCH(B82, "Critical", 5, "High", 4, "Medium", 3, "Low", 2, "Future", 1)} -> 4 | F82: {=_xlfn.SWITCH(C82, "Core Functionality", 5, "Configurable", 4, "Custom", 3, "Not Available", 0, "Either/Or", 0)} -> #N/A | G82: =E82*F82 -> #N/A
... A88: Generate customer account statements with purchase and payment history | B88: High | E88: {=_xlfn.SWITCH(B88, "Critical", 5, "High", 4, "Medium", 3, "Low", 2, "Future", 1)} -> 4 | F88: {=_xlfn.SWITCH(C88, "Core Functionality", 5, "Configurable", 4, "Custom", 3, "Not Available", 0, "Either/Or", 0)} -> #N/A | G88: =E88*F88 -> #N/A
A90: 9. Returns & Claims
A91: Track customer claims | B91: High | E91: {=_xlfn.SWITCH(B91, "Critical", 5, "High", 4, "Medium", 3, "Low", 2, "Future", 1)} -> 4 | F91: {=_xlfn.SWITCH(C91, "Core Functionality", 5, "Configurable", 4, "Custom", 3, "Not Available", 0, "Either/Or", 0)} -> #N/A | G91: =E91*F91 -> #N/A
A92: Manage returns and credits | B92: High | E92: {=_xlfn.SWITCH(B92, "Critical", 5, "High", 4, "Medium", 3, "Low", 2, "Future", 1)} -> 4 | F92: {=_xlfn.SWITCH(C92, "Core Functionality", 5, "Configurable", 4, "Custom", 3, "Not Available", 0, "Either/Or", 0)} -> #N/A | G92: =E92*F92 -> #N/A
A93: Support credit memo processing with accounting | B93: High | E93: {=_xlfn.SWITCH(B93, "Critical", 5, "High", 4, "Medium", 3, "Low", 2, "Future", 1)} -> 4 | F93: {=_xlfn.SWITCH(C93, "Core Functionality", 5, "Configurable", 4, "Custom", 3, "Not Available", 0, "Either/Or", 0)} -> #N/A | G93: =E93*F93 -> #N/A
A94: Capture analytics of shipping and customer claims (shipper/freight forwarding relationship to returns and claims) and integrate with Vendor assessments | B94: Medium | E94: {=_xlfn.SWITCH(B94, "Critical", 5, "High", 4, "Medium", 3, "Low", 2, "Future", 1)} -> 3 | F94: {=_xlfn.SWITCH(C94, "Core Functionality", 5, "Configurable", 4, "Custom", 3, "Not Available", 0, "Either/Or", 0)} -> #N/A | G94: =E94*F94 -> #N/A
A95: Customer portal where customers can report claims and view claim status | B95: Medium | E95: {=_xlfn.SWITCH(B95, "Critical", 5, "High", 4, "Medium", 3, "Low", 2, "Future", 1)} -> 3 | F95: {=_xlfn.SWITCH(C95, "Core Functionality", 5, "Configurable", 4, "Custom", 3, "Not Available", 0, "Either/Or", 0)} -> #N/A | G95: =E95*F95 -> #N/A
A97: 10. Reporting & Analytics
A98: Dashboard and real-time data for orders/contracts and available and projected inventory | B98: Medium | E98: {=_xlfn.SWITCH(B98, "Critical", 5, "High", 4, "Medium", 3, "Low", 2, "Future", 1)} -> 3 | F98: {=_xlfn.SWITCH(C98, "Core Functionality", 5, "Configurable", 4, "Custom", 3, "Not Available", 0, "Either/Or", 0)} -> #N/A | G98: =E98*F98 -> #N/A
A99: Dashboard and real-time data for quota allocations and fulfillments | B99: Medium | E99: {=_xlfn.SWITCH(B99, "Critical", 5, "High", 4, "Medium", 3, "Low", 2, "Future", 1)} -> 3 | F99: {=_xlfn.SWITCH(C99, "Core Functionality", 5, "Configurable", 4, "Custom", 3, "Not Available", 0, "Either/Or", 0)} -> #N/A | G99: =E99*F99 -> #N/A
A100: Sales and contract performance reports | B100: Medium | E100: {=_xlfn.SWITCH(B100, "Critical", 5, "High", 4, "Medium", 3, "Low", 2, "Future", 1)} -> 3 | F100: {=_xlfn.SWITCH(C100, "Core Functionality", 5, "Configurable", 4, "Custom", 3, "Not Available", 0, "Either/Or", 0)} -> #N/A | G100: =E100*F100 -> #N/A
A101: Allocation and fulfillment analytics | B101: Medium | E101: {=_xlfn.SWITCH(B101, "Critical", 5, "High", 4, "Medium", 3, "Low", 2, "Future", 1)} -> 3 | F101: {=_xlfn.SWITCH(C101, "Core Functionality", 5, "Configurable", 4, "Custom", 3, "Not Available", 0, "Either/Or", 0)} -> #N/A | G101: =E101*F101 -> #N/A
A102: Profitability tracking | B102: Medium | E102: {=_xlfn.SWITCH(B102, "Critical", 5, "High", 4, "Medium", 3, "Low", 2, "Future", 1)} -> 3 | F102: {=_xlfn.SWITCH(C102, "Core Functionality", 5, "Configurable", 4, "Custom", 3, "Not Available", 0, "Either/Or", 0)} -> #N/A | G102: =E102*F102 -> #N/A
A103: Full audit logs and lot traceability | B103: Medium | E103: {=_xlfn.SWITCH(B103, "Critical", 5, "High", 4, "Medium", 3, "Low", 2, "Future", 1)} -> 3 | F103: {=_xlfn.SWITCH(C103, "Core Functionality", 5, "Configurable", 4, "Custom", 3, "Not Available", 0, "Either/Or", 0)} -> #N/A | G103: =E103*F103 -> #N/A
A104: Analyze quality issues based on returns | B104: Medium | E104: {=_xlfn.SWITCH(B104, "Critical", 5, "High", 4, "Medium", 3, "Low", 2, "Future", 1)} -> 3 | F104: {=_xlfn.SWITCH(C104, "Core Functionality", 5, "Configurable", 4, "Custom", 3, "Not Available", 0, "Either/Or", 0)} -> #N/A | G104: =E104*F104 -> #N/A
A106: 12. Integration
A107: Integrate with Innova data (staging tables) | B107: Medium | E107: {=_xlfn.SWITCH(B107, "Critical", 5, "High", 4, "Medium", 3, "Low", 2, "Future", 1)} -> 3 | F107: {=_xlfn.SWITCH(C107, "Core Functionality", 5, "Configurable", 4, "Custom", 3, "Not Available", 0, "Either/Or", 0)} -> #N/A | G107: =E107*F107 -> #N/A
A108: Integrate with inventory data | B108: Medium | E108: {=_xlfn.SWITCH(B108, "Critical", 5, "High", 4, "Medium", 3, "Low", 2, "Future", 1)} -> 3 | F108: {=_xlfn.SWITCH(C108, "Core Functionality", 5, "Configurable", 4, "Custom", 3, "Not Available", 0, "Either/Or", 0)} -> #N/A | G108: =E108*F108 -> #N/A
A109: Integrate with quota tracking data (outstanding possible inventory) | B109: Medium | E109: {=_xlfn.SWITCH(B109, "Critical", 5, "High", 4, "Medium", 3, "Low", 2, "Future", 1)} -> 3 | F109: {=_xlfn.SWITCH(C109, "Core Functionality", 5, "Configurable", 4, "Custom", 3, "Not Available", 0, "Either/Or", 0)} -> #N/A | G109: =E109*F109 -> #N/A
A110: Integrate with import/export of data from CSV, Excel | B110: High | E110: {=_xlfn.SWITCH(B110, "Critical", 5, "High", 4, "Medium", 3, "Low", 2, "Future", 1)} -> 4 | F110: {=_xlfn.SWITCH(C110, "Core Functionality", 5, "Configurable", 4, "Custom", 3, "Not Available", 0, "Either/Or", 0)} -> #N/A | G110: =E110*F110 -> #N/A
A111: Integrate with email | B111: High | E111: {=_xlfn.SWITCH(B111, "Critical", 5, "High", 4, "Medium", 3, "Low", 2, "Future", 1)} -> 4 | F111: {=_xlfn.SWITCH(C111, "Core Functionality", 5, "Configurable", 4, "Custom", 3, "Not Available", 0, "Either/Or", 0)} -> #N/A | G111: =E111*F111 -> #N/A
A113: 13. Workflows
A114: Support approval workflows | B114: Critical | E114: {=_xlfn.SWITCH(B114, "Critical", 5, "High", 4, "Medium", 3, "Low", 2, "Future", 1)} -> 5 | F114: {=_xlfn.SWITCH(C114, "Core Functionality", 5, "Configurable", 4, "Custom", 3, "Not Available", 0, "Either/Or", 0)} -> #N/A | G114: =E114*F114 -> #N/A
A115: Configurable workflow engine for approvals and notifications | B115: High | E115: {=_xlfn.SWITCH(B115, "Critical", 5, "High", 4, "Medium", 3, "Low", 2, "Future", 1)} -> 4 | F115: {=_xlfn.SWITCH(C115, "Core Functionality", 5, "Configurable", 4, "Custom", 3, "Not Available", 0, "Either/Or", 0)} -> #N/A | G115: =E115*F115 -> #N/A
A117: 14. Attachments
...

Sheet Sales Inventory
A1: Inventory Requirements | B1: Priority | C1: Response | D1: Notes/Comments | G1: =SUM(G3:G58) -> #N/A
A2: 1. Quota Management
A3: Allow importation of data from quota workbooks | B3: Medium | E3: {=_xlfn.SWITCH(B3, "Critical", 5, "High", 4, "Medium", 3, "Low", 2, "Future", 1)} -> 3 | F3: {=_xlfn.SWITCH(C3, "Core Functionality", 5, "Configurable", 4, "Custom", 3, "Not Available", 0, "Either/Or", 0)} -> #N/A | G3: =E3*F3 -> #N/A
A4: Allow at least some quota allocations to be managed within Inventory planning functionality | B4: Medium | E4: {=_xlfn.SWITCH(B4, "Critical", 5, "High", 4, "Medium", 3, "Low", 2, "Future", 1)} -> 3 | F4: {=_xlfn.SWITCH(C4, "Core Functionality", 5, "Configurable", 4, "Custom", 3, "Not Available", 0, "Either/Or", 0)} -> #N/A | G4: =E4*F4 -> #N/A
A5: Allow quota allocation adjustments based on DPRs, Fish Tickets, Sea State data | B5: Medium | E5: {=_xlfn.SWITCH(B5, "Critical", 5, "High", 4, "Medium", 3, "Low", 2, "Future", 1)} -> 3 | F5: {=_xlfn.SWITCH(C5, "Core Functionality", 5, "Configurable", 4, "Custom", 3, "Not Available", 0, "Either/Or", 0)} -> #N/A | G5: =E5*F5 -> #N/A
A6: Allow importation of data from eLandings and Sea State, Inc. | B6: Medium | E6: {=_xlfn.SWITCH(B6, "Critical", 5, "High", 4, "Medium", 3, "Low", 2, "Future", 1)} -> 3 | F6: {=_xlfn.SWITCH(C6, "Core Functionality", 5, "Configurable", 4, "Custom", 3, "Not Available", 0, "Either/Or", 0)} -> #N/A | G6: =E6*F6 -> #N/A
A7: End-to-end traceability from quota allocation to delivered lot | B7: Critical | E7: {=_xlfn.SWITCH(B7, "Critical", 5, "High", 4, "Medium", 3, "Low", 2, "Future", 1)} -> 5 | F7: {=_xlfn.SWITCH(C7, "Core Functionality", 5, "Configurable", 4, "Custom", 3, "Not Available", 0, "Either/Or", 0)} -> #N/A | G7: =E7*F7 -> #N/A
A9: 2. Harvest / Catch Management
A10: Allow importation of data from DPRs, Innova, eLandings, Sea State, Inc. data into Inventory system to monitor production/harvest levels | B10: High | E10: {=_xlfn.SWITCH(B10, "Critical", 5, "High", 4, "Medium", 3, "Low", 2, "Future", 1)} -> 4 | F10: {=_xlfn.SWITCH(C10, "Core Functionality", 5, "Configurable", 4, "Custom", 3, "Not Available", 0, "Either/Or", 0)} -> #N/A | G10: =E10*F10 -> #N/A
A11: Use Quota data to project upcoming inventory using quota allocations, season open and close dates | B11: Medium | E11: {=_xlfn.SWITCH(B11, "Critical", 5, "High", 4, "Medium", 3, "Low", 2, "Future", 1)} -> 3 | F11: {=_xlfn.SWITCH(C11, "Core Functionality", 5, "Configurable", 4, "Custom", 3, "Not Available", 0, "Either/Or", 0)} -> #N/A | G11: =E11*F11 -> #N/A
A13: 3. Lot & Traceability Management
A14: Allow importation of data from Innova for batches, lots, species, date, vessel, GIS data, etc. | B14: High | E14: {=_xlfn.SWITCH(B14, "Critical", 5, "High", 4, "Medium", 3, "Low", 2, "Future", 1)} -> 4 | F14: {=_xlfn.SWITCH(C14, "Core Functionality", 5, "Configurable", 4, "Custom", 3, "Not Available", 0, "Either/Or", 0)} -> #N/A | G14: =E14*F14 -> #N/A
A15: Enable forward and backward traceability | B15: Critical | E15: {=_xlfn.SWITCH(B15, "Critical", 5, "High", 4, "Medium", 3, "Low", 2, "Future", 1)} -> 5 | F15: {=_xlfn.SWITCH(C15, "Core Functionality", 5, "Configurable", 4, "Custom", 3, "Not Available", 0, "Either/Or", 0)} -> #N/A | G15: =E15*F15 -> #N/A
A16: Support recall management | B16: Medium | E16: {=_xlfn.SWITCH(B16, "Critical", 5, "High", 4, "Medium", 3, "Low", 2, "Future", 1)} -> 3 | F16: {=_xlfn.SWITCH(C16, "Core Functionality", 5, "Configurable", 4, "Custom", 3, "Not Available", 0, "Either/Or", 0)} -> #N/A | G16: =E16*F16 -> #N/A
A17: Support barcode and QR code tracking | B17: Medium | E17: {=_xlfn.SWITCH(B17, "Critical", 5, "High", 4, "Medium", 3, "Low", 2, "Future", 1)} -> 3 | F17: {=_xlfn.SWITCH(C17, "Core Functionality", 5, "Configurable", 4, "Custom", 3, "Not Available", 0, "Either/Or", 0)} -> #N/A | G17: =E17*F17 -> #N/A
A18: Support EU traceability requirements (and responsiveness for future EU requirements) | B18: Critical | E18: {=_xlfn.SWITCH(B18, "Critical", 5, "High", 4, "Medium", 3, "Low", 2, "Future", 1)} -> 5 | F18: {=_xlfn.SWITCH(C18, "Core Functionality", 5, "Configurable", 4, "Custom", 3, "Not Available", 0, "Either/Or", 0)} -> #N/A | G18: =E18*F18 -> #N/A
A20: 4. Inventory Management
A21: Allow importation of data from DPRs, Innova, eLandings, Sea State into inventory system | B21: Medium | E21: {=_xlfn.SWITCH(B21, "Critical", 5, "High", 4, "Medium", 3, "Low", 2, "Future", 1)} -> 3 | F21: {=_xlfn.SWITCH(C21, "Core Functionality", 5, "Configurable", 4, "Custom", 3, "Not Available", 0, "Either/Or", 0)} -> #N/A | G21: =E21*F21 -> #N/A
A22: Track current inventory with real-time visibility | B22: High | E22: {=_xlfn.SWITCH(B22, "Critical", 5, "High", 4, "Medium", 3, "Low", 2, "Future", 1)} -> 4 | F22: {=_xlfn.SWITCH(C22, "Core Functionality", 5, "Configurable", 4, "Custom", 3, "Not Available", 0, "Either/Or", 0)} -> #N/A | G22: =E22*F22 -> #N/A
A23: Track current inventory by vessel, species, and product | B23: High | E23: {=_xlfn.SWITCH(B23, "Critical", 5, "High", 4, "Medium", 3, "Low", 2, "Future", 1)} -> 4 | F23: {=_xlfn.SWITCH(C23, "Core Functionality", 5, "Configurable", 4, "Custom", 3, "Not Available", 0, "Either/Or", 0)} -> #N/A | G23: =E23*F23 -> #N/A
A24: Support rapid movement from intake to shipment | B24: High | E24: {=_xlfn.SWITCH(B24, "Critical", 5, "High", 4, "Medium", 3, "Low", 2, "Future", 1)} -> 4 | F24: {=_xlfn.SWITCH(C24, "Core Functionality", 5, "Configurable", 4, "Custom", 3, "Not Available", 0, "Either/Or", 0)} -> #N/A | G24: =E24*F24 -> #N/A
A25: Monitor cold storage stock | B25: High | E25: {=_xlfn.SWITCH(B25, "Critical", 5, "High", 4, "Medium", 3, "Low", 2, "Future", 1)} -> 4 | F25: {=_xlfn.SWITCH(C25, "Core Functionality", 5, "Configurable", 4, "Custom", 3, "Not Available", 0, "Either/Or", 0)} -> #N/A | G25: =E25*F25 -> #N/A
A26: Allow prelimiary inventory counts and true-ups at offload | B26: High | E26: {=_xlfn.SWITCH(B26, "Critical", 5, "High", 4, "Medium", 3, "Low", 2, "Future", 1)} -> 4 | F26: {=_xlfn.SWITCH(C26, "Core Functionality", 5, "Configurable", 4, "Custom", 3, "Not Available", 0, "Either/Or", 0)} -> #N/A | G26: =E26*F26 -> #N/A
A28: 5. Logistics & Distribution
A29: Ability to schedule shipments immediately after production | B29: High | E29: {=_xlfn.SWITCH(B29, "Critical", 5, "High", 4, "Medium", 3, "Low", 2, "Future", 1)} -> 4 | F29: {=_xlfn.SWITCH(C29, "Core Functionality", 5, "Configurable", 4, "Custom", 3, "Not Available", 0, "Either/Or", 0)} -> #N/A | G29: =E29*F29 -> #N/A
A30: Support traceability of inventory location (on vessel, in tracit, at coldstorage, transferred) | B30: High | E30: {=_xlfn.SWITCH(B30, "Critical", 5, "High", 4, "Medium", 3, "Low", 2, "Future", 1)} -> 4 | F30: {=_xlfn.SWITCH(C30, "Core Functionality", 5, "Configurable", 4, "Custom", 3, "Not Available", 0, "Either/Or", 0)} -> #N/A | G30: =E30*F30 -> #N/A
A31: Track shipments and delivery timelines | B31: High | E31: {=_xlfn.SWITCH(B31, "Critical", 5, "High", 4, "Medium", 3, "Low", 2, "Future", 1)} -> 4 | F31: {=_xlfn.SWITCH(C31, "Core Functionality", 5, "Configurable", 4, "Custom", 3, "Not Available", 0, "Either/Or", 0)} -> #N/A | G31: =E31*F31 -> #N/A
A32: Support cross-docking to ship immediately after offload | B32: High | E32: {=_xlfn.SWITCH(B32, "Critical", 5, "High", 4, "Medium", 3, "Low", 2, "Future", 1)} -> 4 | F32: {=_xlfn.SWITCH(C32, "Core Functionality", 5, "Configurable", 4, "Custom", 3, "Not Available", 0, "Either/Or", 0)} -> #N/A | G32: =E32*F32 -> #N/A
A33: Support title transfer within cold storage | B33: High | E33: {=_xlfn.SWITCH(B33, "Critical", 5, "High", 4, "Medium", 3, "Low", 2, "Future", 1)} -> 4 | F33: {=_xlfn.SWITCH(C33, "Core Functionality", 5, "Configurable", 4, "Custom", 3, "Not Available", 0, "Either/Or", 0)} -> #N/A | G33: =E33*F33 -> #N/A
A34: Support title transfer based on delivery ETA | B34: Medium | E34: {=_xlfn.SWITCH(B34, "Critical", 5, "High", 4, "Medium", 3, "Low", 2, "Future", 1)} -> 3 | F34: {=_xlfn.SWITCH(C34, "Core Functionality", 5, "Configurable", 4, "Custom", 3, "Not Available", 0, "Either/Or", 0)} -> #N/A | G34: =E34*F34 -> #N/A
A36: 6. Integration with Accounting
A37: Integration with accounting to calculate revenue and expenses through the utilization of a bill of materials | B37: High | E37: {=_xlfn.SWITCH(B37, "Critical", 5, "High", 4, "Medium", 3, "Low", 2, "Future", 1)} -> 4 | F37: {=_xlfn.SWITCH(C37, "Core Functionality", 5, "Configurable", 4, "Custom", 3, "Not Available", 0, "Either/Or", 0)} -> #N/A | G37: =E37*F37 -> #N/A
A38: Integration with accounting to true-up revenue and expenses at offload | B38: High | E38: {=_xlfn.SWITCH(B38, "Critical", 5, "High", 4, "Medium", 3, "Low", 2, "Future", 1)} -> 4 | F38: {=_xlfn.SWITCH(C38, "Core Functionality", 5, "Configurable", 4, "Custom", 3, "Not Available", 0, "Either/Or", 0)} -> #N/A | G38: =E38*F38 -> #N/A
A39: Integration with accounting to monitor budgeted and actual BOM expenses | B39: High | E39: {=_xlfn.SWITCH(B39, "Critical", 5, "High", 4, "Medium", 3, "Low", 2, "Future", 1)} -> 4 | F39: {=_xlfn.SWITCH(C39, "Core Functionality", 5, "Configurable", 4, "Custom", 3, "Not Available", 0, "Either/Or", 0)} -> #N/A | G39: =E39*F39 -> #N/A
A41: 6. Compliance & Reporting
A42: Maintain regulatory compliance (HACCP, FDA) | B42: Medium | E42: {=_xlfn.SWITCH(B42, "Critical", 5, "High", 4, "Medium", 3, "Low", 2, "Future", 1)} -> 3 | F42: {=_xlfn.SWITCH(C42, "Core Functionality", 5, "Configurable", 4, "Custom", 3, "Not Available", 0, "Either/Or", 0)} -> #N/A | G42: =E42*F42 -> #N/A
A43: Support audit trails and traceability | B43: Critical | E43: {=_xlfn.SWITCH(B43, "Critical", 5, "High", 4, "Medium", 3, "Low", 2, "Future", 1)} -> 5 | F43: {=_xlfn.SWITCH(C43, "Core Functionality", 5, "Configurable", 4, "Custom", 3, "Not Available", 0, "Either/Or", 0)} -> #N/A | G43: =E43*F43 -> #N/A
A44: Easy access to data for external reporting | B44: Medium | E44: {=_xlfn.SWITCH(B44, "Critical", 5, "High", 4, "Medium", 3, "Low", 2, "Future", 1)} -> 3 | F44: {=_xlfn.SWITCH(C44, "Core Functionality", 5, "Configurable", 4, "Custom", 3, "Not Available", 0, "Either/Or", 0)} -> #N/A | G44: =E44*F44 -> #N/A
A46: 7. Workflows
A47: Support approval workflows | B47: Critical | E47: {=_xlfn.SWITCH(B47, "Critical", 5, "High", 4, "Medium", 3, "Low", 2, "Future", 1)} -> 5 | F47: {=_xlfn.SWITCH(C47, "Core Functionality", 5, "Configurable", 4, "Custom", 3, "Not Available", 0, "Either/Or", 0)} -> #N/A | G47: =E47*F47 -> #N/A
A48: Configurable workflow engine for approvals and notifications | B48: High | E48: {=_xlfn.SWITCH(B48, "Critical", 5, "High", 4, "Medium", 3, "Low", 2, "Future", 1)} -> 4 | F48: {=_xlfn.SWITCH(C48, "Core Functionality", 5, "Configurable", 4, "Custom", 3, "Not Available", 0, "Either/Or", 0)} -> #N/A | G48: =E48*F48 -> #N/A
A50: 8. Attachments
A51: Support attachments for transactions | B51: Critical | E51: {=_xlfn.SWITCH(B51, "Critical", 5, "High", 4, "Medium", 3, "Low", 2, "Future", 1)} -> 5 | F51: {=_xlfn.SWITCH(C51, "Core Functionality", 5, "Configurable", 4, "Custom", 3, "Not Available", 0, "Either/Or", 0)} -> #N/A | G51: =E51*F51 -> #N/A
A52: Support links to related transactions | B52: High | E52: {=_xlfn.SWITCH(B52, "Critical", 5, "High", 4, "Medium", 3, "Low", 2, "Future", 1)} -> 4 | F52: {=_xlfn.SWITCH(C52, "Core Functionality", 5, "Configurable", 4, "Custom", 3, "Not Available", 0, "Either/Or", 0)} -> #N/A | G52: =E52*F52 -> #N/A
A54: 9. Online Portal
A55: Light-weight customer portal, with possibility of expanded functionality | B55: Medium | E55: {=_xlfn.SWITCH(B55, "Critical", 5, "High", 4, "Medium", 3, "Low", 2, "Future", 1)} -> 3 | F55: {=_xlfn.SWITCH(C55, "Core Functionality", 5, "Configurable", 4, "Custom", 3, "Not Available", 0, "Either/Or", 0)} -> #N/A | G55: =E55*F55 -> #N/A
A57: 10. Data
A58: Support data fields and structures to migrate required data from TeroMarine and Dynamics GP | B58: High | E58: {=_xlfn.SWITCH(B58, "Critical", 5, "High", 4, "Medium", 3, "Low", 2, "Future", 1)} -> 4 | F58: {=_xlfn.SWITCH(C58, "Core Functionality", 5, "Configurable", 4, "Custom", 3, "Not Available", 0, "Either/Or", 0)} -> #N/A | G58: =E58*F58 -> #N/A

Sheet Accounts Receivable
A1: Accounts Receivable Requirements | B1: Priority | C1: Response | D1: Notes/Comments | G1: =SUM(G3:G54) -> #N/A
A2: 1. Customer Management
A3: See "Sales" tab
A4: See "CRM" tab
A6: 2. Payment Processing
A7: Automatically match payments with AR Invoice, Sales Order, shipping documents | B7: High | E7: {=_xlfn.SWITCH(B7, "Critical", 5, "High", 4, "Medium", 3, "Low", 2, "Future", 1)} -> 4 | F7: {=_xlfn.SWITCH(C7, "Core Functionality", 5, "Configurable", 4, "Custom", 3, "Not Available", 0, "Either/Or", 0)} -> #N/A | G7: =E7*F7 -> #N/A
A8: Allow for pre-payments | B8: High | E8: {=_xlfn.SWITCH(B8, "Critical", 5, "High", 4, "Medium", 3, "Low", 2, "Future", 1)} -> 4 | F8: {=_xlfn.SWITCH(C8, "Core Functionality", 5, "Configurable", 4, "Custom", 3, "Not Available", 0, "Either/Or", 0)} -> #N/A | G8: =E8*F8 -> #N/A
A9: Support full and partial payments and maintain receivable balance | B9: High | E9: {=_xlfn.SWITCH(B9, "Critical", 5, "High", 4, "Medium", 3, "Low", 2, "Future", 1)} -> 4 | F9: {=_xlfn.SWITCH(C9, "Core Functionality", 5, "Configurable", 4, "Custom", 3, "Not Available", 0, "Either/Or", 0)} -> #N/A | G9: =E9*F9 -> #N/A
A10: Support check, ACH, and credit card payment methods | B10: High | E10: {=_xlfn.SWITCH(B10, "Critical", 5, "High", 4, "Medium", 3, "Low", 2, "Future", 1)} -> 4 | F10: {=_xlfn.SWITCH(C10, "Core Functionality", 5, "Configurable", 4, "Custom", 3, "Not Available", 0, "Either/Or", 0)} -> #N/A | G10: =E10*F10 -> #N/A
A11: Support importation of credit card settlement reports (e.g., from Bluepay) | B11: Medium | E11: {=_xlfn.SWITCH(B11, "Critical", 5, "High", 4, "Medium", 3, "Low", 2, "Future", 1)} -> 3 | F11: {=_xlfn.SWITCH(C11, "Core Functionality", 5, "Configurable", 4, "Custom", 3, "Not Available", 0, "Either/Or", 0)} -> #N/A | G11: =E11*F11 -> #N/A
A12: Support automatic application of payments based on configured rules | B12: Medium | E12: {=_xlfn.SWITCH(B12, "Critical", 5, "High", 4, "Medium", 3, "Low", 2, "Future", 1)} -> 3 | F12: {=_xlfn.SWITCH(C12, "Core Functionality", 5, "Configurable", 4, "Custom", 3, "Not Available", 0, "Either/Or", 0)} -> #N/A | G12: =E12*F12 -> #N/A
A13: Handle overpayments and credits | B13: Medium | E13: {=_xlfn.SWITCH(B13, "Critical", 5, "High", 4, "Medium", 3, "Low", 2, "Future", 1)} -> 3 | F13: {=_xlfn.SWITCH(C13, "Core Functionality", 5, "Configurable", 4, "Custom", 3, "Not Available", 0, "Either/Or", 0)} -> #N/A | G13: =E13*F13 -> #N/A
A15: 3. Aging and Collections
A16: Monitor customer credit limits and generate notifications | B16: Medium | E16: {=_xlfn.SWITCH(B16, "Critical", 5, "High", 4, "Medium", 3, "Low", 2, "Future", 1)} -> 3 | F16: {=_xlfn.SWITCH(C16, "Core Functionality", 5, "Configurable", 4, "Custom", 3, "Not Available", 0, "Either/Or", 0)} -> #N/A | G16: =E16*F16 -> #N/A
A17: Generate aging reports | B17: High | E17: {=_xlfn.SWITCH(B17, "Critical", 5, "High", 4, "Medium", 3, "Low", 2, "Future", 1)} -> 4 | F17: {=_xlfn.SWITCH(C17, "Core Functionality", 5, "Configurable", 4, "Custom", 3, "Not Available", 0, "Either/Or", 0)} -> #N/A | G17: =E17*F17 -> #N/A
A18: Automatically generate overdue AR Invoice statements | B18: High | E18: {=_xlfn.SWITCH(B18, "Critical", 5, "High", 4, "Medium", 3, "Low", 2, "Future", 1)} -> 4 | F18: {=_xlfn.SWITCH(C18, "Core Functionality", 5, "Configurable", 4, "Custom", 3, "Not Available", 0, "Either/Or", 0)} -> #N/A | G18: =E18*F18 -> #N/A
A19: Support dispute tracking and resolution | B19: Medium | E19: {=_xlfn.SWITCH(B19, "Critical", 5, "High", 4, "Medium", 3, "Low", 2, "Future", 1)} -> 3 | F19: {=_xlfn.SWITCH(C19, "Core Functionality", 5, "Configurable", 4, "Custom", 3, "Not Available", 0, "Either/Or", 0)} -> #N/A | G19: =E19*F19 -> #N/A
A20: Provide feedback loop to customer master record on performance | B20: Low | E20: {=_xlfn.SWITCH(B20, "Critical", 5, "High", 4, "Medium", 3, "Low", 2, "Future", 1)} -> 2 | F20: {=_xlfn.SWITCH(C20, "Core Functionality", 5, "Configurable", 4, "Custom", 3, "Not Available", 0, "Either/Or", 0)} -> #N/A | G20: =E20*F20 -> #N/A
A21: Generate collection effectiveness metrics | B21: Low | E21: {=_xlfn.SWITCH(B21, "Critical", 5, "High", 4, "Medium", 3, "Low", 2, "Future", 1)} -> 2 | F21: {=_xlfn.SWITCH(C21, "Core Functionality", 5, "Configurable", 4, "Custom", 3, "Not Available", 0, "Either/Or", 0)} -> #N/A | G21: =E21*F21 -> #N/A
A22: Light-weight customer portal to display balances | B22: Medium | E22: {=_xlfn.SWITCH(B22, "Critical", 5, "High", 4, "Medium", 3, "Low", 2, "Future", 1)} -> 3 | F22: {=_xlfn.SWITCH(C22, "Core Functionality", 5, "Configurable", 4, "Custom", 3, "Not Available", 0, "Either/Or", 0)} -> #N/A | G22: =E22*F22 -> #N/A
A24: 4. Reporting
A25: Forecast cash | B25: Medium | E25: {=_xlfn.SWITCH(B25, "Critical", 5, "High", 4, "Medium", 3, "Low", 2, "Future", 1)} -> 3 | F25: {=_xlfn.SWITCH(C25, "Core Functionality", 5, "Configurable", 4, "Custom", 3, "Not Available", 0, "Either/Or", 0)} -> #N/A | G25: =E25*F25 -> #N/A
A26: Standard and custom reports, export options, and scheduling | B26: Medium | E26: {=_xlfn.SWITCH(B26, "Critical", 5, "High", 4, "Medium", 3, "Low", 2, "Future", 1)} -> 3 | F26: {=_xlfn.SWITCH(C26, "Core Functionality", 5, "Configurable", 4, "Custom", 3, "Not Available", 0, "Either/Or", 0)} -> #N/A | G26: =E26*F26 -> #N/A
A27: Support custom dashboards for visual real-time data representation | B27: Medium | E27: {=_xlfn.SWITCH(B27, "Critical", 5, "High", 4, "Medium", 3, "Low", 2, "Future", 1)} -> 3 | F27: {=_xlfn.SWITCH(C27, "Core Functionality", 5, "Configurable", 4, "Custom", 3, "Not Available", 0, "Either/Or", 0)} -> #N/A | G27: =E27*F27 -> #N/A
A29: 5. Adjustments
A30: Support write-offs | B30: Medium | E30: {=_xlfn.SWITCH(B30, "Critical", 5, "High", 4, "Medium", 3, "Low", 2, "Future", 1)} -> 3 | F30: {=_xlfn.SWITCH(C30, "Core Functionality", 5, "Configurable", 4, "Custom", 3, "Not Available", 0, "Either/Or", 0)} -> #N/A | G30: =E30*F30 -> #N/A
A31: Support adjusting invoices for errors, especially throughout the matching phase | B31: High | E31: {=_xlfn.SWITCH(B31, "Critical", 5, "High", 4, "Medium", 3, "Low", 2, "Future", 1)} -> 4 | F31: {=_xlfn.SWITCH(C31, "Core Functionality", 5, "Configurable", 4, "Custom", 3, "Not Available", 0, "Either/Or", 0)} -> #N/A | G31: =E31*F31 -> #N/A
A32: Maintain audit trail of all adjustments and changes | B32: High | E32: {=_xlfn.SWITCH(B32, "Critical", 5, "High", 4, "Medium", 3, "Low", 2, "Future", 1)} -> 4 | F32: {=_xlfn.SWITCH(C32, "Core Functionality", 5, "Configurable", 4, "Custom", 3, "Not Available", 0, "Either/Or", 0)} -> #N/A | G32: =E32*F32 -> #N/A
A34: 6. Tax and VAT Support
A35: Automatically calculate sales tax and VAT based on configured rules and customer locations | B35: High | E35: {=_xlfn.SWITCH(B35, "Critical", 5, "High", 4, "Medium", 3, "Low", 2, "Future", 1)} -> 4 | F35: {=_xlfn.SWITCH(C35, "Core Functionality", 5, "Configurable", 4, "Custom", 3, "Not Available", 0, "Either/Or", 0)} -> #N/A | G35: =E35*F35 -> #N/A
A36: Support workflow to configure rules (based on location, customer, etc.) | B36: Low | E36: {=_xlfn.SWITCH(B36, "Critical", 5, "High", 4, "Medium", 3, "Low", 2, "Future", 1)} -> 2 | F36: {=_xlfn.SWITCH(C36, "Core Functionality", 5, "Configurable", 4, "Custom", 3, "Not Available", 0, "Either/Or", 0)} -> #N/A | G36: =E36*F36 -> #N/A
A37: Correctly handle sales tax and VAT as liability | B37: High | E37: {=_xlfn.SWITCH(B37, "Critical", 5, "High", 4, "Medium", 3, "Low", 2, "Future", 1)} -> 4 | F37: {=_xlfn.SWITCH(C37, "Core Functionality", 5, "Configurable", 4, "Custom", 3, "Not Available", 0, "Either/Or", 0)} -> #N/A | G37: =E37*F37 -> #N/A
A38: Support tariff estimations | B38: Medium | E38: {=_xlfn.SWITCH(B38, "Critical", 5, "High", 4, "Medium", 3, "Low", 2, "Future", 1)} -> 3 | F38: {=_xlfn.SWITCH(C38, "Core Functionality", 5, "Configurable", 4, "Custom", 3, "Not Available", 0, "Either/Or", 0)} -> #N/A | G38: =E38*F38 -> #N/A
A40: 7. General Ledger Integration
A41: Post transactions to general ledger from subledgers | B41: High | E41: {=_xlfn.SWITCH(B41, "Critical", 5, "High", 4, "Medium", 3, "Low", 2, "Future", 1)} -> 4 | F41: {=_xlfn.SWITCH(C41, "Core Functionality", 5, "Configurable", 4, "Custom", 3, "Not Available", 0, "Either/Or", 0)} -> #N/A | G41: =E41*F41 -> #N/A
A42: Support reconciliation between GL and AR subledger | B42: High | E42: {=_xlfn.SWITCH(B42, "Critical", 5, "High", 4, "Medium", 3, "Low", 2, "Future", 1)} -> 4 | F42: {=_xlfn.SWITCH(C42, "Core Functionality", 5, "Configurable", 4, "Custom", 3, "Not Available", 0, "Either/Or", 0)} -> #N/A | G42: =E42*F42 -> #N/A
A43: Support period closing | B43: High | E43: {=_xlfn.SWITCH(B43, "Critical", 5, "High", 4, "Medium", 3, "Low", 2, "Future", 1)} -> 4 | F43: {=_xlfn.SWITCH(C43, "Core Functionality", 5, "Configurable", 4, "Custom", 3, "Not Available", 0, "Either/Or", 0)} -> #N/A | G43: =E43*F43 -> #N/A
A45: 8. Workflows
A46: Support approval workflows for sales entry and posting | B46: High | E46: {=_xlfn.SWITCH(B46, "Critical", 5, "High", 4, "Medium", 3, "Low", 2, "Future", 1)} -> 4 | F46: {=_xlfn.SWITCH(C46, "Core Functionality", 5, "Configurable", 4, "Custom", 3, "Not Available", 0, "Either/Or", 0)} -> #N/A | G46: =E46*F46 -> #N/A
A47: Configurable workflow engine for approvals and notifications | B47: Medium | E47: {=_xlfn.SWITCH(B47, "Critical", 5, "High", 4, "Medium", 3, "Low", 2, "Future", 1)} -> 3 | F47: {=_xlfn.SWITCH(C47, "Core Functionality", 5, "Configurable", 4, "Custom", 3, "Not Available", 0, "Either/Or", 0)} -> #N/A | G47: =E47*F47 -> #N/A
A49: 9. Attachments and Links
A50: Support attachments for transactions | B50: Critical | E50: {=_xlfn.SWITCH(B50, "Critical", 5, "High", 4, "Medium", 3, "Low", 2, "Future", 1)} -> 5 | F50: {=_xlfn.SWITCH(C50, "Core Functionality", 5, "Configurable", 4, "Custom", 3, "Not Available", 0, "Either/Or", 0)} -> #N/A | G50: =E50*F50 -> #N/A
A51: Support links to related transactions | B51: Medium | E51: {=_xlfn.SWITCH(B51, "Critical", 5, "High", 4, "Medium", 3, "Low", 2, "Future", 1)} -> 3 | F51: {=_xlfn.SWITCH(C51, "Core Functionality", 5, "Configurable", 4, "Custom", 3, "Not Available", 0, "Either/Or", 0)} -> #N/A | G51: =E51*F51 -> #N/A
A53: 10. Data
A54: Support data fields and structures to migrate required data from TeroMarine and Dynamics GP | B54: High | E54: {=_xlfn.SWITCH(B54, "Critical", 5, "High", 4, "Medium", 3, "Low", 2, "Future", 1)} -> 4 | F54: {=_xlfn.SWITCH(C54, "Core Functionality", 5, "Configurable", 4, "Custom", 3, "Not Available", 0, "Either/Or", 0)} -> #N/A | G54: =E54*F54 -> #N/A

Sheet Purchasing Intro
A1: Purchasing Introduction
A3: Overview
A4: CVRF uses Dynamics GP to manage accounting functions for Corporate, CAPS, and Programs. All accounting data from CAPS and Programs ultimately is processed through Dynamics GP. CVRF currently utilized Papersave for invoice routing as well as payment processing. Papersave utilized Bottomline/Paymode for payment processing.
A6: Goals
A7: CVRF needs a seamless Request-to-Order-to-Accounts Payable solution to eliminate duplicate efforts, facilitate automation, and ensure accuracy and compliance. CVRF needs a single source of truth for purchasing and vendor data. A single solution is not necessary, but there must be demonstrable connectivity or integration with 3rd-party applications (such as TeroMarine) that can better meet CVRF requirements. CVRF is interested in all the functionality of your offering, but wants the option to find best-in-class modules or applications.
A9: CAPS
A10: Although CAPS uses TeroMarine to request and order goods and services; and receive, stock, and track goods, all Accounts Payable activities are performed in Dynamics GP Purchasing module. CAPS uses TeroMarine to manage purchased inventory, purchase orders, receiving, and vendor data. Many records for purchases (contracts, emails, Excel Workbooks) are stored on a shared network drive, particularly relating to projects. Vendor data is duplicated in TeroMarine so RFQs and purchase orders can be created. Purchases related to projects (e.g., major repairs and maintenance, vessel improvements, etc.) are tracked through a Project ID on Purchase Orders; however, the Project ID is not linked to project data and reporting is custom to filter invoices on the Project ID. CAPS uses Excel Workbooks and Vena to manage projects and project budgets.
A12: Programs
A13: All purchases for the Mechanic/Welder shops are performed through CVRF Corporate accounting staff. The volume of tasks to handle Mechanic/Welder shop and Programs purchases is not high; however, it is an entirely manual process to request purchases, generate purchase orders, make payments, and match payments to purchase requests. While this provides necessary oversight, it generates emails that are not linked to vendors and purchases not linked to inventory stocks, and is disconneced from the "Custom CRM" that is often related to the purchases for village program recipients. Purchase transactions are posted to accounts for each village, which is another manual step. An electronic, integrated system is wanted for the Mechanic/Welder shops, but it must be accessible and friendly for workers who want to concentrate on work, not paperwork. Because the Mechanic/Welder shops are not a major revenue generator, the solution needs to be economical and easy to set up and maintain. There is currently a light-weight custom application being developed to manage operations of the Mechanic/Welder shops to include work orders, inventory, timekeeping, standardized shop task lists, links to "Custom CRM", etc. A solution for the Mechanic/Welder shop operations is not a requirement, but the core ERP system must have some mechanism to absorb or import purchasing data from the Mechanic/Welder shops and Programs.
A15: Programs use a custom CRM ("Custom CRM" herein) to manage participation, so there may be some needed interoperability between the Mechanic/Welder shop and Programs solution and a "custom CRM" solution.
A17: Corporate
A18: CVRF Corporate makes purchases for the Mechanic/Welder shops and other Programs in addition to Corporate purchases. CVRF Corporate accountants handle these payables and all transactions from the Mechanic/Welder shops and Programs. CVRF Corporate also handles the payments (A/P) for all purchases made by CAPS.

Sheet Vendor Management
A1: Vendor Management Requirements | B1: Priority | C1: Response | D1: Notes/Comments | G1: =SUM(G3:G60) -> #N/A
A2: 1. Add Vendor
A3: Create vendor (name, contact info, tax ID, address) | B3: Critical | E3: {=_xlfn.SWITCH(B3, "Critical", 5, "High", 4, "Medium", 3, "Low", 2, "Future", 1)} -> 5 | F3: {=_xlfn.SWITCH(C3, "Core Functionality", 5, "Configurable", 4, "Custom", 3, "Not Available", 0, "Either/Or", 0)} -> #N/A | G3: =E3*F3 -> #N/A
A4: Automatically assign ID or number to vendor | B4: High | E4: {=_xlfn.SWITCH(B4, "Critical", 5, "High", 4, "Medium", 3, "Low", 2, "Future", 1)} -> 4 | F4: {=_xlfn.SWITCH(C4, "Core Functionality", 5, "Configurable", 4, "Custom", 3, "Not Available", 0, "Either/Or", 0)} -> #N/A | G4: =E4*F4 -> #N/A
A5: Establish required fields for all vendors | B5: High | E5: {=_xlfn.SWITCH(B5, "Critical", 5, "High", 4, "Medium", 3, "Low", 2, "Future", 1)} -> 4 | F5: {=_xlfn.SWITCH(C5, "Core Functionality", 5, "Configurable", 4, "Custom", 3, "Not Available", 0, "Either/Or", 0)} -> #N/A | G5: =E5*F5 -> #N/A
A6: Allow for vendor qualification and categorization | B6: Medium | E6: {=_xlfn.SWITCH(B6, "Critical", 5, "High", 4, "Medium", 3, "Low", 2, "Future", 1)} -> 3 | F6: {=_xlfn.SWITCH(C6, "Core Functionality", 5, "Configurable", 4, "Custom", 3, "Not Available", 0, "Either/Or", 0)} -> #N/A | G6: =E6*F6 -> #N/A
A7: Light-weight vendor self-registration portal | B7: Future | E7: {=_xlfn.SWITCH(B7, "Critical", 5, "High", 4, "Medium", 3, "Low", 2, "Future", 1)} -> 1 | F7: {=_xlfn.SWITCH(C7, "Core Functionality", 5, "Configurable", 4, "Custom", 3, "Not Available", 0, "Either/Or", 0)} -> #N/A | G7: =E7*F7 -> #N/A
A8: Approval workflow for onboarding vendors | B8: High | E8: {=_xlfn.SWITCH(B8, "Critical", 5, "High", 4, "Medium", 3, "Low", 2, "Future", 1)} -> 4 | F8: {=_xlfn.SWITCH(C8, "Core Functionality", 5, "Configurable", 4, "Custom", 3, "Not Available", 0, "Either/Or", 0)} -> #N/A | G8: =E8*F8 -> #N/A
A9: Audit trail for adding and approving vendors | B9: Critical | E9: {=_xlfn.SWITCH(B9, "Critical", 5, "High", 4, "Medium", 3, "Low", 2, "Future", 1)} -> 5 | F9: {=_xlfn.SWITCH(C9, "Core Functionality", 5, "Configurable", 4, "Custom", 3, "Not Available", 0, "Either/Or", 0)} -> #N/A | G9: =E9*F9 -> #N/A
A11: 2. Update Vendor Information
A12: Maintain vendor profiles | B12: High | E12: {=_xlfn.SWITCH(B12, "Critical", 5, "High", 4, "Medium", 3, "Low", 2, "Future", 1)} -> 4 | F12: {=_xlfn.SWITCH(C12, "Core Functionality", 5, "Configurable", 4, "Custom", 3, "Not Available", 0, "Either/Or", 0)} -> #N/A | G12: =E12*F12 -> #N/A
A13: Track vendor classifications (preferred, approved, blocked) | B13: Medium | E13: {=_xlfn.SWITCH(B13, "Critical", 5, "High", 4, "Medium", 3, "Low", 2, "Future", 1)} -> 3 | F13: {=_xlfn.SWITCH(C13, "Core Functionality", 5, "Configurable", 4, "Custom", 3, "Not Available", 0, "Either/Or", 0)} -> #N/A | G13: =E13*F13 -> #N/A
A14: Update contact and business information | B14: High | E14: {=_xlfn.SWITCH(B14, "Critical", 5, "High", 4, "Medium", 3, "Low", 2, "Future", 1)} -> 4 | F14: {=_xlfn.SWITCH(C14, "Core Functionality", 5, "Configurable", 4, "Custom", 3, "Not Available", 0, "Either/Or", 0)} -> #N/A | G14: =E14*F14 -> #N/A
A15: Store compliance documentation with expiration tracking | B15: Medium | E15: {=_xlfn.SWITCH(B15, "Critical", 5, "High", 4, "Medium", 3, "Low", 2, "Future", 1)} -> 3 | F15: {=_xlfn.SWITCH(C15, "Core Functionality", 5, "Configurable", 4, "Custom", 3, "Not Available", 0, "Either/Or", 0)} -> #N/A | G15: =E15*F15 -> #N/A
A16: Maintain vendor history and performance (RFQ vs actual, timeliness, etc.) | B16: Medium | E16: {=_xlfn.SWITCH(B16, "Critical", 5, "High", 4, "Medium", 3, "Low", 2, "Future", 1)} -> 3 | F16: {=_xlfn.SWITCH(C16, "Core Functionality", 5, "Configurable", 4, "Custom", 3, "Not Available", 0, "Either/Or", 0)} -> #N/A | G16: =E16*F16 -> #N/A
A17: Support de-activation of vendors, linking related vendors, without losing historical data | B17: High | E17: {=_xlfn.SWITCH(B17, "Critical", 5, "High", 4, "Medium", 3, "Low", 2, "Future", 1)} -> 4 | F17: {=_xlfn.SWITCH(C17, "Core Functionality", 5, "Configurable", 4, "Custom", 3, "Not Available", 0, "Either/Or", 0)} -> #N/A | G17: =E17*F17 -> #N/A
A18: Light-weight vendor self-registration portal to request update to master data | B18: Future | E18: {=_xlfn.SWITCH(B18, "Critical", 5, "High", 4, "Medium", 3, "Low", 2, "Future", 1)} -> 1 | F18: {=_xlfn.SWITCH(C18, "Core Functionality", 5, "Configurable", 4, "Custom", 3, "Not Available", 0, "Either/Or", 0)} -> #N/A | G18: =E18*F18 -> #N/A
A19: Approval workflow for updating vendors | B19: High | E19: {=_xlfn.SWITCH(B19, "Critical", 5, "High", 4, "Medium", 3, "Low", 2, "Future", 1)} -> 4 | F19: {=_xlfn.SWITCH(C19, "Core Functionality", 5, "Configurable", 4, "Custom", 3, "Not Available", 0, "Either/Or", 0)} -> #N/A | G19: =E19*F19 -> #N/A
A20: Audit trail for updating vendors | B20: Critical | E20: {=_xlfn.SWITCH(B20, "Critical", 5, "High", 4, "Medium", 3, "Low", 2, "Future", 1)} -> 5 | F20: {=_xlfn.SWITCH(C20, "Core Functionality", 5, "Configurable", 4, "Custom", 3, "Not Available", 0, "Either/Or", 0)} -> #N/A | G20: =E20*F20 -> #N/A
A22: 3. Contract Management
A23: Store vendor contracts | B23: High | E23: {=_xlfn.SWITCH(B23, "Critical", 5, "High", 4, "Medium", 3, "Low", 2, "Future", 1)} -> 4 | F23: {=_xlfn.SWITCH(C23, "Core Functionality", 5, "Configurable", 4, "Custom", 3, "Not Available", 0, "Either/Or", 0)} -> #N/A | G23: =E23*F23 -> #N/A
A24: Support OCR to populate fields from contracts | B24: Medium | E24: {=_xlfn.SWITCH(B24, "Critical", 5, "High", 4, "Medium", 3, "Low", 2, "Future", 1)} -> 3 | F24: {=_xlfn.SWITCH(C24, "Core Functionality", 5, "Configurable", 4, "Custom", 3, "Not Available", 0, "Either/Or", 0)} -> #N/A | G24: =E24*F24 -> #N/A
A25: Track contract terms and conditions and make this data available for AP | B25: Future | E25: {=_xlfn.SWITCH(B25, "Critical", 5, "High", 4, "Medium", 3, "Low", 2, "Future", 1)} -> 1 | F25: {=_xlfn.SWITCH(C25, "Core Functionality", 5, "Configurable", 4, "Custom", 3, "Not Available", 0, "Either/Or", 0)} -> #N/A | G25: =E25*F25 -> #N/A
A26: Monitor contract start/end dates in system | B26: Future | E26: {=_xlfn.SWITCH(B26, "Critical", 5, "High", 4, "Medium", 3, "Low", 2, "Future", 1)} -> 1 | F26: {=_xlfn.SWITCH(C26, "Core Functionality", 5, "Configurable", 4, "Custom", 3, "Not Available", 0, "Either/Or", 0)} -> #N/A | G26: =E26*F26 -> #N/A
A27: Alerts for contract renewals or expirations | B27: Future | E27: {=_xlfn.SWITCH(B27, "Critical", 5, "High", 4, "Medium", 3, "Low", 2, "Future", 1)} -> 1 | F27: {=_xlfn.SWITCH(C27, "Core Functionality", 5, "Configurable", 4, "Custom", 3, "Not Available", 0, "Either/Or", 0)} -> #N/A | G27: =E27*F27 -> #N/A
A28: Version control for contract updates (i.e., use most recent contract) | B28: Future | E28: {=_xlfn.SWITCH(B28, "Critical", 5, "High", 4, "Medium", 3, "Low", 2, "Future", 1)} -> 1 | F28: {=_xlfn.SWITCH(C28, "Core Functionality", 5, "Configurable", 4, "Custom", 3, "Not Available", 0, "Either/Or", 0)} -> #N/A | G28: =E28*F28 -> #N/A
A29: Light-weight vendor portal to upload documents | B29: Medium | E29: {=_xlfn.SWITCH(B29, "Critical", 5, "High", 4, "Medium", 3, "Low", 2, "Future", 1)} -> 3 | F29: {=_xlfn.SWITCH(C29, "Core Functionality", 5, "Configurable", 4, "Custom", 3, "Not Available", 0, "Either/Or", 0)} -> #N/A | G29: =E29*F29 -> #N/A
A31: 4. Vendor Performance Management
A32: Track vendor KPIs (quality, delivery time, cost) | B32: Medium | E32: {=_xlfn.SWITCH(B32, "Critical", 5, "High", 4, "Medium", 3, "Low", 2, "Future", 1)} -> 3 | F32: {=_xlfn.SWITCH(C32, "Core Functionality", 5, "Configurable", 4, "Custom", 3, "Not Available", 0, "Either/Or", 0)} -> #N/A | G32: =E32*F32 -> #N/A
A33: Maintain scorecards for vendors based on performance | B33: Future | E33: {=_xlfn.SWITCH(B33, "Critical", 5, "High", 4, "Medium", 3, "Low", 2, "Future", 1)} -> 1 | F33: {=_xlfn.SWITCH(C33, "Core Functionality", 5, "Configurable", 4, "Custom", 3, "Not Available", 0, "Either/Or", 0)} -> #N/A | G33: =E33*F33 -> #N/A
A34: Capture feedback and issue logs | B34: Medium | E34: {=_xlfn.SWITCH(B34, "Critical", 5, "High", 4, "Medium", 3, "Low", 2, "Future", 1)} -> 3 | F34: {=_xlfn.SWITCH(C34, "Core Functionality", 5, "Configurable", 4, "Custom", 3, "Not Available", 0, "Either/Or", 0)} -> #N/A | G34: =E34*F34 -> #N/A
A35: Identify top-performing and underperforming vendors | B35: Medium | E35: {=_xlfn.SWITCH(B35, "Critical", 5, "High", 4, "Medium", 3, "Low", 2, "Future", 1)} -> 3 | F35: {=_xlfn.SWITCH(C35, "Core Functionality", 5, "Configurable", 4, "Custom", 3, "Not Available", 0, "Either/Or", 0)} -> #N/A | G35: =E35*F35 -> #N/A
A36: Integrate with Receiving for vendor performance | B36: Medium | E36: {=_xlfn.SWITCH(B36, "Critical", 5, "High", 4, "Medium", 3, "Low", 2, "Future", 1)} -> 3 | F36: {=_xlfn.SWITCH(C36, "Core Functionality", 5, "Configurable", 4, "Custom", 3, "Not Available", 0, "Either/Or", 0)} -> #N/A | G36: =E36*F36 -> #N/A
A38: 5. Reporting & Analytics
A39: Vendor spend analysis, compare to quotes, contracts | B39: Medium | E39: {=_xlfn.SWITCH(B39, "Critical", 5, "High", 4, "Medium", 3, "Low", 2, "Future", 1)} -> 3 | F39: {=_xlfn.SWITCH(C39, "Core Functionality", 5, "Configurable", 4, "Custom", 3, "Not Available", 0, "Either/Or", 0)} -> #N/A | G39: =E39*F39 -> #N/A
A40: Vendor performance reports | B40: Medium | E40: {=_xlfn.SWITCH(B40, "Critical", 5, "High", 4, "Medium", 3, "Low", 2, "Future", 1)} -> 3 | F40: {=_xlfn.SWITCH(C40, "Core Functionality", 5, "Configurable", 4, "Custom", 3, "Not Available", 0, "Either/Or", 0)} -> #N/A | G40: =E40*F40 -> #N/A
A41: Contract utilization reports | B41: Medium | E41: {=_xlfn.SWITCH(B41, "Critical", 5, "High", 4, "Medium", 3, "Low", 2, "Future", 1)} -> 3 | F41: {=_xlfn.SWITCH(C41, "Core Functionality", 5, "Configurable", 4, "Custom", 3, "Not Available", 0, "Either/Or", 0)} -> #N/A | G41: =E41*F41 -> #N/A
A43: 6. Integration
A44: Integration with ERP/accounting systems | B44: Critical | E44: {=_xlfn.SWITCH(B44, "Critical", 5, "High", 4, "Medium", 3, "Low", 2, "Future", 1)} -> 5 | F44: {=_xlfn.SWITCH(C44, "Core Functionality", 5, "Configurable", 4, "Custom", 3, "Not Available", 0, "Either/Or", 0)} -> #N/A | G44: =E44*F44 -> #N/A
A45: Payment gateway integration with banking | B45: Medium | E45: {=_xlfn.SWITCH(B45, "Critical", 5, "High", 4, "Medium", 3, "Low", 2, "Future", 1)} -> 3 | F45: {=_xlfn.SWITCH(C45, "Core Functionality", 5, "Configurable", 4, "Custom", 3, "Not Available", 0, "Either/Or", 0)} -> #N/A | G45: =E45*F45 -> #N/A
A46: Data import/export from Excel, CSV, PDF | B46: Medium | E46: {=_xlfn.SWITCH(B46, "Critical", 5, "High", 4, "Medium", 3, "Low", 2, "Future", 1)} -> 3 | F46: {=_xlfn.SWITCH(C46, "Core Functionality", 5, "Configurable", 4, "Custom", 3, "Not Available", 0, "Either/Or", 0)} -> #N/A | G46: =E46*F46 -> #N/A
A47: Support sharing data to/from TeroMarine | B47: Critical | E47: {=_xlfn.SWITCH(B47, "Critical", 5, "High", 4, "Medium", 3, "Low", 2, "Future", 1)} -> 5 | F47: {=_xlfn.SWITCH(C47, "Core Functionality", 5, "Configurable", 4, "Custom", 3, "Not Available", 0, "Either/Or", 0)} -> #N/A | G47: =E47*F47 -> #N/A
A48: Integration with Project Management module or application | B48: High | E48: {=_xlfn.SWITCH(B48, "Critical", 5, "High", 4, "Medium", 3, "Low", 2, "Future", 1)} -> 4 | F48: {=_xlfn.SWITCH(C48, "Core Functionality", 5, "Configurable", 4, "Custom", 3, "Not Available", 0, "Either/Or", 0)} -> #N/A | G48: =E48*F48 -> #N/A
A50: 7. Workflows
A51: Support approval workflows | B51: Critical | E51: {=_xlfn.SWITCH(B51, "Critical", 5, "High", 4, "Medium", 3, "Low", 2, "Future", 1)} -> 5 | F51: {=_xlfn.SWITCH(C51, "Core Functionality", 5, "Configurable", 4, "Custom", 3, "Not Available", 0, "Either/Or", 0)} -> #N/A | G51: =E51*F51 -> #N/A
A52: Configurable workflow engine for approvals and notifications | B52: High | E52: {=_xlfn.SWITCH(B52, "Critical", 5, "High", 4, "Medium", 3, "Low", 2, "Future", 1)} -> 4 | F52: {=_xlfn.SWITCH(C52, "Core Functionality", 5, "Configurable", 4, "Custom", 3, "Not Available", 0, "Either/Or", 0)} -> #N/A | G52: =E52*F52 -> #N/A
A54: 8. Attachments and Links
A55: Support attachments for vendors (contracts, certifications, insurance) | B55: Critical | E55: {=_xlfn.SWITCH(B55, "Critical", 5, "High", 4, "Medium", 3, "Low", 2, "Future", 1)} -> 5 | F55: {=_xlfn.SWITCH(C55, "Core Functionality", 5, "Configurable", 4, "Custom", 3, "Not Available", 0, "Either/Or", 0)} -> #N/A | G55: =E55*F55 -> #N/A
A56: Support version control for attachments (e.g., append date to filename) | B56: Medium | E56: {=_xlfn.SWITCH(B56, "Critical", 5, "High", 4, "Medium", 3, "Low", 2, "Future", 1)} -> 3 | F56: {=_xlfn.SWITCH(C56, "Core Functionality", 5, "Configurable", 4, "Custom", 3, "Not Available", 0, "Either/Or", 0)} -> #N/A | G56: =E56*F56 -> #N/A
A57: Support links to related vendors | B57: High | E57: {=_xlfn.SWITCH(B57, "Critical", 5, "High", 4, "Medium", 3, "Low", 2, "Future", 1)} -> 4 | F57: {=_xlfn.SWITCH(C57, "Core Functionality", 5, "Configurable", 4, "Custom", 3, "Not Available", 0, "Either/Or", 0)} -> #N/A | G57: =E57*F57 -> #N/A
A59: 9. Data
A60: Support data fields and structures to migrate required data from TeroMarine and Dynamics GP | B60: High | E60: {=_xlfn.SWITCH(B60, "Critical", 5, "High", 4, "Medium", 3, "Low", 2, "Future", 1)} -> 4 | F60: {=_xlfn.SWITCH(C60, "Core Functionality", 5, "Configurable", 4, "Custom", 3, "Not Available", 0, "Either/Or", 0)} -> #N/A | G60: =E60*F60 -> #N/A

Sheet Custom CRM
A1: Custom CRM Requirements | B1: Priority | C1: Response | D1: Notes/Comments | G1: =SUM(G3:G45) -> #N/A
A2: 1. Core Entities & Data Requirements
A3: Participants: names, DOB, contact info, demographics, documents | B3: High | E3: {=_xlfn.SWITCH(B3, "Critical", 5, "High", 4, "Medium", 3, "Low", 2, "Future", 1)} -> 4 | F3: {=_xlfn.SWITCH(C3, "Core Functionality", 5, "Configurable", 4, "Custom", 3, "Not Available", 0, "Either/Or", 0)} -> #N/A | G3: =E3*F3 -> #N/A
A4: Programs: name, description, category, dates, location, status | B4: High | E4: {=_xlfn.SWITCH(B4, "Critical", 5, "High", 4, "Medium", 3, "Low", 2, "Future", 1)} -> 4 | F4: {=_xlfn.SWITCH(C4, "Core Functionality", 5, "Configurable", 4, "Custom", 3, "Not Available", 0, "Either/Or", 0)} -> #N/A | G4: =E4*F4 -> #N/A
A5: Program Sessions: schedule, facilitators, capacity | B5: High | E5: {=_xlfn.SWITCH(B5, "Critical", 5, "High", 4, "Medium", 3, "Low", 2, "Future", 1)} -> 4 | F5: {=_xlfn.SWITCH(C5, "Core Functionality", 5, "Configurable", 4, "Custom", 3, "Not Available", 0, "Either/Or", 0)} -> #N/A | G5: =E5*F5 -> #N/A
A6: Participation Records: enrollment status, attendance, completion | B6: High | E6: {=_xlfn.SWITCH(B6, "Critical", 5, "High", 4, "Medium", 3, "Low", 2, "Future", 1)} -> 4 | F6: {=_xlfn.SWITCH(C6, "Core Functionality", 5, "Configurable", 4, "Custom", 3, "Not Available", 0, "Either/Or", 0)} -> #N/A | G6: =E6*F6 -> #N/A
A7: Eligibility Requirements: rules such as age, income, prerequisites | B7: High | E7: {=_xlfn.SWITCH(B7, "Critical", 5, "High", 4, "Medium", 3, "Low", 2, "Future", 1)} -> 4 | F7: {=_xlfn.SWITCH(C7, "Core Functionality", 5, "Configurable", 4, "Custom", 3, "Not Available", 0, "Either/Or", 0)} -> #N/A | G7: =E7*F7 -> #N/A
A8: Eligibility Verification: status, verification date, supporting documents | B8: High | E8: {=_xlfn.SWITCH(B8, "Critical", 5, "High", 4, "Medium", 3, "Low", 2, "Future", 1)} -> 4 | F8: {=_xlfn.SWITCH(C8, "Core Functionality", 5, "Configurable", 4, "Custom", 3, "Not Available", 0, "Either/Or", 0)} -> #N/A | G8: =E8*F8 -> #N/A
A10: 2. Functional Requirements
A11: Create, update, merge, and manage participant records | B11: High | E11: {=_xlfn.SWITCH(B11, "Critical", 5, "High", 4, "Medium", 3, "Low", 2, "Future", 1)} -> 4 | F11: {=_xlfn.SWITCH(C11, "Core Functionality", 5, "Configurable", 4, "Custom", 3, "Not Available", 0, "Either/Or", 0)} -> #N/A | G11: =E11*F11 -> #N/A
A12: Manage programs and sessions with capacity tracking | B12: High | E12: {=_xlfn.SWITCH(B12, "Critical", 5, "High", 4, "Medium", 3, "Low", 2, "Future", 1)} -> 4 | F12: {=_xlfn.SWITCH(C12, "Core Functionality", 5, "Configurable", 4, "Custom", 3, "Not Available", 0, "Either/Or", 0)} -> #N/A | G12: =E12*F12 -> #N/A
A13: Manage campaign to notify possible participants from village census | B13: Medium | E13: {=_xlfn.SWITCH(B13, "Critical", 5, "High", 4, "Medium", 3, "Low", 2, "Future", 1)} -> 3 | F13: {=_xlfn.SWITCH(C13, "Core Functionality", 5, "Configurable", 4, "Custom", 3, "Not Available", 0, "Either/Or", 0)} -> #N/A | G13: =E13*F13 -> #N/A
A14: Self-enrollment for participants | B14: High | E14: {=_xlfn.SWITCH(B14, "Critical", 5, "High", 4, "Medium", 3, "Low", 2, "Future", 1)} -> 4 | F14: {=_xlfn.SWITCH(C14, "Core Functionality", 5, "Configurable", 4, "Custom", 3, "Not Available", 0, "Either/Or", 0)} -> #N/A | G14: =E14*F14 -> #N/A
A15: Automatically validate eligibility | B15: High | E15: {=_xlfn.SWITCH(B15, "Critical", 5, "High", 4, "Medium", 3, "Low", 2, "Future", 1)} -> 4 | F15: {=_xlfn.SWITCH(C15, "Core Functionality", 5, "Configurable", 4, "Custom", 3, "Not Available", 0, "Either/Or", 0)} -> #N/A | G15: =E15*F15 -> #N/A
A16: Track participation in each program and session | B16: High | E16: {=_xlfn.SWITCH(B16, "Critical", 5, "High", 4, "Medium", 3, "Low", 2, "Future", 1)} -> 4 | F16: {=_xlfn.SWITCH(C16, "Core Functionality", 5, "Configurable", 4, "Custom", 3, "Not Available", 0, "Either/Or", 0)} -> #N/A | G16: =E16*F16 -> #N/A
A17: Store and manage documents | B17: High | E17: {=_xlfn.SWITCH(B17, "Critical", 5, "High", 4, "Medium", 3, "Low", 2, "Future", 1)} -> 4 | F17: {=_xlfn.SWITCH(C17, "Core Functionality", 5, "Configurable", 4, "Custom", 3, "Not Available", 0, "Either/Or", 0)} -> #N/A | G17: =E17*F17 -> #N/A
A18: Track communications and case notes | B18: High | E18: {=_xlfn.SWITCH(B18, "Critical", 5, "High", 4, "Medium", 3, "Low", 2, "Future", 1)} -> 4 | F18: {=_xlfn.SWITCH(C18, "Core Functionality", 5, "Configurable", 4, "Custom", 3, "Not Available", 0, "Either/Or", 0)} -> #N/A | G18: =E18*F18 -> #N/A
A19: Automate notifications and workflows | B19: High | E19: {=_xlfn.SWITCH(B19, "Critical", 5, "High", 4, "Medium", 3, "Low", 2, "Future", 1)} -> 4 | F19: {=_xlfn.SWITCH(C19, "Core Functionality", 5, "Configurable", 4, "Custom", 3, "Not Available", 0, "Either/Or", 0)} -> #N/A | G19: =E19*F19 -> #N/A
A20: Support online portal for registration, program requests | B20: High | E20: {=_xlfn.SWITCH(B20, "Critical", 5, "High", 4, "Medium", 3, "Low", 2, "Future", 1)} -> 4 | F20: {=_xlfn.SWITCH(C20, "Core Functionality", 5, "Configurable", 4, "Custom", 3, "Not Available", 0, "Either/Or", 0)} -> #N/A | G20: =E20*F20 -> #N/A
A22: 3. Reporting & Analytics
A23: Program participation and attendance rates | B23: High | E23: {=_xlfn.SWITCH(B23, "Critical", 5, "High", 4, "Medium", 3, "Low", 2, "Future", 1)} -> 4 | F23: {=_xlfn.SWITCH(C23, "Core Functionality", 5, "Configurable", 4, "Custom", 3, "Not Available", 0, "Either/Or", 0)} -> #N/A | G23: =E23*F23 -> #N/A
A24: Demographic reporting | B24: High | E24: {=_xlfn.SWITCH(B24, "Critical", 5, "High", 4, "Medium", 3, "Low", 2, "Future", 1)} -> 4 | F24: {=_xlfn.SWITCH(C24, "Core Functionality", 5, "Configurable", 4, "Custom", 3, "Not Available", 0, "Either/Or", 0)} -> #N/A | G24: =E24*F24 -> #N/A
A25: Enrollment vs capacity tracking | B25: High | E25: {=_xlfn.SWITCH(B25, "Critical", 5, "High", 4, "Medium", 3, "Low", 2, "Future", 1)} -> 4 | F25: {=_xlfn.SWITCH(C25, "Core Functionality", 5, "Configurable", 4, "Custom", 3, "Not Available", 0, "Either/Or", 0)} -> #N/A | G25: =E25*F25 -> #N/A
A26: Outcome and impact reporting (surveys, self-report, conclusion from case notes) | B26: Medium | E26: {=_xlfn.SWITCH(B26, "Critical", 5, "High", 4, "Medium", 3, "Low", 2, "Future", 1)} -> 3 | F26: {=_xlfn.SWITCH(C26, "Core Functionality", 5, "Configurable", 4, "Custom", 3, "Not Available", 0, "Either/Or", 0)} -> #N/A | G26: =E26*F26 -> #N/A
A27: Custom reports and dashboards | B27: Medium | E27: {=_xlfn.SWITCH(B27, "Critical", 5, "High", 4, "Medium", 3, "Low", 2, "Future", 1)} -> 3 | F27: {=_xlfn.SWITCH(C27, "Core Functionality", 5, "Configurable", 4, "Custom", 3, "Not Available", 0, "Either/Or", 0)} -> #N/A | G27: =E27*F27 -> #N/A
A28: Export to Excel/PDF | B28: Medium | E28: {=_xlfn.SWITCH(B28, "Critical", 5, "High", 4, "Medium", 3, "Low", 2, "Future", 1)} -> 3 | F28: {=_xlfn.SWITCH(C28, "Core Functionality", 5, "Configurable", 4, "Custom", 3, "Not Available", 0, "Either/Or", 0)} -> #N/A | G28: =E28*F28 -> #N/A
A30: 4. Integration Requirements
A31: Email and calendar integration | B31: High | E31: {=_xlfn.SWITCH(B31, "Critical", 5, "High", 4, "Medium", 3, "Low", 2, "Future", 1)} -> 4 | F31: {=_xlfn.SWITCH(C31, "Core Functionality", 5, "Configurable", 4, "Custom", 3, "Not Available", 0, "Either/Or", 0)} -> #N/A | G31: =E31*F31 -> #N/A
A32: Online registration forms | B32: High | E32: {=_xlfn.SWITCH(B32, "Critical", 5, "High", 4, "Medium", 3, "Low", 2, "Future", 1)} -> 4 | F32: {=_xlfn.SWITCH(C32, "Core Functionality", 5, "Configurable", 4, "Custom", 3, "Not Available", 0, "Either/Or", 0)} -> #N/A | G32: =E32*F32 -> #N/A
A33: Inegration with ERP | B33: Medium | E33: {=_xlfn.SWITCH(B33, "Critical", 5, "High", 4, "Medium", 3, "Low", 2, "Future", 1)} -> 3 | F33: {=_xlfn.SWITCH(C33, "Core Functionality", 5, "Configurable", 4, "Custom", 3, "Not Available", 0, "Either/Or", 0)} -> #N/A | G33: =E33*F33 -> #N/A
A35: 5. Workflows
A36: Support approval workflows | B36: Critical | E36: {=_xlfn.SWITCH(B36, "Critical", 5, "High", 4, "Medium", 3, "Low", 2, "Future", 1)} -> 5 | F36: {=_xlfn.SWITCH(C36, "Core Functionality", 5, "Configurable", 4, "Custom", 3, "Not Available", 0, "Either/Or", 0)} -> #N/A | G36: =E36*F36 -> #N/A
A37: Configurable workflow engine for approvals and notifications | B37: High | E37: {=_xlfn.SWITCH(B37, "Critical", 5, "High", 4, "Medium", 3, "Low", 2, "Future", 1)} -> 4 | F37: {=_xlfn.SWITCH(C37, "Core Functionality", 5, "Configurable", 4, "Custom", 3, "Not Available", 0, "Either/Or", 0)} -> #N/A | G37: =E37*F37 -> #N/A
A39: 6. Attachments and Links
A40: Support attachments for transactions, reports, applications | B40: Critical | E40: {=_xlfn.SWITCH(B40, "Critical", 5, "High", 4, "Medium", 3, "Low", 2, "Future", 1)} -> 5 | F40: {=_xlfn.SWITCH(C40, "Core Functionality", 5, "Configurable", 4, "Custom", 3, "Not Available", 0, "Either/Or", 0)} -> #N/A | G40: =E40*F40 -> #N/A
A41: Support version control for attachments (e.g., append date to filename) | B41: Medium | E41: {=_xlfn.SWITCH(B41, "Critical", 5, "High", 4, "Medium", 3, "Low", 2, "Future", 1)} -> 3 | F41: {=_xlfn.SWITCH(C41, "Core Functionality", 5, "Configurable", 4, "Custom", 3, "Not Available", 0, "Either/Or", 0)} -> #N/A | G41: =E41*F41 -> #N/A
A42: Support links to related participants | B42: High | E42: {=_xlfn.SWITCH(B42, "Critical", 5, "High", 4, "Medium", 3, "Low", 2, "Future", 1)} -> 4 | F42: {=_xlfn.SWITCH(C42, "Core Functionality", 5, "Configurable", 4, "Custom", 3, "Not Available", 0, "Either/Or", 0)} -> #N/A | G42: =E42*F42 -> #N/A
A44: 7. Data
A45: Support data fields and structures to migrate required data from Dynamics GP custom CRM module | B45: High | E45: {=_xlfn.SWITCH(B45, "Critical", 5, "High", 4, "Medium", 3, "Low", 2, "Future", 1)} -> 4 | F45: {=_xlfn.SWITCH(C45, "Core Functionality", 5, "Configurable", 4, "Custom", 3, "Not Available", 0, "Either/Or", 0)} -> #N/A | G45: =E45*F45 -> #N/A

Sheet Requisition
A1: Requisition Requirements | B1: Priority | C1: Response | D1: Notes/Comments | G1: =SUM(G3:G39) -> #N/A
A2: 1. Requisitions
A3: Create purchase requisitions, including purchase agent, item, vendor | B3: High | E3: {=_xlfn.SWITCH(B3, "Critical", 5, "High", 4, "Medium", 3, "Low", 2, "Future", 1)} -> 4 | F3: {=_xlfn.SWITCH(C3, "Core Functionality", 5, "Configurable", 4, "Custom", 3, "Not Available", 0, "Either/Or", 0)} -> #N/A | G3: =E3*F3 -> #N/A
A4: Establish required fields for requisitions | B4: High | E4: {=_xlfn.SWITCH(B4, "Critical", 5, "High", 4, "Medium", 3, "Low", 2, "Future", 1)} -> 4 | F4: {=_xlfn.SWITCH(C4, "Core Functionality", 5, "Configurable", 4, "Custom", 3, "Not Available", 0, "Either/Or", 0)} -> #N/A | G4: =E4*F4 -> #N/A
A5: Assign requisition numbers automatically | B5: High | E5: {=_xlfn.SWITCH(B5, "Critical", 5, "High", 4, "Medium", 3, "Low", 2, "Future", 1)} -> 4 | F5: {=_xlfn.SWITCH(C5, "Core Functionality", 5, "Configurable", 4, "Custom", 3, "Not Available", 0, "Either/Or", 0)} -> #N/A | G5: =E5*F5 -> #N/A
A6: Ability to attach supporting documents (quotes, specifications) | B6: High | E6: {=_xlfn.SWITCH(B6, "Critical", 5, "High", 4, "Medium", 3, "Low", 2, "Future", 1)} -> 4 | F6: {=_xlfn.SWITCH(C6, "Core Functionality", 5, "Configurable", 4, "Custom", 3, "Not Available", 0, "Either/Or", 0)} -> #N/A | G6: =E6*F6 -> #N/A
A7: Route requistions for approval automatically based on dollar amounts | B7: Medium | E7: {=_xlfn.SWITCH(B7, "Critical", 5, "High", 4, "Medium", 3, "Low", 2, "Future", 1)} -> 3 | F7: {=_xlfn.SWITCH(C7, "Core Functionality", 5, "Configurable", 4, "Custom", 3, "Not Available", 0, "Either/Or", 0)} -> #N/A | G7: =E7*F7 -> #N/A
A8: Track status (Draft, Submitted, Pending Approval, Approved, Rejected, Converted to PO) | B8: High | E8: {=_xlfn.SWITCH(B8, "Critical", 5, "High", 4, "Medium", 3, "Low", 2, "Future", 1)} -> 4 | F8: {=_xlfn.SWITCH(C8, "Core Functionality", 5, "Configurable", 4, "Custom", 3, "Not Available", 0, "Either/Or", 0)} -> #N/A | G8: =E8*F8 -> #N/A
A9: Ability to identify duplicate requests | B9: High | E9: {=_xlfn.SWITCH(B9, "Critical", 5, "High", 4, "Medium", 3, "Low", 2, "Future", 1)} -> 4 | F9: {=_xlfn.SWITCH(C9, "Core Functionality", 5, "Configurable", 4, "Custom", 3, "Not Available", 0, "Either/Or", 0)} -> #N/A | G9: =E9*F9 -> #N/A
A10: Online employee portal to request purchases, ensuring consistent data capture | B10: High | E10: {=_xlfn.SWITCH(B10, "Critical", 5, "High", 4, "Medium", 3, "Low", 2, "Future", 1)} -> 4 | F10: {=_xlfn.SWITCH(C10, "Core Functionality", 5, "Configurable", 4, "Custom", 3, "Not Available", 0, "Either/Or", 0)} -> #N/A | G10: =E10*F10 -> #N/A
A12: 2. RFQs and Quotes
A13: Create RFQ from requisitions | B13: High | E13: {=_xlfn.SWITCH(B13, "Critical", 5, "High", 4, "Medium", 3, "Low", 2, "Future", 1)} -> 4 | F13: {=_xlfn.SWITCH(C13, "Core Functionality", 5, "Configurable", 4, "Custom", 3, "Not Available", 0, "Either/Or", 0)} -> #N/A | G13: =E13*F13 -> #N/A
A14: Establish required fields | B14: High | E14: {=_xlfn.SWITCH(B14, "Critical", 5, "High", 4, "Medium", 3, "Low", 2, "Future", 1)} -> 4 | F14: {=_xlfn.SWITCH(C14, "Core Functionality", 5, "Configurable", 4, "Custom", 3, "Not Available", 0, "Either/Or", 0)} -> #N/A | G14: =E14*F14 -> #N/A
A15: Assign RFQ numbers automatically | B15: High | E15: {=_xlfn.SWITCH(B15, "Critical", 5, "High", 4, "Medium", 3, "Low", 2, "Future", 1)} -> 4 | F15: {=_xlfn.SWITCH(C15, "Core Functionality", 5, "Configurable", 4, "Custom", 3, "Not Available", 0, "Either/Or", 0)} -> #N/A | G15: =E15*F15 -> #N/A
A16: Automatically generate RFQ email for vendors in Approved Vendor List | B16: High | E16: {=_xlfn.SWITCH(B16, "Critical", 5, "High", 4, "Medium", 3, "Low", 2, "Future", 1)} -> 4 | F16: {=_xlfn.SWITCH(C16, "Core Functionality", 5, "Configurable", 4, "Custom", 3, "Not Available", 0, "Either/Or", 0)} -> #N/A | G16: =E16*F16 -> #N/A
A17: Support RFQs from multiple vendors for complex systems or projects. | B17: Medium | E17: {=_xlfn.SWITCH(B17, "Critical", 5, "High", 4, "Medium", 3, "Low", 2, "Future", 1)} -> 3 | F17: {=_xlfn.SWITCH(C17, "Core Functionality", 5, "Configurable", 4, "Custom", 3, "Not Available", 0, "Either/Or", 0)} -> #N/A | G17: =E17*F17 -> #N/A
A18: Allow for comparing Quotes from multiple vendors | B18: High | E18: {=_xlfn.SWITCH(B18, "Critical", 5, "High", 4, "Medium", 3, "Low", 2, "Future", 1)} -> 4 | F18: {=_xlfn.SWITCH(C18, "Core Functionality", 5, "Configurable", 4, "Custom", 3, "Not Available", 0, "Either/Or", 0)} -> #N/A | G18: =E18*F18 -> #N/A
A19: Light-weight vendor portal for submitting RFQs | B19: Medium | E19: {=_xlfn.SWITCH(B19, "Critical", 5, "High", 4, "Medium", 3, "Low", 2, "Future", 1)} -> 3 | F19: {=_xlfn.SWITCH(C19, "Core Functionality", 5, "Configurable", 4, "Custom", 3, "Not Available", 0, "Either/Or", 0)} -> #N/A | G19: =E19*F19 -> #N/A
A20: Ability to post RFQ to vendor portal | B20: Medium | E20: {=_xlfn.SWITCH(B20, "Critical", 5, "High", 4, "Medium", 3, "Low", 2, "Future", 1)} -> 3 | F20: {=_xlfn.SWITCH(C20, "Core Functionality", 5, "Configurable", 4, "Custom", 3, "Not Available", 0, "Either/Or", 0)} -> #N/A | G20: =E20*F20 -> #N/A
A21: Capture submitted Quote in vendor portal or in app | B21: Medium | E21: {=_xlfn.SWITCH(B21, "Critical", 5, "High", 4, "Medium", 3, "Low", 2, "Future", 1)} -> 3 | F21: {=_xlfn.SWITCH(C21, "Core Functionality", 5, "Configurable", 4, "Custom", 3, "Not Available", 0, "Either/Or", 0)} -> #N/A | G21: =E21*F21 -> #N/A
A23: 3. Integration
A24: Integrate with Vendor Management, ERP systems | B24: High | E24: {=_xlfn.SWITCH(B24, "Critical", 5, "High", 4, "Medium", 3, "Low", 2, "Future", 1)} -> 4 | F24: {=_xlfn.SWITCH(C24, "Core Functionality", 5, "Configurable", 4, "Custom", 3, "Not Available", 0, "Either/Or", 0)} -> #N/A | G24: =E24*F24 -> #N/A
A25: Support for integration with vendors' portals | B25: Medium | E25: {=_xlfn.SWITCH(B25, "Critical", 5, "High", 4, "Medium", 3, "Low", 2, "Future", 1)} -> 3 | F25: {=_xlfn.SWITCH(C25, "Core Functionality", 5, "Configurable", 4, "Custom", 3, "Not Available", 0, "Either/Or", 0)} -> #N/A | G25: =E25*F25 -> #N/A
A26: Integrate with Project Management module (or application) for multi-vendor bidding for projects. | B26: Medium | E26: {=_xlfn.SWITCH(B26, "Critical", 5, "High", 4, "Medium", 3, "Low", 2, "Future", 1)} -> 3 | F26: {=_xlfn.SWITCH(C26, "Core Functionality", 5, "Configurable", 4, "Custom", 3, "Not Available", 0, "Either/Or", 0)} -> #N/A | G26: =E26*F26 -> #N/A
A27: Integrate with ERP, support import/export from TeroMarine | B27: High | E27: {=_xlfn.SWITCH(B27, "Critical", 5, "High", 4, "Medium", 3, "Low", 2, "Future", 1)} -> 4 | F27: {=_xlfn.SWITCH(C27, "Core Functionality", 5, "Configurable", 4, "Custom", 3, "Not Available", 0, "Either/Or", 0)} -> #N/A | G27: =E27*F27 -> #N/A
A29: 4. Workflows
A30: Support approval workflows | B30: Critical | E30: {=_xlfn.SWITCH(B30, "Critical", 5, "High", 4, "Medium", 3, "Low", 2, "Future", 1)} -> 5 | F30: {=_xlfn.SWITCH(C30, "Core Functionality", 5, "Configurable", 4, "Custom", 3, "Not Available", 0, "Either/Or", 0)} -> #N/A | G30: =E30*F30 -> #N/A
A31: Configurable workflow engine for approvals and notifications | B31: High | E31: {=_xlfn.SWITCH(B31, "Critical", 5, "High", 4, "Medium", 3, "Low", 2, "Future", 1)} -> 4 | F31: {=_xlfn.SWITCH(C31, "Core Functionality", 5, "Configurable", 4, "Custom", 3, "Not Available", 0, "Either/Or", 0)} -> #N/A | G31: =E31*F31 -> #N/A
A33: 5. Attachments and Links
A34: Support attachments for vendors | B34: Critical | E34: {=_xlfn.SWITCH(B34, "Critical", 5, "High", 4, "Medium", 3, "Low", 2, "Future", 1)} -> 5 | F34: {=_xlfn.SWITCH(C34, "Core Functionality", 5, "Configurable", 4, "Custom", 3, "Not Available", 0, "Either/Or", 0)} -> #N/A | G34: =E34*F34 -> #N/A
A35: Store RFQ, supporting documents, quotes, and communication with vendors | B35: High | E35: {=_xlfn.SWITCH(B35, "Critical", 5, "High", 4, "Medium", 3, "Low", 2, "Future", 1)} -> 4 | F35: {=_xlfn.SWITCH(C35, "Core Functionality", 5, "Configurable", 4, "Custom", 3, "Not Available", 0, "Either/Or", 0)} -> #N/A | G35: =E35*F35 -> #N/A
A36: Support links to related vendors, RFQs, requisitions | B36: High | E36: {=_xlfn.SWITCH(B36, "Critical", 5, "High", 4, "Medium", 3, "Low", 2, "Future", 1)} -> 4 | F36: {=_xlfn.SWITCH(C36, "Core Functionality", 5, "Configurable", 4, "Custom", 3, "Not Available", 0, "Either/Or", 0)} -> #N/A | G36: =E36*F36 -> #N/A
A38: 6. Data
A39: Support data fields and structures to migrate required data from TeroMarine and Dynamics GP | B39: High | E39: {=_xlfn.SWITCH(B39, "Critical", 5, "High", 4, "Medium", 3, "Low", 2, "Future", 1)} -> 4 | F39: {=_xlfn.SWITCH(C39, "Core Functionality", 5, "Configurable", 4, "Custom", 3, "Not Available", 0, "Either/Or", 0)} -> #N/A | G39: =E39*F39 -> #N/A

Sheet Purchase
A1: Purchasing Requirements | B1: Priority | C1: Response | D1: Notes/Comments | G1: =SUM(G3:G46) -> #N/A
A2: 1. PO Management
A3: Create purchase orders manually or from approved upstream processes (RFQ - quote, dollar-amount approval, etc.) | B3: High | E3: {=_xlfn.SWITCH(B3, "Critical", 5, "High", 4, "Medium", 3, "Low", 2, "Future", 1)} -> 4 | F3: {=_xlfn.SWITCH(C3, "Core Functionality", 5, "Configurable", 4, "Custom", 3, "Not Available", 0, "Either/Or", 0)} -> #N/A | G3: =E3*F3 -> #N/A
A4: Assign PO numbers automatically | B4: High | E4: {=_xlfn.SWITCH(B4, "Critical", 5, "High", 4, "Medium", 3, "Low", 2, "Future", 1)} -> 4 | F4: {=_xlfn.SWITCH(C4, "Core Functionality", 5, "Configurable", 4, "Custom", 3, "Not Available", 0, "Either/Or", 0)} -> #N/A | G4: =E4*F4 -> #N/A
A5: Maintain PO status (new, submitted, received, partially received, closed, etc.) | B5: High | E5: {=_xlfn.SWITCH(B5, "Critical", 5, "High", 4, "Medium", 3, "Low", 2, "Future", 1)} -> 4 | F5: {=_xlfn.SWITCH(C5, "Core Functionality", 5, "Configurable", 4, "Custom", 3, "Not Available", 0, "Either/Or", 0)} -> #N/A | G5: =E5*F5 -> #N/A
A6: Support blanket POs and recurring orders | B6: High | E6: {=_xlfn.SWITCH(B6, "Critical", 5, "High", 4, "Medium", 3, "Low", 2, "Future", 1)} -> 4 | F6: {=_xlfn.SWITCH(C6, "Core Functionality", 5, "Configurable", 4, "Custom", 3, "Not Available", 0, "Either/Or", 0)} -> #N/A | G6: =E6*F6 -> #N/A
A7: Support PO templates | B7: Medium | E7: {=_xlfn.SWITCH(B7, "Critical", 5, "High", 4, "Medium", 3, "Low", 2, "Future", 1)} -> 3 | F7: {=_xlfn.SWITCH(C7, "Core Functionality", 5, "Configurable", 4, "Custom", 3, "Not Available", 0, "Either/Or", 0)} -> #N/A | G7: =E7*F7 -> #N/A
A8: Support project codes, fixed asset designation, etc. on POs | B8: High | E8: {=_xlfn.SWITCH(B8, "Critical", 5, "High", 4, "Medium", 3, "Low", 2, "Future", 1)} -> 4 | F8: {=_xlfn.SWITCH(C8, "Core Functionality", 5, "Configurable", 4, "Custom", 3, "Not Available", 0, "Either/Or", 0)} -> #N/A | G8: =E8*F8 -> #N/A
A9: Link to projects in Project Management module | B9: Medium | E9: {=_xlfn.SWITCH(B9, "Critical", 5, "High", 4, "Medium", 3, "Low", 2, "Future", 1)} -> 3 | F9: {=_xlfn.SWITCH(C9, "Core Functionality", 5, "Configurable", 4, "Custom", 3, "Not Available", 0, "Either/Or", 0)} -> #N/A | G9: =E9*F9 -> #N/A
A11: 2. PO Approval
A12: Configure approval workflows based on dollar amounts, department, etc. | B12: High | E12: {=_xlfn.SWITCH(B12, "Critical", 5, "High", 4, "Medium", 3, "Low", 2, "Future", 1)} -> 4 | F12: {=_xlfn.SWITCH(C12, "Core Functionality", 5, "Configurable", 4, "Custom", 3, "Not Available", 0, "Either/Or", 0)} -> #N/A | G12: =E12*F12 -> #N/A
A13: Track approvals with timestamps, usernames, etc. | B13: High | E13: {=_xlfn.SWITCH(B13, "Critical", 5, "High", 4, "Medium", 3, "Low", 2, "Future", 1)} -> 4 | F13: {=_xlfn.SWITCH(C13, "Core Functionality", 5, "Configurable", 4, "Custom", 3, "Not Available", 0, "Either/Or", 0)} -> #N/A | G13: =E13*F13 -> #N/A
A14: Maintain approval audit trail | B14: High | E14: {=_xlfn.SWITCH(B14, "Critical", 5, "High", 4, "Medium", 3, "Low", 2, "Future", 1)} -> 4 | F14: {=_xlfn.SWITCH(C14, "Core Functionality", 5, "Configurable", 4, "Custom", 3, "Not Available", 0, "Either/Or", 0)} -> #N/A | G14: =E14*F14 -> #N/A
A16: 3. Track PO Delivery and Fulfillment
A17: Capture vendor's receipt of PO | B17: Low | E17: {=_xlfn.SWITCH(B17, "Critical", 5, "High", 4, "Medium", 3, "Low", 2, "Future", 1)} -> 2 | F17: {=_xlfn.SWITCH(C17, "Core Functionality", 5, "Configurable", 4, "Custom", 3, "Not Available", 0, "Either/Or", 0)} -> #N/A | G17: =E17*F17 -> #N/A
A18: Record quoted, updated, and actual delivery dates as part of vendor performance tracking | B18: Low | E18: {=_xlfn.SWITCH(B18, "Critical", 5, "High", 4, "Medium", 3, "Low", 2, "Future", 1)} -> 2 | F18: {=_xlfn.SWITCH(C18, "Core Functionality", 5, "Configurable", 4, "Custom", 3, "Not Available", 0, "Either/Or", 0)} -> #N/A | G18: =E18*F18 -> #N/A
A19: Allow partial deliveries | B19: High | E19: {=_xlfn.SWITCH(B19, "Critical", 5, "High", 4, "Medium", 3, "Low", 2, "Future", 1)} -> 4 | F19: {=_xlfn.SWITCH(C19, "Core Functionality", 5, "Configurable", 4, "Custom", 3, "Not Available", 0, "Either/Or", 0)} -> #N/A | G19: =E19*F19 -> #N/A
A20: Allow delayed or incomplete orders to feed back to vendor performance rating | B20: Low | E20: {=_xlfn.SWITCH(B20, "Critical", 5, "High", 4, "Medium", 3, "Low", 2, "Future", 1)} -> 2 | F20: {=_xlfn.SWITCH(C20, "Core Functionality", 5, "Configurable", 4, "Custom", 3, "Not Available", 0, "Either/Or", 0)} -> #N/A | G20: =E20*F20 -> #N/A
A21: Support feedback from vendor portals on order confirmations, shipping, payments, etc. | B21: Low | E21: {=_xlfn.SWITCH(B21, "Critical", 5, "High", 4, "Medium", 3, "Low", 2, "Future", 1)} -> 2 | F21: {=_xlfn.SWITCH(C21, "Core Functionality", 5, "Configurable", 4, "Custom", 3, "Not Available", 0, "Either/Or", 0)} -> #N/A | G21: =E21*F21 -> #N/A
A22: Support Advanced Shipping Notification | B22: Low | E22: {=_xlfn.SWITCH(B22, "Critical", 5, "High", 4, "Medium", 3, "Low", 2, "Future", 1)} -> 2 | F22: {=_xlfn.SWITCH(C22, "Core Functionality", 5, "Configurable", 4, "Custom", 3, "Not Available", 0, "Either/Or", 0)} -> #N/A | G22: =E22*F22 -> #N/A
A24: 4. Inventory Integration
A25: Update purchased inventory upon receipt | B25: Medium | E25: {=_xlfn.SWITCH(B25, "Critical", 5, "High", 4, "Medium", 3, "Low", 2, "Future", 1)} -> 3 | F25: {=_xlfn.SWITCH(C25, "Core Functionality", 5, "Configurable", 4, "Custom", 3, "Not Available", 0, "Either/Or", 0)} -> #N/A | G25: =E25*F25 -> #N/A
A26: Update fixed assets upon receipt | B26: High | E26: {=_xlfn.SWITCH(B26, "Critical", 5, "High", 4, "Medium", 3, "Low", 2, "Future", 1)} -> 4 | F26: {=_xlfn.SWITCH(C26, "Core Functionality", 5, "Configurable", 4, "Custom", 3, "Not Available", 0, "Either/Or", 0)} -> #N/A | G26: =E26*F26 -> #N/A
A28: 5. Document Management
A29: Store PO, supportinng documents, RFQs, quotes | B29: High | E29: {=_xlfn.SWITCH(B29, "Critical", 5, "High", 4, "Medium", 3, "Low", 2, "Future", 1)} -> 4 | F29: {=_xlfn.SWITCH(C29, "Core Functionality", 5, "Configurable", 4, "Custom", 3, "Not Available", 0, "Either/Or", 0)} -> #N/A | G29: =E29*F29 -> #N/A
A31: 6. Reporting and Analytics
A32: Create PO aging reports | B32: High | E32: {=_xlfn.SWITCH(B32, "Critical", 5, "High", 4, "Medium", 3, "Low", 2, "Future", 1)} -> 4 | F32: {=_xlfn.SWITCH(C32, "Core Functionality", 5, "Configurable", 4, "Custom", 3, "Not Available", 0, "Either/Or", 0)} -> #N/A | G32: =E32*F32 -> #N/A
A33: Create delivery performance reports for vendors | B33: High | E33: {=_xlfn.SWITCH(B33, "Critical", 5, "High", 4, "Medium", 3, "Low", 2, "Future", 1)} -> 4 | F33: {=_xlfn.SWITCH(C33, "Core Functionality", 5, "Configurable", 4, "Custom", 3, "Not Available", 0, "Either/Or", 0)} -> #N/A | G33: =E33*F33 -> #N/A
A34: Provide projected balances, available cash, etc. that include PO aging | B34: High | E34: {=_xlfn.SWITCH(B34, "Critical", 5, "High", 4, "Medium", 3, "Low", 2, "Future", 1)} -> 4 | F34: {=_xlfn.SWITCH(C34, "Core Functionality", 5, "Configurable", 4, "Custom", 3, "Not Available", 0, "Either/Or", 0)} -> #N/A | G34: =E34*F34 -> #N/A
A36: 7. Workflows
A37: Support approval workflows | B37: Critical | E37: {=_xlfn.SWITCH(B37, "Critical", 5, "High", 4, "Medium", 3, "Low", 2, "Future", 1)} -> 5 | F37: {=_xlfn.SWITCH(C37, "Core Functionality", 5, "Configurable", 4, "Custom", 3, "Not Available", 0, "Either/Or", 0)} -> #N/A | G37: =E37*F37 -> #N/A
A38: Configurable workflow engine for approvals and notifications | B38: High | E38: {=_xlfn.SWITCH(B38, "Critical", 5, "High", 4, "Medium", 3, "Low", 2, "Future", 1)} -> 4 | F38: {=_xlfn.SWITCH(C38, "Core Functionality", 5, "Configurable", 4, "Custom", 3, "Not Available", 0, "Either/Or", 0)} -> #N/A | G38: =E38*F38 -> #N/A
A40: 8. Attachments and Links
A41: Support attachments for purchases | B41: Critical | E41: {=_xlfn.SWITCH(B41, "Critical", 5, "High", 4, "Medium", 3, "Low", 2, "Future", 1)} -> 5 | F41: {=_xlfn.SWITCH(C41, "Core Functionality", 5, "Configurable", 4, "Custom", 3, "Not Available", 0, "Either/Or", 0)} -> #N/A | G41: =E41*F41 -> #N/A
A42: Store RFQ, supporting documents, quotes, and communication with vendors | B42: High | E42: {=_xlfn.SWITCH(B42, "Critical", 5, "High", 4, "Medium", 3, "Low", 2, "Future", 1)} -> 4 | F42: {=_xlfn.SWITCH(C42, "Core Functionality", 5, "Configurable", 4, "Custom", 3, "Not Available", 0, "Either/Or", 0)} -> #N/A | G42: =E42*F42 -> #N/A
A43: Support links to related vendors, RFQs, requisitions, purchase orders | B43: High | E43: {=_xlfn.SWITCH(B43, "Critical", 5, "High", 4, "Medium", 3, "Low", 2, "Future", 1)} -> 4 | F43: {=_xlfn.SWITCH(C43, "Core Functionality", 5, "Configurable", 4, "Custom", 3, "Not Available", 0, "Either/Or", 0)} -> #N/A | G43: =E43*F43 -> #N/A
A45: 9. Data
A46: Support data fields and structures to migrate required data from TeroMarine and Dynamics GP | B46: High | E46: {=_xlfn.SWITCH(B46, "Critical", 5, "High", 4, "Medium", 3, "Low", 2, "Future", 1)} -> 4 | F46: {=_xlfn.SWITCH(C46, "Core Functionality", 5, "Configurable", 4, "Custom", 3, "Not Available", 0, "Either/Or", 0)} -> #N/A | G46: =E46*F46 -> #N/A

Sheet Receiving
A1: Receiving Requirements | B1: Priority | C1: Response | D1: Notes/Comments | G1: =SUM(G3:G34) -> #N/A
A2: 1. Receiving
A3: Record receipt of goods/services | B3: High | E3: {=_xlfn.SWITCH(B3, "Critical", 5, "High", 4, "Medium", 3, "Low", 2, "Future", 1)} -> 4 | F3: {=_xlfn.SWITCH(C3, "Core Functionality", 5, "Configurable", 4, "Custom", 3, "Not Available", 0, "Either/Or", 0)} -> #N/A | G3: =E3*F3 -> #N/A
A4: Match quantities to PO | B4: High | E4: {=_xlfn.SWITCH(B4, "Critical", 5, "High", 4, "Medium", 3, "Low", 2, "Future", 1)} -> 4 | F4: {=_xlfn.SWITCH(C4, "Core Functionality", 5, "Configurable", 4, "Custom", 3, "Not Available", 0, "Either/Or", 0)} -> #N/A | G4: =E4*F4 -> #N/A
A5: Hande partial deliveries | B5: High | E5: {=_xlfn.SWITCH(B5, "Critical", 5, "High", 4, "Medium", 3, "Low", 2, "Future", 1)} -> 4 | F5: {=_xlfn.SWITCH(C5, "Core Functionality", 5, "Configurable", 4, "Custom", 3, "Not Available", 0, "Either/Or", 0)} -> #N/A | G5: =E5*F5 -> #N/A
A6: Create receipt | B6: High | E6: {=_xlfn.SWITCH(B6, "Critical", 5, "High", 4, "Medium", 3, "Low", 2, "Future", 1)} -> 4 | F6: {=_xlfn.SWITCH(C6, "Core Functionality", 5, "Configurable", 4, "Custom", 3, "Not Available", 0, "Either/Or", 0)} -> #N/A | G6: =E6*F6 -> #N/A
A8: 2. Document Management
A9: Retain receipt to support 3-way matching | B9: High | E9: {=_xlfn.SWITCH(B9, "Critical", 5, "High", 4, "Medium", 3, "Low", 2, "Future", 1)} -> 4 | F9: {=_xlfn.SWITCH(C9, "Core Functionality", 5, "Configurable", 4, "Custom", 3, "Not Available", 0, "Either/Or", 0)} -> #N/A | G9: =E9*F9 -> #N/A
A11: 3. Returns
A12: Support return workflow (mark returned goods, convert complete delivery to partial delivery) | B12: High | E12: {=_xlfn.SWITCH(B12, "Critical", 5, "High", 4, "Medium", 3, "Low", 2, "Future", 1)} -> 4 | F12: {=_xlfn.SWITCH(C12, "Core Functionality", 5, "Configurable", 4, "Custom", 3, "Not Available", 0, "Either/Or", 0)} -> #N/A | G12: =E12*F12 -> #N/A
A13: Track issue resultion, return status, etc. | B13: High | E13: {=_xlfn.SWITCH(B13, "Critical", 5, "High", 4, "Medium", 3, "Low", 2, "Future", 1)} -> 4 | F13: {=_xlfn.SWITCH(C13, "Core Functionality", 5, "Configurable", 4, "Custom", 3, "Not Available", 0, "Either/Or", 0)} -> #N/A | G13: =E13*F13 -> #N/A
A14: Link returns to vendor performance | B14: Medium | E14: {=_xlfn.SWITCH(B14, "Critical", 5, "High", 4, "Medium", 3, "Low", 2, "Future", 1)} -> 3 | F14: {=_xlfn.SWITCH(C14, "Core Functionality", 5, "Configurable", 4, "Custom", 3, "Not Available", 0, "Either/Or", 0)} -> #N/A | G14: =E14*F14 -> #N/A
A15: Electronic data interchange with vendor to send return information from ERP | B15: High | E15: {=_xlfn.SWITCH(B15, "Critical", 5, "High", 4, "Medium", 3, "Low", 2, "Future", 1)} -> 4 | F15: {=_xlfn.SWITCH(C15, "Core Functionality", 5, "Configurable", 4, "Custom", 3, "Not Available", 0, "Either/Or", 0)} -> #N/A | G15: =E15*F15 -> #N/A
A17: 4. Reporting
A18: Dashboard for purchases, delivery times, and receipts | B18: High | E18: {=_xlfn.SWITCH(B18, "Critical", 5, "High", 4, "Medium", 3, "Low", 2, "Future", 1)} -> 4 | F18: {=_xlfn.SWITCH(C18, "Core Functionality", 5, "Configurable", 4, "Custom", 3, "Not Available", 0, "Either/Or", 0)} -> #N/A | G18: =E18*F18 -> #N/A
A19: Dashboards for returns | B19: High | E19: {=_xlfn.SWITCH(B19, "Critical", 5, "High", 4, "Medium", 3, "Low", 2, "Future", 1)} -> 4 | F19: {=_xlfn.SWITCH(C19, "Core Functionality", 5, "Configurable", 4, "Custom", 3, "Not Available", 0, "Either/Or", 0)} -> #N/A | G19: =E19*F19 -> #N/A
A21: 5. Integration
A22: Provide integration or real-time communication with TeroMarine | B22: High | E22: {=_xlfn.SWITCH(B22, "Critical", 5, "High", 4, "Medium", 3, "Low", 2, "Future", 1)} -> 4 | F22: {=_xlfn.SWITCH(C22, "Core Functionality", 5, "Configurable", 4, "Custom", 3, "Not Available", 0, "Either/Or", 0)} -> #N/A | G22: =E22*F22 -> #N/A
A24: 6. Workflows
A25: Support approval workflows | B25: Critical | E25: {=_xlfn.SWITCH(B25, "Critical", 5, "High", 4, "Medium", 3, "Low", 2, "Future", 1)} -> 5 | F25: {=_xlfn.SWITCH(C25, "Core Functionality", 5, "Configurable", 4, "Custom", 3, "Not Available", 0, "Either/Or", 0)} -> #N/A | G25: =E25*F25 -> #N/A
A26: Configurable workflow engine for approvals and notifications | B26: High | E26: {=_xlfn.SWITCH(B26, "Critical", 5, "High", 4, "Medium", 3, "Low", 2, "Future", 1)} -> 4 | F26: {=_xlfn.SWITCH(C26, "Core Functionality", 5, "Configurable", 4, "Custom", 3, "Not Available", 0, "Either/Or", 0)} -> #N/A | G26: =E26*F26 -> #N/A
A28: 7. Attachments and Links
A29: Support attachments for purchases | B29: Critical | E29: {=_xlfn.SWITCH(B29, "Critical", 5, "High", 4, "Medium", 3, "Low", 2, "Future", 1)} -> 5 | F29: {=_xlfn.SWITCH(C29, "Core Functionality", 5, "Configurable", 4, "Custom", 3, "Not Available", 0, "Either/Or", 0)} -> #N/A | G29: =E29*F29 -> #N/A
A30: Store RFQ, supporting documents, quotes, and communication with vendors | B30: High | E30: {=_xlfn.SWITCH(B30, "Critical", 5, "High", 4, "Medium", 3, "Low", 2, "Future", 1)} -> 4 | F30: {=_xlfn.SWITCH(C30, "Core Functionality", 5, "Configurable", 4, "Custom", 3, "Not Available", 0, "Either/Or", 0)} -> #N/A | G30: =E30*F30 -> #N/A
A31: Support links to related vendors, RFQs, requisitions, purchase orders | B31: High | E31: {=_xlfn.SWITCH(B31, "Critical", 5, "High", 4, "Medium", 3, "Low", 2, "Future", 1)} -> 4 | F31: {=_xlfn.SWITCH(C31, "Core Functionality", 5, "Configurable", 4, "Custom", 3, "Not Available", 0, "Either/Or", 0)} -> #N/A | G31: =E31*F31 -> #N/A
A33: 5. Data
A34: Support data fields and structures to migrate required data from TeroMarine and Dynamics GP | B34: High | E34: {=_xlfn.SWITCH(B34, "Critical", 5, "High", 4, "Medium", 3, "Low", 2, "Future", 1)} -> 4 | F34: {=_xlfn.SWITCH(C34, "Core Functionality", 5, "Configurable", 4, "Custom", 3, "Not Available", 0, "Either/Or", 0)} -> #N/A | G34: =E34*F34 -> #N/A

Sheet Purchased Inventory
A1: Inventory Requirements | B1: Priority | C1: Response | D1: Notes/Comments | G1: =SUM(G3:G37) -> #N/A
A2: 1. Inventory Management
A3: Light-weight inventory management system, with ability to increase functionality as needed. | B3: Medium | E3: {=_xlfn.SWITCH(B3, "Critical", 5, "High", 4, "Medium", 3, "Low", 2, "Future", 1)} -> 3 | F3: {=_xlfn.SWITCH(C3, "Core Functionality", 5, "Configurable", 4, "Custom", 3, "Not Available", 0, "Either/Or", 0)} -> #N/A | G3: =E3*F3 -> #N/A
A4: Create, update, and maintain inventory master records | B4: High | E4: {=_xlfn.SWITCH(B4, "Critical", 5, "High", 4, "Medium", 3, "Low", 2, "Future", 1)} -> 4 | F4: {=_xlfn.SWITCH(C4, "Core Functionality", 5, "Configurable", 4, "Custom", 3, "Not Available", 0, "Either/Or", 0)} -> #N/A | G4: =E4*F4 -> #N/A
A5: Update inventory from Receipts, scheduled maintenance tasks, and manual counts | B5: High | E5: {=_xlfn.SWITCH(B5, "Critical", 5, "High", 4, "Medium", 3, "Low", 2, "Future", 1)} -> 4 | F5: {=_xlfn.SWITCH(C5, "Core Functionality", 5, "Configurable", 4, "Custom", 3, "Not Available", 0, "Either/Or", 0)} -> #N/A | G5: =E5*F5 -> #N/A
A6: Establish minimum quantities, preferred vendors, handling and storage requirements, lots, expiration dates, etc. for inventory items. | B6: High | E6: {=_xlfn.SWITCH(B6, "Critical", 5, "High", 4, "Medium", 3, "Low", 2, "Future", 1)} -> 4 | F6: {=_xlfn.SWITCH(C6, "Core Functionality", 5, "Configurable", 4, "Custom", 3, "Not Available", 0, "Either/Or", 0)} -> #N/A | G6: =E6*F6 -> #N/A
A7: Support allocating inventory for upcoming maintenance, work orders, or production | B7: High | E7: {=_xlfn.SWITCH(B7, "Critical", 5, "High", 4, "Medium", 3, "Low", 2, "Future", 1)} -> 4 | F7: {=_xlfn.SWITCH(C7, "Core Functionality", 5, "Configurable", 4, "Custom", 3, "Not Available", 0, "Either/Or", 0)} -> #N/A | G7: =E7*F7 -> #N/A
A8: Support disposals | B8: High | E8: {=_xlfn.SWITCH(B8, "Critical", 5, "High", 4, "Medium", 3, "Low", 2, "Future", 1)} -> 4 | F8: {=_xlfn.SWITCH(C8, "Core Functionality", 5, "Configurable", 4, "Custom", 3, "Not Available", 0, "Either/Or", 0)} -> #N/A | G8: =E8*F8 -> #N/A
A10: 2. Warehousing
A11: Track inventory locations by vessel, storage, Mechanic/Welder shop | B11: High | E11: {=_xlfn.SWITCH(B11, "Critical", 5, "High", 4, "Medium", 3, "Low", 2, "Future", 1)} -> 4 | F11: {=_xlfn.SWITCH(C11, "Core Functionality", 5, "Configurable", 4, "Custom", 3, "Not Available", 0, "Either/Or", 0)} -> #N/A | G11: =E11*F11 -> #N/A
A12: Visibility into inventory locations to facilitate requesting supplies between vessels and Mechanic/Welder shops | B12: High | E12: {=_xlfn.SWITCH(B12, "Critical", 5, "High", 4, "Medium", 3, "Low", 2, "Future", 1)} -> 4 | F12: {=_xlfn.SWITCH(C12, "Core Functionality", 5, "Configurable", 4, "Custom", 3, "Not Available", 0, "Either/Or", 0)} -> #N/A | G12: =E12*F12 -> #N/A
A13: Support easy transfer of inventory from location to location | B13: High | E13: {=_xlfn.SWITCH(B13, "Critical", 5, "High", 4, "Medium", 3, "Low", 2, "Future", 1)} -> 4 | F13: {=_xlfn.SWITCH(C13, "Core Functionality", 5, "Configurable", 4, "Custom", 3, "Not Available", 0, "Either/Or", 0)} -> #N/A | G13: =E13*F13 -> #N/A
A15: 3. Integration
A16: Integrate with accounting, project management, purchasing, work orders, planned maintenance | B16: High | E16: {=_xlfn.SWITCH(B16, "Critical", 5, "High", 4, "Medium", 3, "Low", 2, "Future", 1)} -> 4 | F16: {=_xlfn.SWITCH(C16, "Core Functionality", 5, "Configurable", 4, "Custom", 3, "Not Available", 0, "Either/Or", 0)} -> #N/A | G16: =E16*F16 -> #N/A
A17: For work orders, provide visibility into available inventory and location | B17: High | E17: {=_xlfn.SWITCH(B17, "Critical", 5, "High", 4, "Medium", 3, "Low", 2, "Future", 1)} -> 4 | F17: {=_xlfn.SWITCH(C17, "Core Functionality", 5, "Configurable", 4, "Custom", 3, "Not Available", 0, "Either/Or", 0)} -> #N/A | G17: =E17*F17 -> #N/A
A18: Import/export data to or integration with custom Mechanic/Welder shop application | B18: Medium | E18: {=_xlfn.SWITCH(B18, "Critical", 5, "High", 4, "Medium", 3, "Low", 2, "Future", 1)} -> 3 | F18: {=_xlfn.SWITCH(C18, "Core Functionality", 5, "Configurable", 4, "Custom", 3, "Not Available", 0, "Either/Or", 0)} -> #N/A | G18: =E18*F18 -> #N/A
A20: 4. Reporting
A21: Visibility into whether available inventory will be sufficient for upcoming maintenance, work orders, and production | B21: Medium | E21: {=_xlfn.SWITCH(B21, "Critical", 5, "High", 4, "Medium", 3, "Low", 2, "Future", 1)} -> 3 | F21: {=_xlfn.SWITCH(C21, "Core Functionality", 5, "Configurable", 4, "Custom", 3, "Not Available", 0, "Either/Or", 0)} -> #N/A | G21: =E21*F21 -> #N/A
A22: Reports of available stock by quantity | B22: Medium | E22: {=_xlfn.SWITCH(B22, "Critical", 5, "High", 4, "Medium", 3, "Low", 2, "Future", 1)} -> 3 | F22: {=_xlfn.SWITCH(C22, "Core Functionality", 5, "Configurable", 4, "Custom", 3, "Not Available", 0, "Either/Or", 0)} -> #N/A | G22: =E22*F22 -> #N/A
A23: Reports of avaiable stock by cost and potential revenue | B23: Medium | E23: {=_xlfn.SWITCH(B23, "Critical", 5, "High", 4, "Medium", 3, "Low", 2, "Future", 1)} -> 3 | F23: {=_xlfn.SWITCH(C23, "Core Functionality", 5, "Configurable", 4, "Custom", 3, "Not Available", 0, "Either/Or", 0)} -> #N/A | G23: =E23*F23 -> #N/A
A24: Roll up stock cost into Cost of Good Sold, operating costs, and planned maintenance costs | B24: High | E24: {=_xlfn.SWITCH(B24, "Critical", 5, "High", 4, "Medium", 3, "Low", 2, "Future", 1)} -> 4 | F24: {=_xlfn.SWITCH(C24, "Core Functionality", 5, "Configurable", 4, "Custom", 3, "Not Available", 0, "Either/Or", 0)} -> #N/A | G24: =E24*F24 -> #N/A
A25: Reporting of expiring inventory | B25: Medium | E25: {=_xlfn.SWITCH(B25, "Critical", 5, "High", 4, "Medium", 3, "Low", 2, "Future", 1)} -> 3 | F25: {=_xlfn.SWITCH(C25, "Core Functionality", 5, "Configurable", 4, "Custom", 3, "Not Available", 0, "Either/Or", 0)} -> #N/A | G25: =E25*F25 -> #N/A
A26: Notification of cost savings for bulk purchases based on vendor contracts when stock nears or falls below required minimums | B26: Medium | E26: {=_xlfn.SWITCH(B26, "Critical", 5, "High", 4, "Medium", 3, "Low", 2, "Future", 1)} -> 3 | F26: {=_xlfn.SWITCH(C26, "Core Functionality", 5, "Configurable", 4, "Custom", 3, "Not Available", 0, "Either/Or", 0)} -> #N/A | G26: =E26*F26 -> #N/A
A28: 5. Workflows
A29: Support approval workflows | B29: Critical | E29: {=_xlfn.SWITCH(B29, "Critical", 5, "High", 4, "Medium", 3, "Low", 2, "Future", 1)} -> 5 | F29: {=_xlfn.SWITCH(C29, "Core Functionality", 5, "Configurable", 4, "Custom", 3, "Not Available", 0, "Either/Or", 0)} -> #N/A | G29: =E29*F29 -> #N/A
A30: Configurable workflow engine for approvals and notifications | B30: High | E30: {=_xlfn.SWITCH(B30, "Critical", 5, "High", 4, "Medium", 3, "Low", 2, "Future", 1)} -> 4 | F30: {=_xlfn.SWITCH(C30, "Core Functionality", 5, "Configurable", 4, "Custom", 3, "Not Available", 0, "Either/Or", 0)} -> #N/A | G30: =E30*F30 -> #N/A
A32: 6. Attachments
A33: Support attachments for transactions | B33: Critical | E33: {=_xlfn.SWITCH(B33, "Critical", 5, "High", 4, "Medium", 3, "Low", 2, "Future", 1)} -> 5 | F33: {=_xlfn.SWITCH(C33, "Core Functionality", 5, "Configurable", 4, "Custom", 3, "Not Available", 0, "Either/Or", 0)} -> #N/A | G33: =E33*F33 -> #N/A
A34: Support links to related transactions | B34: High | E34: {=_xlfn.SWITCH(B34, "Critical", 5, "High", 4, "Medium", 3, "Low", 2, "Future", 1)} -> 4 | F34: {=_xlfn.SWITCH(C34, "Core Functionality", 5, "Configurable", 4, "Custom", 3, "Not Available", 0, "Either/Or", 0)} -> #N/A | G34: =E34*F34 -> #N/A
A36: 7. Data
A37: Support data fields and structures to migrate required data from TeroMarine and Dynamics GP | B37: High | E37: {=_xlfn.SWITCH(B37, "Critical", 5, "High", 4, "Medium", 3, "Low", 2, "Future", 1)} -> 4 | F37: {=_xlfn.SWITCH(C37, "Core Functionality", 5, "Configurable", 4, "Custom", 3, "Not Available", 0, "Either/Or", 0)} -> #N/A | G37: =E37*F37 -> #N/A

Sheet Accounts Payable
A1: Accounts Payable Requirements | B1: Priority | C1: Response | D1: Notes/Comments | G1: =SUM(G4:G67) -> #N/A
A2: 1. AP Invoices
A3: Utilization of multiple AP accounts | B3: High | E3: {=_xlfn.SWITCH(B3, "Critical", 5, "High", 4, "Medium", 3, "Low", 2, "Future", 1)} -> 4 | F3: {=_xlfn.SWITCH(C3, "Core Functionality", 5, "Configurable", 4, "Custom", 3, "Not Available", 0, "Either/Or", 0)} -> #N/A | G3: =E3*F3 -> #N/A
A4: Capture AP invoices (scans, electronic, emails, etc.) | B4: High | E4: {=_xlfn.SWITCH(B4, "Critical", 5, "High", 4, "Medium", 3, "Low", 2, "Future", 1)} -> 4 | F4: {=_xlfn.SWITCH(C4, "Core Functionality", 5, "Configurable", 4, "Custom", 3, "Not Available", 0, "Either/Or", 0)} -> #N/A | G4: =E4*F4 -> #N/A
A5: Use OCR to populate fields from AP Invoices, including project number, vendors, due dates, extra fees, interest, etc. | B5: High | E5: {=_xlfn.SWITCH(B5, "Critical", 5, "High", 4, "Medium", 3, "Low", 2, "Future", 1)} -> 4 | F5: {=_xlfn.SWITCH(C5, "Core Functionality", 5, "Configurable", 4, "Custom", 3, "Not Available", 0, "Either/Or", 0)} -> #N/A | G5: =E5*F5 -> #N/A
A6: Support electronic data exchange with vendors | B6: Medium | E6: {=_xlfn.SWITCH(B6, "Critical", 5, "High", 4, "Medium", 3, "Low", 2, "Future", 1)} -> 3 | F6: {=_xlfn.SWITCH(C6, "Core Functionality", 5, "Configurable", 4, "Custom", 3, "Not Available", 0, "Either/Or", 0)} -> #N/A | G6: =E6*F6 -> #N/A
A7: Perform matching to avaialble docs (Quote, PO, Receipt, etc.) | B7: High | E7: {=_xlfn.SWITCH(B7, "Critical", 5, "High", 4, "Medium", 3, "Low", 2, "Future", 1)} -> 4 | F7: {=_xlfn.SWITCH(C7, "Core Functionality", 5, "Configurable", 4, "Custom", 3, "Not Available", 0, "Either/Or", 0)} -> #N/A | G7: =E7*F7 -> #N/A
A8: Data exchange with TeroMarine to enable matching with quote, PO, Receipt, etc.) | B8: Critical | E8: {=_xlfn.SWITCH(B8, "Critical", 5, "High", 4, "Medium", 3, "Low", 2, "Future", 1)} -> 5 | F8: {=_xlfn.SWITCH(C8, "Core Functionality", 5, "Configurable", 4, "Custom", 3, "Not Available", 0, "Either/Or", 0)} -> #N/A | G8: =E8*F8 -> #N/A
A9: Flag possible duplicate invoices | B9: High | E9: {=_xlfn.SWITCH(B9, "Critical", 5, "High", 4, "Medium", 3, "Low", 2, "Future", 1)} -> 4 | F9: {=_xlfn.SWITCH(C9, "Core Functionality", 5, "Configurable", 4, "Custom", 3, "Not Available", 0, "Either/Or", 0)} -> #N/A | G9: =E9*F9 -> #N/A
A10: Confirm correct tax, VAT, currency exchange rates, etc. | B10: High | E10: {=_xlfn.SWITCH(B10, "Critical", 5, "High", 4, "Medium", 3, "Low", 2, "Future", 1)} -> 4 | F10: {=_xlfn.SWITCH(C10, "Core Functionality", 5, "Configurable", 4, "Custom", 3, "Not Available", 0, "Either/Or", 0)} -> #N/A | G10: =E10*F10 -> #N/A
A11: Recommend possible savings for early payments based on vendor terms | B11: Medium | E11: {=_xlfn.SWITCH(B11, "Critical", 5, "High", 4, "Medium", 3, "Low", 2, "Future", 1)} -> 3 | F11: {=_xlfn.SWITCH(C11, "Core Functionality", 5, "Configurable", 4, "Custom", 3, "Not Available", 0, "Either/Or", 0)} -> #N/A | G11: =E11*F11 -> #N/A
A13: 2. Batching
A14: Create batches of AP Invoices based on due dates | B14: High | E14: {=_xlfn.SWITCH(B14, "Critical", 5, "High", 4, "Medium", 3, "Low", 2, "Future", 1)} -> 4 | F14: {=_xlfn.SWITCH(C14, "Core Functionality", 5, "Configurable", 4, "Custom", 3, "Not Available", 0, "Either/Or", 0)} -> #N/A | G14: =E14*F14 -> #N/A
A15: Create batches of AP Invoices based on vendor | B15: High | E15: {=_xlfn.SWITCH(B15, "Critical", 5, "High", 4, "Medium", 3, "Low", 2, "Future", 1)} -> 4 | F15: {=_xlfn.SWITCH(C15, "Core Functionality", 5, "Configurable", 4, "Custom", 3, "Not Available", 0, "Either/Or", 0)} -> #N/A | G15: =E15*F15 -> #N/A
A16: Create "smart" batches of AP Invoices based on approvers, vendors, due dates, payment type, project number, etc. | B16: Medium | E16: {=_xlfn.SWITCH(B16, "Critical", 5, "High", 4, "Medium", 3, "Low", 2, "Future", 1)} -> 3 | F16: {=_xlfn.SWITCH(C16, "Core Functionality", 5, "Configurable", 4, "Custom", 3, "Not Available", 0, "Either/Or", 0)} -> #N/A | G16: =E16*F16 -> #N/A
A17: Create batch report to identify matches and discrepancies | B17: High | E17: {=_xlfn.SWITCH(B17, "Critical", 5, "High", 4, "Medium", 3, "Low", 2, "Future", 1)} -> 4 | F17: {=_xlfn.SWITCH(C17, "Core Functionality", 5, "Configurable", 4, "Custom", 3, "Not Available", 0, "Either/Or", 0)} -> #N/A | G17: =E17*F17 -> #N/A
A18: Recommend payments to make based on analyzing several factors (due dates, discounts, business priorities, projected cash flow, etc.) | B18: High | E18: {=_xlfn.SWITCH(B18, "Critical", 5, "High", 4, "Medium", 3, "Low", 2, "Future", 1)} -> 4 | F18: {=_xlfn.SWITCH(C18, "Core Functionality", 5, "Configurable", 4, "Custom", 3, "Not Available", 0, "Either/Or", 0)} -> #N/A | G18: =E18*F18 -> #N/A
A19: Retain batch reports | B19: High | E19: {=_xlfn.SWITCH(B19, "Critical", 5, "High", 4, "Medium", 3, "Low", 2, "Future", 1)} -> 4 | F19: {=_xlfn.SWITCH(C19, "Core Functionality", 5, "Configurable", 4, "Custom", 3, "Not Available", 0, "Either/Or", 0)} -> #N/A | G19: =E19*F19 -> #N/A
A21: 3. Approvals
A22: Support approval workflow for AP invoice batches (replacement of Papersave) | B22: High | E22: {=_xlfn.SWITCH(B22, "Critical", 5, "High", 4, "Medium", 3, "Low", 2, "Future", 1)} -> 4 | F22: {=_xlfn.SWITCH(C22, "Core Functionality", 5, "Configurable", 4, "Custom", 3, "Not Available", 0, "Either/Or", 0)} -> #N/A | G22: =E22*F22 -> #N/A
A23: Support tracking for resolving discrepancies | B23: High | E23: {=_xlfn.SWITCH(B23, "Critical", 5, "High", 4, "Medium", 3, "Low", 2, "Future", 1)} -> 4 | F23: {=_xlfn.SWITCH(C23, "Core Functionality", 5, "Configurable", 4, "Custom", 3, "Not Available", 0, "Either/Or", 0)} -> #N/A | G23: =E23*F23 -> #N/A
A24: Automatically flag discrepancies | B24: High | E24: {=_xlfn.SWITCH(B24, "Critical", 5, "High", 4, "Medium", 3, "Low", 2, "Future", 1)} -> 4 | F24: {=_xlfn.SWITCH(C24, "Core Functionality", 5, "Configurable", 4, "Custom", 3, "Not Available", 0, "Either/Or", 0)} -> #N/A | G24: =E24*F24 -> #N/A
A25: Allow for partial payments to be identified in approval workflow | B25: High | E25: {=_xlfn.SWITCH(B25, "Critical", 5, "High", 4, "Medium", 3, "Low", 2, "Future", 1)} -> 4 | F25: {=_xlfn.SWITCH(C25, "Core Functionality", 5, "Configurable", 4, "Custom", 3, "Not Available", 0, "Either/Or", 0)} -> #N/A | G25: =E25*F25 -> #N/A
A26: Allow for re-batching during approval to exclude individual AP invoices | B26: High | E26: {=_xlfn.SWITCH(B26, "Critical", 5, "High", 4, "Medium", 3, "Low", 2, "Future", 1)} -> 4 | F26: {=_xlfn.SWITCH(C26, "Core Functionality", 5, "Configurable", 4, "Custom", 3, "Not Available", 0, "Either/Or", 0)} -> #N/A | G26: =E26*F26 -> #N/A
A27: Maintain audit trail for approvals | B27: High | E27: {=_xlfn.SWITCH(B27, "Critical", 5, "High", 4, "Medium", 3, "Low", 2, "Future", 1)} -> 4 | F27: {=_xlfn.SWITCH(C27, "Core Functionality", 5, "Configurable", 4, "Custom", 3, "Not Available", 0, "Either/Or", 0)} -> #N/A | G27: =E27*F27 -> #N/A
A29: 4. Payments
A30: Support workflows for multiple payment methods (wire, auto-pay, check, POS, etc.) | B30: High | E30: {=_xlfn.SWITCH(B30, "Critical", 5, "High", 4, "Medium", 3, "Low", 2, "Future", 1)} -> 4 | F30: {=_xlfn.SWITCH(C30, "Core Functionality", 5, "Configurable", 4, "Custom", 3, "Not Available", 0, "Either/Or", 0)} -> #N/A | G30: =E30*F30 -> #N/A
A31: Maintain data about payments that enable more automation in reconciliations | B31: High | E31: {=_xlfn.SWITCH(B31, "Critical", 5, "High", 4, "Medium", 3, "Low", 2, "Future", 1)} -> 4 | F31: {=_xlfn.SWITCH(C31, "Core Functionality", 5, "Configurable", 4, "Custom", 3, "Not Available", 0, "Either/Or", 0)} -> #N/A | G31: =E31*F31 -> #N/A
A32: Integrate with banking to issue payments | B32: High | E32: {=_xlfn.SWITCH(B32, "Critical", 5, "High", 4, "Medium", 3, "Low", 2, "Future", 1)} -> 4 | F32: {=_xlfn.SWITCH(C32, "Core Functionality", 5, "Configurable", 4, "Custom", 3, "Not Available", 0, "Either/Or", 0)} -> #N/A | G32: =E32*F32 -> #N/A
A33: Auto-close POs on confirmation of payment | B33: High | E33: {=_xlfn.SWITCH(B33, "Critical", 5, "High", 4, "Medium", 3, "Low", 2, "Future", 1)} -> 4 | F33: {=_xlfn.SWITCH(C33, "Core Functionality", 5, "Configurable", 4, "Custom", 3, "Not Available", 0, "Either/Or", 0)} -> #N/A | G33: =E33*F33 -> #N/A
A34: Maintain audit trail for payments | B34: High | E34: {=_xlfn.SWITCH(B34, "Critical", 5, "High", 4, "Medium", 3, "Low", 2, "Future", 1)} -> 4 | F34: {=_xlfn.SWITCH(C34, "Core Functionality", 5, "Configurable", 4, "Custom", 3, "Not Available", 0, "Either/Or", 0)} -> #N/A | G34: =E34*F34 -> #N/A
A36: 5. Integration
A37: Support feedback from vendor portals on order confirmations, shipping, payments, etc. | B37: High | E37: {=_xlfn.SWITCH(B37, "Critical", 5, "High", 4, "Medium", 3, "Low", 2, "Future", 1)} -> 4 | F37: {=_xlfn.SWITCH(C37, "Core Functionality", 5, "Configurable", 4, "Custom", 3, "Not Available", 0, "Either/Or", 0)} -> #N/A | G37: =E37*F37 -> #N/A
A38: Integrate with GL | B38: High | E38: {=_xlfn.SWITCH(B38, "Critical", 5, "High", 4, "Medium", 3, "Low", 2, "Future", 1)} -> 4 | F38: {=_xlfn.SWITCH(C38, "Core Functionality", 5, "Configurable", 4, "Custom", 3, "Not Available", 0, "Either/Or", 0)} -> #N/A | G38: =E38*F38 -> #N/A
A39: Integrate with currency exchange rate reporting | B39: High | E39: {=_xlfn.SWITCH(B39, "Critical", 5, "High", 4, "Medium", 3, "Low", 2, "Future", 1)} -> 4 | F39: {=_xlfn.SWITCH(C39, "Core Functionality", 5, "Configurable", 4, "Custom", 3, "Not Available", 0, "Either/Or", 0)} -> #N/A | G39: =E39*F39 -> #N/A
A40: Integrate with ERP, purchasing, vendor management, banking | B40: High | E40: {=_xlfn.SWITCH(B40, "Critical", 5, "High", 4, "Medium", 3, "Low", 2, "Future", 1)} -> 4 | F40: {=_xlfn.SWITCH(C40, "Core Functionality", 5, "Configurable", 4, "Custom", 3, "Not Available", 0, "Either/Or", 0)} -> #N/A | G40: =E40*F40 -> #N/A
A41: Support elecronic external data exchange protocols | B41: High | E41: {=_xlfn.SWITCH(B41, "Critical", 5, "High", 4, "Medium", 3, "Low", 2, "Future", 1)} -> 4 | F41: {=_xlfn.SWITCH(C41, "Core Functionality", 5, "Configurable", 4, "Custom", 3, "Not Available", 0, "Either/Or", 0)} -> #N/A | G41: =E41*F41 -> #N/A
A42: Vendor portal for invoice submission, payment status, electronics invoicing, etc. | B42: Medium | E42: {=_xlfn.SWITCH(B42, "Critical", 5, "High", 4, "Medium", 3, "Low", 2, "Future", 1)} -> 3 | F42: {=_xlfn.SWITCH(C42, "Core Functionality", 5, "Configurable", 4, "Custom", 3, "Not Available", 0, "Either/Or", 0)} -> #N/A | G42: =E42*F42 -> #N/A
A43: Integrate with vendor management to apply contract terms, generate notifications for contract discrepancies | B43: Medium | E43: {=_xlfn.SWITCH(B43, "Critical", 5, "High", 4, "Medium", 3, "Low", 2, "Future", 1)} -> 3 | F43: {=_xlfn.SWITCH(C43, "Core Functionality", 5, "Configurable", 4, "Custom", 3, "Not Available", 0, "Either/Or", 0)} -> #N/A | G43: =E43*F43 -> #N/A
A45: 6. Expense Accounting
A46: Automatically allocate (or recommend) invoice costs to projects, inventory, etc. | B46: High | E46: {=_xlfn.SWITCH(B46, "Critical", 5, "High", 4, "Medium", 3, "Low", 2, "Future", 1)} -> 4 | F46: {=_xlfn.SWITCH(C46, "Core Functionality", 5, "Configurable", 4, "Custom", 3, "Not Available", 0, "Either/Or", 0)} -> #N/A | G46: =E46*F46 -> #N/A
A47: Support line-by-line allocation to accounts | B47: High | E47: {=_xlfn.SWITCH(B47, "Critical", 5, "High", 4, "Medium", 3, "Low", 2, "Future", 1)} -> 4 | F47: {=_xlfn.SWITCH(C47, "Core Functionality", 5, "Configurable", 4, "Custom", 3, "Not Available", 0, "Either/Or", 0)} -> #N/A | G47: =E47*F47 -> #N/A
A48: Support split allocations | B48: High | E48: {=_xlfn.SWITCH(B48, "Critical", 5, "High", 4, "Medium", 3, "Low", 2, "Future", 1)} -> 4 | F48: {=_xlfn.SWITCH(C48, "Core Functionality", 5, "Configurable", 4, "Custom", 3, "Not Available", 0, "Either/Or", 0)} -> #N/A | G48: =E48*F48 -> #N/A
A49: Automatically allocate (or recommend) to taxes, currency exchange discrepancies | B49: High | E49: {=_xlfn.SWITCH(B49, "Critical", 5, "High", 4, "Medium", 3, "Low", 2, "Future", 1)} -> 4 | F49: {=_xlfn.SWITCH(C49, "Core Functionality", 5, "Configurable", 4, "Custom", 3, "Not Available", 0, "Either/Or", 0)} -> #N/A | G49: =E49*F49 -> #N/A
A50: Automatically allocate (or recommend) to return credits, discounts for early payment, etc. | B50: High | E50: {=_xlfn.SWITCH(B50, "Critical", 5, "High", 4, "Medium", 3, "Low", 2, "Future", 1)} -> 4 | F50: {=_xlfn.SWITCH(C50, "Core Functionality", 5, "Configurable", 4, "Custom", 3, "Not Available", 0, "Either/Or", 0)} -> #N/A | G50: =E50*F50 -> #N/A
A52: 7. Reporting
A53: Report on future AP liabilities from aging, early payment discounts, late payment penalties, etc. | B53: High | E53: {=_xlfn.SWITCH(B53, "Critical", 5, "High", 4, "Medium", 3, "Low", 2, "Future", 1)} -> 4 | F53: {=_xlfn.SWITCH(C53, "Core Functionality", 5, "Configurable", 4, "Custom", 3, "Not Available", 0, "Either/Or", 0)} -> #N/A | G53: =E53*F53 -> #N/A
A54: Provide payment histories | B54: High | E54: {=_xlfn.SWITCH(B54, "Critical", 5, "High", 4, "Medium", 3, "Low", 2, "Future", 1)} -> 4 | F54: {=_xlfn.SWITCH(C54, "Core Functionality", 5, "Configurable", 4, "Custom", 3, "Not Available", 0, "Either/Or", 0)} -> #N/A | G54: =E54*F54 -> #N/A
A55: Provide early payment realized savings | B55: High | E55: {=_xlfn.SWITCH(B55, "Critical", 5, "High", 4, "Medium", 3, "Low", 2, "Future", 1)} -> 4 | F55: {=_xlfn.SWITCH(C55, "Core Functionality", 5, "Configurable", 4, "Custom", 3, "Not Available", 0, "Either/Or", 0)} -> #N/A | G55: =E55*F55 -> #N/A
A57: 8. Workflows
A58: Support approval workflows | B58: Critical | E58: {=_xlfn.SWITCH(B58, "Critical", 5, "High", 4, "Medium", 3, "Low", 2, "Future", 1)} -> 5 | F58: {=_xlfn.SWITCH(C58, "Core Functionality", 5, "Configurable", 4, "Custom", 3, "Not Available", 0, "Either/Or", 0)} -> #N/A | G58: =E58*F58 -> #N/A
A59: Configurable workflow engine for approvals and notifications | B59: High | E59: {=_xlfn.SWITCH(B59, "Critical", 5, "High", 4, "Medium", 3, "Low", 2, "Future", 1)} -> 4 | F59: {=_xlfn.SWITCH(C59, "Core Functionality", 5, "Configurable", 4, "Custom", 3, "Not Available", 0, "Either/Or", 0)} -> #N/A | G59: =E59*F59 -> #N/A
A61: 9. Attachments and Links
A62: Support attachments for purchases to support matching, approvals, payments, etc. | B62: Critical | E62: {=_xlfn.SWITCH(B62, "Critical", 5, "High", 4, "Medium", 3, "Low", 2, "Future", 1)} -> 5 | F62: {=_xlfn.SWITCH(C62, "Core Functionality", 5, "Configurable", 4, "Custom", 3, "Not Available", 0, "Either/Or", 0)} -> #N/A | G62: =E62*F62 -> #N/A
A63: Store RFQ, supporting documents, quotes, and communication with vendors about AP invoices | B63: High | E63: {=_xlfn.SWITCH(B63, "Critical", 5, "High", 4, "Medium", 3, "Low", 2, "Future", 1)} -> 4 | F63: {=_xlfn.SWITCH(C63, "Core Functionality", 5, "Configurable", 4, "Custom", 3, "Not Available", 0, "Either/Or", 0)} -> #N/A | G63: =E63*F63 -> #N/A
A64: Support links to related vendors, RFQs, requisitions, purchase orders | B64: High | E64: {=_xlfn.SWITCH(B64, "Critical", 5, "High", 4, "Medium", 3, "Low", 2, "Future", 1)} -> 4 | F64: {=_xlfn.SWITCH(C64, "Core Functionality", 5, "Configurable", 4, "Custom", 3, "Not Available", 0, "Either/Or", 0)} -> #N/A | G64: =E64*F64 -> #N/A
A66: 10. Data
A67: Support data fields and structures to migrate required data from TeroMarine and Dynamics GP | B67: High | E67: {=_xlfn.SWITCH(B67, "Critical", 5, "High", 4, "Medium", 3, "Low", 2, "Future", 1)} -> 4 | F67: {=_xlfn.SWITCH(C67, "Core Functionality", 5, "Configurable", 4, "Custom", 3, "Not Available", 0, "Either/Or", 0)} -> #N/A | G67: =E67*F67 -> #N/A

Sheet Project Mgmt, Maint
A1: Project Management Requirements | B1: Priority | C1: Response | D1: Notes/Comments | G1: =SUM(G3:G74) -> #N/A
A2: 1. Overview
A3: Project management functionality | B3: High | E3: {=_xlfn.SWITCH(B3, "Critical", 5, "High", 4, "Medium", 3, "Low", 2, "Future", 1)} -> 4 | F3: {=_xlfn.SWITCH(C3, "Core Functionality", 5, "Configurable", 4, "Custom", 3, "Not Available", 0, "Either/Or", 0)} -> #N/A | G3: =E3*F3 -> #N/A
A4: Project completion resulting in fixed asset creation to begin depreciation | B4: High | E4: {=_xlfn.SWITCH(B4, "Critical", 5, "High", 4, "Medium", 3, "Low", 2, "Future", 1)} -> 4 | F4: {=_xlfn.SWITCH(C4, "Core Functionality", 5, "Configurable", 4, "Custom", 3, "Not Available", 0, "Either/Or", 0)} -> #N/A | G4: =E4*F4 -> #N/A
A6: 2. Project Setup
A7: Create, edit, archive projects | B7: High | E7: {=_xlfn.SWITCH(B7, "Critical", 5, "High", 4, "Medium", 3, "Low", 2, "Future", 1)} -> 4 | F7: {=_xlfn.SWITCH(C7, "Core Functionality", 5, "Configurable", 4, "Custom", 3, "Not Available", 0, "Either/Or", 0)} -> #N/A | G7: =E7*F7 -> #N/A
A8: Define project location (vessel or office) to allow reporting by location | B8: Medium | E8: {=_xlfn.SWITCH(B8, "Critical", 5, "High", 4, "Medium", 3, "Low", 2, "Future", 1)} -> 3 | F8: {=_xlfn.SWITCH(C8, "Core Functionality", 5, "Configurable", 4, "Custom", 3, "Not Available", 0, "Either/Or", 0)} -> #N/A | G8: =E8*F8 -> #N/A
A9: Define project goals, reasoning, and initial budget | B9: Medium | E9: {=_xlfn.SWITCH(B9, "Critical", 5, "High", 4, "Medium", 3, "Low", 2, "Future", 1)} -> 3 | F9: {=_xlfn.SWITCH(C9, "Core Functionality", 5, "Configurable", 4, "Custom", 3, "Not Available", 0, "Either/Or", 0)} -> #N/A | G9: =E9*F9 -> #N/A
A10: Set project dates to include approval date, aniticpated start date, anticipated completetion date | B10: High | E10: {=_xlfn.SWITCH(B10, "Critical", 5, "High", 4, "Medium", 3, "Low", 2, "Future", 1)} -> 4 | F10: {=_xlfn.SWITCH(C10, "Core Functionality", 5, "Configurable", 4, "Custom", 3, "Not Available", 0, "Either/Or", 0)} -> #N/A | G10: =E10*F10 -> #N/A
A11: Support data structures to maintain historical tracking from invoices, vendors, payments back to a project | B11: High | E11: {=_xlfn.SWITCH(B11, "Critical", 5, "High", 4, "Medium", 3, "Low", 2, "Future", 1)} -> 4 | F11: {=_xlfn.SWITCH(C11, "Core Functionality", 5, "Configurable", 4, "Custom", 3, "Not Available", 0, "Either/Or", 0)} -> #N/A | G11: =E11*F11 -> #N/A
A13: 3. Project Management
A14: Assign projects to a manager | B14: High | E14: {=_xlfn.SWITCH(B14, "Critical", 5, "High", 4, "Medium", 3, "Low", 2, "Future", 1)} -> 4 | F14: {=_xlfn.SWITCH(C14, "Core Functionality", 5, "Configurable", 4, "Custom", 3, "Not Available", 0, "Either/Or", 0)} -> #N/A | G14: =E14*F14 -> #N/A
A15: Project schedules | B15: Medium | E15: {=_xlfn.SWITCH(B15, "Critical", 5, "High", 4, "Medium", 3, "Low", 2, "Future", 1)} -> 3 | F15: {=_xlfn.SWITCH(C15, "Core Functionality", 5, "Configurable", 4, "Custom", 3, "Not Available", 0, "Either/Or", 0)} -> #N/A | G15: =E15*F15 -> #N/A
A16: Project core vendor identification | B16: Medium | E16: {=_xlfn.SWITCH(B16, "Critical", 5, "High", 4, "Medium", 3, "Low", 2, "Future", 1)} -> 3 | F16: {=_xlfn.SWITCH(C16, "Core Functionality", 5, "Configurable", 4, "Custom", 3, "Not Available", 0, "Either/Or", 0)} -> #N/A | G16: =E16*F16 -> #N/A
A17: Project statuses such as pending approval, not yet in progress, in progress, completed, in service, postponed, cancelled | B17: High | E17: {=_xlfn.SWITCH(B17, "Critical", 5, "High", 4, "Medium", 3, "Low", 2, "Future", 1)} -> 4 | F17: {=_xlfn.SWITCH(C17, "Core Functionality", 5, "Configurable", 4, "Custom", 3, "Not Available", 0, "Either/Or", 0)} -> #N/A | G17: =E17*F17 -> #N/A
A18: Comments and activity logs | B18: Medium | E18: {=_xlfn.SWITCH(B18, "Critical", 5, "High", 4, "Medium", 3, "Low", 2, "Future", 1)} -> 3 | F18: {=_xlfn.SWITCH(C18, "Core Functionality", 5, "Configurable", 4, "Custom", 3, "Not Available", 0, "Either/Or", 0)} -> #N/A | G18: =E18*F18 -> #N/A
A20: 4. Resource Management
A21: Light-weight resource management; vessel crews and employees generally do not perform project work, but this feature might be used in the future | B21: Future | E21: {=_xlfn.SWITCH(B21, "Critical", 5, "High", 4, "Medium", 3, "Low", 2, "Future", 1)} -> 1 | F21: {=_xlfn.SWITCH(C21, "Core Functionality", 5, "Configurable", 4, "Custom", 3, "Not Available", 0, "Either/Or", 0)} -> #N/A | G21: =E21*F21 -> #N/A
A23: 5. Scheduling & Planning
A24: Gantt charts | B24: Low | E24: {=_xlfn.SWITCH(B24, "Critical", 5, "High", 4, "Medium", 3, "Low", 2, "Future", 1)} -> 2 | F24: {=_xlfn.SWITCH(C24, "Core Functionality", 5, "Configurable", 4, "Custom", 3, "Not Available", 0, "Either/Or", 0)} -> #N/A | G24: =E24*F24 -> #N/A
A25: Calendar integration | B25: Low | E25: {=_xlfn.SWITCH(B25, "Critical", 5, "High", 4, "Medium", 3, "Low", 2, "Future", 1)} -> 2 | F25: {=_xlfn.SWITCH(C25, "Core Functionality", 5, "Configurable", 4, "Custom", 3, "Not Available", 0, "Either/Or", 0)} -> #N/A | G25: =E25*F25 -> #N/A
A26: Milestone tracking | B26: Low | E26: {=_xlfn.SWITCH(B26, "Critical", 5, "High", 4, "Medium", 3, "Low", 2, "Future", 1)} -> 2 | F26: {=_xlfn.SWITCH(C26, "Core Functionality", 5, "Configurable", 4, "Custom", 3, "Not Available", 0, "Either/Or", 0)} -> #N/A | G26: =E26*F26 -> #N/A
A28: 6. Collaboration & Communication
A29: Messaging: push notification for status updates | B29: Medium | E29: {=_xlfn.SWITCH(B29, "Critical", 5, "High", 4, "Medium", 3, "Low", 2, "Future", 1)} -> 3 | F29: {=_xlfn.SWITCH(C29, "Core Functionality", 5, "Configurable", 4, "Custom", 3, "Not Available", 0, "Either/Or", 0)} -> #N/A | G29: =E29*F29 -> #N/A
A30: File sharing | B30: Medium | E30: {=_xlfn.SWITCH(B30, "Critical", 5, "High", 4, "Medium", 3, "Low", 2, "Future", 1)} -> 3 | F30: {=_xlfn.SWITCH(C30, "Core Functionality", 5, "Configurable", 4, "Custom", 3, "Not Available", 0, "Either/Or", 0)} -> #N/A | G30: =E30*F30 -> #N/A
A31: Notifications | B31: Medium | E31: {=_xlfn.SWITCH(B31, "Critical", 5, "High", 4, "Medium", 3, "Low", 2, "Future", 1)} -> 3 | F31: {=_xlfn.SWITCH(C31, "Core Functionality", 5, "Configurable", 4, "Custom", 3, "Not Available", 0, "Either/Or", 0)} -> #N/A | G31: =E31*F31 -> #N/A
A33: 7. Time Tracking
A34: Generally, vessel crews and employees do not work on projects, but this feature might be used in the future | B34: Future | E34: {=_xlfn.SWITCH(B34, "Critical", 5, "High", 4, "Medium", 3, "Low", 2, "Future", 1)} -> 1 | F34: {=_xlfn.SWITCH(C34, "Core Functionality", 5, "Configurable", 4, "Custom", 3, "Not Available", 0, "Either/Or", 0)} -> #N/A | G34: =E34*F34 -> #N/A
A36: 8. Reporting & Analytics
A37: Dashboards | B37: Medium | E37: {=_xlfn.SWITCH(B37, "Critical", 5, "High", 4, "Medium", 3, "Low", 2, "Future", 1)} -> 3 | F37: {=_xlfn.SWITCH(C37, "Core Functionality", 5, "Configurable", 4, "Custom", 3, "Not Available", 0, "Either/Or", 0)} -> #N/A | G37: =E37*F37 -> #N/A
A38: Export options | B38: Medium | E38: {=_xlfn.SWITCH(B38, "Critical", 5, "High", 4, "Medium", 3, "Low", 2, "Future", 1)} -> 3 | F38: {=_xlfn.SWITCH(C38, "Core Functionality", 5, "Configurable", 4, "Custom", 3, "Not Available", 0, "Either/Or", 0)} -> #N/A | G38: =E38*F38 -> #N/A
A39: Budget to actual reporting at multiple different summary levels allowing drill downs in invoice detail | B39: High | E39: {=_xlfn.SWITCH(B39, "Critical", 5, "High", 4, "Medium", 3, "Low", 2, "Future", 1)} -> 4 | F39: {=_xlfn.SWITCH(C39, "Core Functionality", 5, "Configurable", 4, "Custom", 3, "Not Available", 0, "Either/Or", 0)} -> #N/A | G39: =E39*F39 -> #N/A
A40: Project status reporting | B40: Medium | E40: {=_xlfn.SWITCH(B40, "Critical", 5, "High", 4, "Medium", 3, "Low", 2, "Future", 1)} -> 3 | F40: {=_xlfn.SWITCH(C40, "Core Functionality", 5, "Configurable", 4, "Custom", 3, "Not Available", 0, "Either/Or", 0)} -> #N/A | G40: =E40*F40 -> #N/A
A41: Allow for commitments to ve included for open purchase order assigned to a project | B41: Medium | E41: {=_xlfn.SWITCH(B41, "Critical", 5, "High", 4, "Medium", 3, "Low", 2, "Future", 1)} -> 3 | F41: {=_xlfn.SWITCH(C41, "Core Functionality", 5, "Configurable", 4, "Custom", 3, "Not Available", 0, "Either/Or", 0)} -> #N/A | G41: =E41*F41 -> #N/A
A43: 9. Budget & Cost Management
A44: Budget planning | B44: High | E44: {=_xlfn.SWITCH(B44, "Critical", 5, "High", 4, "Medium", 3, "Low", 2, "Future", 1)} -> 4 | F44: {=_xlfn.SWITCH(C44, "Core Functionality", 5, "Configurable", 4, "Custom", 3, "Not Available", 0, "Either/Or", 0)} -> #N/A | G44: =E44*F44 -> #N/A
A45: Cost tracking | B45: High | E45: {=_xlfn.SWITCH(B45, "Critical", 5, "High", 4, "Medium", 3, "Low", 2, "Future", 1)} -> 4 | F45: {=_xlfn.SWITCH(C45, "Core Functionality", 5, "Configurable", 4, "Custom", 3, "Not Available", 0, "Either/Or", 0)} -> #N/A | G45: =E45*F45 -> #N/A
A46: Possible integration with Vena | B46: Low | E46: {=_xlfn.SWITCH(B46, "Critical", 5, "High", 4, "Medium", 3, "Low", 2, "Future", 1)} -> 2 | F46: {=_xlfn.SWITCH(C46, "Core Functionality", 5, "Configurable", 4, "Custom", 3, "Not Available", 0, "Either/Or", 0)} -> #N/A | G46: =E46*F46 -> #N/A
A48: 10. Risk & Issue Management
A49: Risk logs | B49: Future | E49: {=_xlfn.SWITCH(B49, "Critical", 5, "High", 4, "Medium", 3, "Low", 2, "Future", 1)} -> 1 | F49: {=_xlfn.SWITCH(C49, "Core Functionality", 5, "Configurable", 4, "Custom", 3, "Not Available", 0, "Either/Or", 0)} -> #N/A | G49: =E49*F49 -> #N/A
A50: Issue tracking | B50: Future | E50: {=_xlfn.SWITCH(B50, "Critical", 5, "High", 4, "Medium", 3, "Low", 2, "Future", 1)} -> 1 | F50: {=_xlfn.SWITCH(C50, "Core Functionality", 5, "Configurable", 4, "Custom", 3, "Not Available", 0, "Either/Or", 0)} -> #N/A | G50: =E50*F50 -> #N/A
A51: Mitigation plans | B51: Future | E51: {=_xlfn.SWITCH(B51, "Critical", 5, "High", 4, "Medium", 3, "Low", 2, "Future", 1)} -> 1 | F51: {=_xlfn.SWITCH(C51, "Core Functionality", 5, "Configurable", 4, "Custom", 3, "Not Available", 0, "Either/Or", 0)} -> #N/A | G51: =E51*F51 -> #N/A
A53: 12. Integration
A54: Integrate with Fixed Asset Module | B54: High | E54: {=_xlfn.SWITCH(B54, "Critical", 5, "High", 4, "Medium", 3, "Low", 2, "Future", 1)} -> 4 | F54: {=_xlfn.SWITCH(C54, "Core Functionality", 5, "Configurable", 4, "Custom", 3, "Not Available", 0, "Either/Or", 0)} -> #N/A | G54: =E54*F54 -> #N/A
A55: Integrate with TeroMarine | B55: High | E55: {=_xlfn.SWITCH(B55, "Critical", 5, "High", 4, "Medium", 3, "Low", 2, "Future", 1)} -> 4 | F55: {=_xlfn.SWITCH(C55, "Core Functionality", 5, "Configurable", 4, "Custom", 3, "Not Available", 0, "Either/Or", 0)} -> #N/A | G55: =E55*F55 -> #N/A
A57: 8. Workflows
A58: Project request and approval workflow | B58: High | E58: {=_xlfn.SWITCH(B58, "Critical", 5, "High", 4, "Medium", 3, "Low", 2, "Future", 1)} -> 4 | F58: {=_xlfn.SWITCH(C58, "Core Functionality", 5, "Configurable", 4, "Custom", 3, "Not Available", 0, "Either/Or", 0)} -> #N/A | G58: =E58*F58 -> #N/A
A59: Project ammendment workflow | B59: High | E59: {=_xlfn.SWITCH(B59, "Critical", 5, "High", 4, "Medium", 3, "Low", 2, "Future", 1)} -> 4 | F59: {=_xlfn.SWITCH(C59, "Core Functionality", 5, "Configurable", 4, "Custom", 3, "Not Available", 0, "Either/Or", 0)} -> #N/A | G59: =E59*F59 -> #N/A
A60: Project archive workflow | B60: High | E60: {=_xlfn.SWITCH(B60, "Critical", 5, "High", 4, "Medium", 3, "Low", 2, "Future", 1)} -> 4 | F60: {=_xlfn.SWITCH(C60, "Core Functionality", 5, "Configurable", 4, "Custom", 3, "Not Available", 0, "Either/Or", 0)} -> #N/A | G60: =E60*F60 -> #N/A
A62: 9. Attachments and Links
A63: Support attachments for purchases, quotes, etc. | B63: High | E63: {=_xlfn.SWITCH(B63, "Critical", 5, "High", 4, "Medium", 3, "Low", 2, "Future", 1)} -> 4 | F63: {=_xlfn.SWITCH(C63, "Core Functionality", 5, "Configurable", 4, "Custom", 3, "Not Available", 0, "Either/Or", 0)} -> #N/A | G63: =E63*F63 -> #N/A
A65: 10. Data
A66: Support data fields and structures to migrate required data from TeroMarine, Dynamics GP, Vena, Excel workbooks | B66: High | E66: {=_xlfn.SWITCH(B66, "Critical", 5, "High", 4, "Medium", 3, "Low", 2, "Future", 1)} -> 4 | F66: {=_xlfn.SWITCH(C66, "Core Functionality", 5, "Configurable", 4, "Custom", 3, "Not Available", 0, "Either/Or", 0)} -> #N/A | G66: =E66*F66 -> #N/A
A68: 11. Planned Maintenance
A69: Create, update, maintain Maintenance Tasks (schedule, dependencies, parts list, procedure steps, etc.) | B69: Low | E69: {=_xlfn.SWITCH(B69, "Critical", 5, "High", 4, "Medium", 3, "Low", 2, "Future", 1)} -> 2 | F69: {=_xlfn.SWITCH(C69, "Core Functionality", 5, "Configurable", 4, "Custom", 3, "Not Available", 0, "Either/Or", 0)} -> #N/A | G69: =E69*F69 -> #N/A
A70: Link Maintenance Tasks to specific vessel (i.e., fixed asset) | B70: Low | E70: {=_xlfn.SWITCH(B70, "Critical", 5, "High", 4, "Medium", 3, "Low", 2, "Future", 1)} -> 2 | F70: {=_xlfn.SWITCH(C70, "Core Functionality", 5, "Configurable", 4, "Custom", 3, "Not Available", 0, "Either/Or", 0)} -> #N/A | G70: =E70*F70 -> #N/A
A71: Support scheduling maintenance tasks, schedules | B71: Low | E71: {=_xlfn.SWITCH(B71, "Critical", 5, "High", 4, "Medium", 3, "Low", 2, "Future", 1)} -> 2 | F71: {=_xlfn.SWITCH(C71, "Core Functionality", 5, "Configurable", 4, "Custom", 3, "Not Available", 0, "Either/Or", 0)} -> #N/A | G71: =E71*F71 -> #N/A
A72: Maintain historical records of performend maintenance | B72: Low | E72: {=_xlfn.SWITCH(B72, "Critical", 5, "High", 4, "Medium", 3, "Low", 2, "Future", 1)} -> 2 | F72: {=_xlfn.SWITCH(C72, "Core Functionality", 5, "Configurable", 4, "Custom", 3, "Not Available", 0, "Either/Or", 0)} -> #N/A | G72: =E72*F72 -> #N/A
A73: Support attaching certifications, work orders, invoices, inspections, etc. to completed maintenance tasks | B73: Low | E73: {=_xlfn.SWITCH(B73, "Critical", 5, "High", 4, "Medium", 3, "Low", 2, "Future", 1)} -> 2 | F73: {=_xlfn.SWITCH(C73, "Core Functionality", 5, "Configurable", 4, "Custom", 3, "Not Available", 0, "Either/Or", 0)} -> #N/A | G73: =E73*F73 -> #N/A
A74: Recommend inventory orders based on current and near-future stock for upcoming planned maintenance | B74: Low | E74: {=_xlfn.SWITCH(B74, "Critical", 5, "High", 4, "Medium", 3, "Low", 2, "Future", 1)} -> 2 | F74: {=_xlfn.SWITCH(C74, "Core Functionality", 5, "Configurable", 4, "Custom", 3, "Not Available", 0, "Either/Or", 0)} -> #N/A | G74: =E74*F74 -> #N/A

Sheet HR Payroll Intro
A1: HR and Payroll Introduction
A3: Overview
A4: CVRF uses Dynamics GP to manage accounting functions for Corporate, CAPS, and Programs. All accounting data from CAPS and Programs ultimately is processed through Dynamics GP.
A6: Goals
A7: CVRF needs a seamless HR and Payroll solution to eliminate duplicate efforts, facilitate automation, and ensure accuracy and compliance. CVRF needs a single source of truth for HR and Payroll data. A single solution is not necessary, but there must be demonstrable connectivity or integration with 3rd-party applications (such as Paylocity) that can better meet CVRF requirements. CVRF is interested in all the functionality of your offering, but wants the option to find best-in-class modules or applications.
A9: CAPS
A10: All HR and Payroll activities for CAPS are performed with Paylocity. Payroll is for hourly and salary; monthly, twice-monthly, and at trip-end; some vessel crews are paid by Crew Shares contracts; some vessel trips and seasons also include bonuses. Crew Shares, bonuses, and yearly pay adjustments are managed with Excel Workbooks. Future payroll systems would incorporate this data.
A12: Programs
A13: All HR and Payroll activities for Programs are performed with Paylocity, including seasonal Youth-to-Work employees. Payroll is for hourly and salary; monthly and twice-monthly.
A15: Corporate
A16: CVRF Corporate performs all HR and Payroll activities with Paylocity. Manual transactions are entered into Dynamics GP GL for payroll, and reports are attached. All HR and Payroll activities for Programs are performed with Paylocity, including seasonal Youth-to-Work employees. Payroll is for hourly and salary; monthly and twice-monthly.

Sheet Recruiting
A1: Recruiting Requirements | B1: Priority | C1: Response | D1: Notes/Comments | G1: =SUM(G3:G58) -> #N/A
A2: 1. Job Requisition Management
A3: Create, edit, approve, and close job requisitions | B3: High | E3: {=_xlfn.SWITCH(B3, "Critical", 5, "High", 4, "Medium", 3, "Low", 2, "Future", 1)} -> 4 | F3: {=_xlfn.SWITCH(C3, "Core Functionality", 5, "Configurable", 4, "Custom", 3, "Not Available", 0, "Either/Or", 0)} -> #N/A | G3: =E3*F3 -> #N/A
A4: Manage job details (title, description, qualifications, salary range, location, supervisory hierarchy, etc.) | B4: High | E4: {=_xlfn.SWITCH(B4, "Critical", 5, "High", 4, "Medium", 3, "Low", 2, "Future", 1)} -> 4 | F4: {=_xlfn.SWITCH(C4, "Core Functionality", 5, "Configurable", 4, "Custom", 3, "Not Available", 0, "Either/Or", 0)} -> #N/A | G4: =E4*F4 -> #N/A
A5: Track job status (draft, open, on hold, closed, etc.) | B5: High | E5: {=_xlfn.SWITCH(B5, "Critical", 5, "High", 4, "Medium", 3, "Low", 2, "Future", 1)} -> 4 | F5: {=_xlfn.SWITCH(C5, "Core Functionality", 5, "Configurable", 4, "Custom", 3, "Not Available", 0, "Either/Or", 0)} -> #N/A | G5: =E5*F5 -> #N/A
A7: 2. Job Posting & Distribution
A8: Publish jobs to career site and job boards | B8: High | E8: {=_xlfn.SWITCH(B8, "Critical", 5, "High", 4, "Medium", 3, "Low", 2, "Future", 1)} -> 4 | F8: {=_xlfn.SWITCH(C8, "Core Functionality", 5, "Configurable", 4, "Custom", 3, "Not Available", 0, "Either/Or", 0)} -> #N/A | G8: =E8*F8 -> #N/A
A9: Manage multi-channel posting | B9: High | E9: {=_xlfn.SWITCH(B9, "Critical", 5, "High", 4, "Medium", 3, "Low", 2, "Future", 1)} -> 4 | F9: {=_xlfn.SWITCH(C9, "Core Functionality", 5, "Configurable", 4, "Custom", 3, "Not Available", 0, "Either/Or", 0)} -> #N/A | G9: =E9*F9 -> #N/A
A10: Schedule posting dates for anticipated openings | B10: High | E10: {=_xlfn.SWITCH(B10, "Critical", 5, "High", 4, "Medium", 3, "Low", 2, "Future", 1)} -> 4 | F10: {=_xlfn.SWITCH(C10, "Core Functionality", 5, "Configurable", 4, "Custom", 3, "Not Available", 0, "Either/Or", 0)} -> #N/A | G10: =E10*F10 -> #N/A
A11: Maintain job posting templates | B11: High | E11: {=_xlfn.SWITCH(B11, "Critical", 5, "High", 4, "Medium", 3, "Low", 2, "Future", 1)} -> 4 | F11: {=_xlfn.SWITCH(C11, "Core Functionality", 5, "Configurable", 4, "Custom", 3, "Not Available", 0, "Either/Or", 0)} -> #N/A | G11: =E11*F11 -> #N/A
A13: 3. Candidate Application Management
A14: Allow candidates to apply online | B14: High | E14: {=_xlfn.SWITCH(B14, "Critical", 5, "High", 4, "Medium", 3, "Low", 2, "Future", 1)} -> 4 | F14: {=_xlfn.SWITCH(C14, "Core Functionality", 5, "Configurable", 4, "Custom", 3, "Not Available", 0, "Either/Or", 0)} -> #N/A | G14: =E14*F14 -> #N/A
A15: Resume upload and parsing | B15: High | E15: {=_xlfn.SWITCH(B15, "Critical", 5, "High", 4, "Medium", 3, "Low", 2, "Future", 1)} -> 4 | F15: {=_xlfn.SWITCH(C15, "Core Functionality", 5, "Configurable", 4, "Custom", 3, "Not Available", 0, "Either/Or", 0)} -> #N/A | G15: =E15*F15 -> #N/A
A16: Capture candidate data (work history, education, skills, certifications, visa requirements, etc.) | B16: High | E16: {=_xlfn.SWITCH(B16, "Critical", 5, "High", 4, "Medium", 3, "Low", 2, "Future", 1)} -> 4 | F16: {=_xlfn.SWITCH(C16, "Core Functionality", 5, "Configurable", 4, "Custom", 3, "Not Available", 0, "Either/Or", 0)} -> #N/A | G16: =E16*F16 -> #N/A
A17: Maintain candidate database | B17: High | E17: {=_xlfn.SWITCH(B17, "Critical", 5, "High", 4, "Medium", 3, "Low", 2, "Future", 1)} -> 4 | F17: {=_xlfn.SWITCH(C17, "Core Functionality", 5, "Configurable", 4, "Custom", 3, "Not Available", 0, "Either/Or", 0)} -> #N/A | G17: =E17*F17 -> #N/A
A18: Employee referral tracking | B18: Medium | E18: {=_xlfn.SWITCH(B18, "Critical", 5, "High", 4, "Medium", 3, "Low", 2, "Future", 1)} -> 3 | F18: {=_xlfn.SWITCH(C18, "Core Functionality", 5, "Configurable", 4, "Custom", 3, "Not Available", 0, "Either/Or", 0)} -> #N/A | G18: =E18*F18 -> #N/A
A20: 4. Resume Screening & Filtering
A21: Keyword search and screening | B21: Medium | E21: {=_xlfn.SWITCH(B21, "Critical", 5, "High", 4, "Medium", 3, "Low", 2, "Future", 1)} -> 3 | F21: {=_xlfn.SWITCH(C21, "Core Functionality", 5, "Configurable", 4, "Custom", 3, "Not Available", 0, "Either/Or", 0)} -> #N/A | G21: =E21*F21 -> #N/A
A22: AI or rules-based candidate initial scoring and screening | B22: Medium | E22: {=_xlfn.SWITCH(B22, "Critical", 5, "High", 4, "Medium", 3, "Low", 2, "Future", 1)} -> 3 | F22: {=_xlfn.SWITCH(C22, "Core Functionality", 5, "Configurable", 4, "Custom", 3, "Not Available", 0, "Either/Or", 0)} -> #N/A | G22: =E22*F22 -> #N/A
A23: Filtering and shortlisting | B23: Medium | E23: {=_xlfn.SWITCH(B23, "Critical", 5, "High", 4, "Medium", 3, "Low", 2, "Future", 1)} -> 3 | F23: {=_xlfn.SWITCH(C23, "Core Functionality", 5, "Configurable", 4, "Custom", 3, "Not Available", 0, "Either/Or", 0)} -> #N/A | G23: =E23*F23 -> #N/A
A24: Background check integration (I-9, federal check) | B24: Future | E24: {=_xlfn.SWITCH(B24, "Critical", 5, "High", 4, "Medium", 3, "Low", 2, "Future", 1)} -> 1 | F24: {=_xlfn.SWITCH(C24, "Core Functionality", 5, "Configurable", 4, "Custom", 3, "Not Available", 0, "Either/Or", 0)} -> #N/A | G24: =E24*F24 -> #N/A
A25: Customizable screening questions (Alaska resident, consent for drug screening, etc.) | B25: High | E25: {=_xlfn.SWITCH(B25, "Critical", 5, "High", 4, "Medium", 3, "Low", 2, "Future", 1)} -> 4 | F25: {=_xlfn.SWITCH(C25, "Core Functionality", 5, "Configurable", 4, "Custom", 3, "Not Available", 0, "Either/Or", 0)} -> #N/A | G25: =E25*F25 -> #N/A
A27: 5. Interview Management
A28: Schedule interviews with Microsoft Outlook/Teams integration | B28: High | E28: {=_xlfn.SWITCH(B28, "Critical", 5, "High", 4, "Medium", 3, "Low", 2, "Future", 1)} -> 4 | F28: {=_xlfn.SWITCH(C28, "Core Functionality", 5, "Configurable", 4, "Custom", 3, "Not Available", 0, "Either/Or", 0)} -> #N/A | G28: =E28*F28 -> #N/A
A29: Assign interviewers based on supervisory hierarchy for job code | B29: Low | E29: {=_xlfn.SWITCH(B29, "Critical", 5, "High", 4, "Medium", 3, "Low", 2, "Future", 1)} -> 2 | F29: {=_xlfn.SWITCH(C29, "Core Functionality", 5, "Configurable", 4, "Custom", 3, "Not Available", 0, "Either/Or", 0)} -> #N/A | G29: =E29*F29 -> #N/A
A30: Collect feedback and interviewing ratings of candidate | B30: Medium | E30: {=_xlfn.SWITCH(B30, "Critical", 5, "High", 4, "Medium", 3, "Low", 2, "Future", 1)} -> 3 | F30: {=_xlfn.SWITCH(C30, "Core Functionality", 5, "Configurable", 4, "Custom", 3, "Not Available", 0, "Either/Or", 0)} -> #N/A | G30: =E30*F30 -> #N/A
A32: 6. Communication & Notifications
A33: Automated emails and alerts for new applicants, invites, offer and rejection letters, etc. | B33: High | E33: {=_xlfn.SWITCH(B33, "Critical", 5, "High", 4, "Medium", 3, "Low", 2, "Future", 1)} -> 4 | F33: {=_xlfn.SWITCH(C33, "Core Functionality", 5, "Configurable", 4, "Custom", 3, "Not Available", 0, "Either/Or", 0)} -> #N/A | G33: =E33*F33 -> #N/A
A34: Communication templates | B34: High | E34: {=_xlfn.SWITCH(B34, "Critical", 5, "High", 4, "Medium", 3, "Low", 2, "Future", 1)} -> 4 | F34: {=_xlfn.SWITCH(C34, "Core Functionality", 5, "Configurable", 4, "Custom", 3, "Not Available", 0, "Either/Or", 0)} -> #N/A | G34: =E34*F34 -> #N/A
A36: 7. Offer Management
A37: Generate and track offers | B37: High | E37: {=_xlfn.SWITCH(B37, "Critical", 5, "High", 4, "Medium", 3, "Low", 2, "Future", 1)} -> 4 | F37: {=_xlfn.SWITCH(C37, "Core Functionality", 5, "Configurable", 4, "Custom", 3, "Not Available", 0, "Either/Or", 0)} -> #N/A | G37: =E37*F37 -> #N/A
A38: Manage negotiation workflows (benefits, pay scale, training, employee support, etc.) | B38: High | E38: {=_xlfn.SWITCH(B38, "Critical", 5, "High", 4, "Medium", 3, "Low", 2, "Future", 1)} -> 4 | F38: {=_xlfn.SWITCH(C38, "Core Functionality", 5, "Configurable", 4, "Custom", 3, "Not Available", 0, "Either/Or", 0)} -> #N/A | G38: =E38*F38 -> #N/A
A39: Maintain compensation details | B39: High | E39: {=_xlfn.SWITCH(B39, "Critical", 5, "High", 4, "Medium", 3, "Low", 2, "Future", 1)} -> 4 | F39: {=_xlfn.SWITCH(C39, "Core Functionality", 5, "Configurable", 4, "Custom", 3, "Not Available", 0, "Either/Or", 0)} -> #N/A | G39: =E39*F39 -> #N/A
A41: 8. Onboarding Integration
A42: Seamlessly transfer hired candidates to onboarding | B42: High | E42: {=_xlfn.SWITCH(B42, "Critical", 5, "High", 4, "Medium", 3, "Low", 2, "Future", 1)} -> 4 | F42: {=_xlfn.SWITCH(C42, "Core Functionality", 5, "Configurable", 4, "Custom", 3, "Not Available", 0, "Either/Or", 0)} -> #N/A | G42: =E42*F42 -> #N/A
A43: Track onboarding progress | B43: High | E43: {=_xlfn.SWITCH(B43, "Critical", 5, "High", 4, "Medium", 3, "Low", 2, "Future", 1)} -> 4 | F43: {=_xlfn.SWITCH(C43, "Core Functionality", 5, "Configurable", 4, "Custom", 3, "Not Available", 0, "Either/Or", 0)} -> #N/A | G43: =E43*F43 -> #N/A
A45: 9. Reporting & Analytics
A46: Hiring metrics and dashboards (time-to-hire, cost-per-hire, employee longevity based on hire information, etc.) | B46: Future | E46: {=_xlfn.SWITCH(B46, "Critical", 5, "High", 4, "Medium", 3, "Low", 2, "Future", 1)} -> 1 | F46: {=_xlfn.SWITCH(C46, "Core Functionality", 5, "Configurable", 4, "Custom", 3, "Not Available", 0, "Either/Or", 0)} -> #N/A | G46: =E46*F46 -> #N/A
A47: Export reports in various formats (CSV, Excel, PDF) | B47: High | E47: {=_xlfn.SWITCH(B47, "Critical", 5, "High", 4, "Medium", 3, "Low", 2, "Future", 1)} -> 4 | F47: {=_xlfn.SWITCH(C47, "Core Functionality", 5, "Configurable", 4, "Custom", 3, "Not Available", 0, "Either/Or", 0)} -> #N/A | G47: =E47*F47 -> #N/A
A49: 10. Workflows
A50: Support approval workflows | B50: Critical | E50: {=_xlfn.SWITCH(B50, "Critical", 5, "High", 4, "Medium", 3, "Low", 2, "Future", 1)} -> 5 | F50: {=_xlfn.SWITCH(C50, "Core Functionality", 5, "Configurable", 4, "Custom", 3, "Not Available", 0, "Either/Or", 0)} -> #N/A | G50: =E50*F50 -> #N/A
A51: Configurable workflow engine for approvals and notifications | B51: High | E51: {=_xlfn.SWITCH(B51, "Critical", 5, "High", 4, "Medium", 3, "Low", 2, "Future", 1)} -> 4 | F51: {=_xlfn.SWITCH(C51, "Core Functionality", 5, "Configurable", 4, "Custom", 3, "Not Available", 0, "Either/Or", 0)} -> #N/A | G51: =E51*F51 -> #N/A
A53: 11. Attachments and Links
A54: Support attachments for candidates (CVs, interview notes, emails, etc.) | B54: Critical | E54: {=_xlfn.SWITCH(B54, "Critical", 5, "High", 4, "Medium", 3, "Low", 2, "Future", 1)} -> 5 | F54: {=_xlfn.SWITCH(C54, "Core Functionality", 5, "Configurable", 4, "Custom", 3, "Not Available", 0, "Either/Or", 0)} -> #N/A | G54: =E54*F54 -> #N/A
A55: Support links to related job posting, offer letters, job description, etc. | B55: High | E55: {=_xlfn.SWITCH(B55, "Critical", 5, "High", 4, "Medium", 3, "Low", 2, "Future", 1)} -> 4 | F55: {=_xlfn.SWITCH(C55, "Core Functionality", 5, "Configurable", 4, "Custom", 3, "Not Available", 0, "Either/Or", 0)} -> #N/A | G55: =E55*F55 -> #N/A
A57: 12. Data
A58: Support data fields and structures to migrate required data from Paylocity | B58: High | E58: {=_xlfn.SWITCH(B58, "Critical", 5, "High", 4, "Medium", 3, "Low", 2, "Future", 1)} -> 4 | F58: {=_xlfn.SWITCH(C58, "Core Functionality", 5, "Configurable", 4, "Custom", 3, "Not Available", 0, "Either/Or", 0)} -> #N/A | G58: =E58*F58 -> #N/A

Sheet Onboarding
A1: Onboarding Requirements | B1: Priority | C1: Response | D1: Notes/Comments | G1: =SUM(G3:G78) -> #N/A
A2: 1. Pre-Boarding
A3: Collect new hire personal and contact information | B3: High | E3: {=_xlfn.SWITCH(B3, "Critical", 5, "High", 4, "Medium", 3, "Low", 2, "Future", 1)} -> 4 | F3: {=_xlfn.SWITCH(C3, "Core Functionality", 5, "Configurable", 4, "Custom", 3, "Not Available", 0, "Either/Or", 0)} -> #N/A | G3: =E3*F3 -> #N/A
A4: Provide digital offer acceptance | B4: High | E4: {=_xlfn.SWITCH(B4, "Critical", 5, "High", 4, "Medium", 3, "Low", 2, "Future", 1)} -> 4 | F4: {=_xlfn.SWITCH(C4, "Core Functionality", 5, "Configurable", 4, "Custom", 3, "Not Available", 0, "Either/Or", 0)} -> #N/A | G4: =E4*F4 -> #N/A
A5: Upload required documents (ID, tax forms) | B5: High | E5: {=_xlfn.SWITCH(B5, "Critical", 5, "High", 4, "Medium", 3, "Low", 2, "Future", 1)} -> 4 | F5: {=_xlfn.SWITCH(C5, "Core Functionality", 5, "Configurable", 4, "Custom", 3, "Not Available", 0, "Either/Or", 0)} -> #N/A | G5: =E5*F5 -> #N/A
A6: Create employee portal login | B6: High | E6: {=_xlfn.SWITCH(B6, "Critical", 5, "High", 4, "Medium", 3, "Low", 2, "Future", 1)} -> 4 | F6: {=_xlfn.SWITCH(C6, "Core Functionality", 5, "Configurable", 4, "Custom", 3, "Not Available", 0, "Either/Or", 0)} -> #N/A | G6: =E6*F6 -> #N/A
A7: Send welcome emails and onboarding instructions | B7: High | E7: {=_xlfn.SWITCH(B7, "Critical", 5, "High", 4, "Medium", 3, "Low", 2, "Future", 1)} -> 4 | F7: {=_xlfn.SWITCH(C7, "Core Functionality", 5, "Configurable", 4, "Custom", 3, "Not Available", 0, "Either/Or", 0)} -> #N/A | G7: =E7*F7 -> #N/A
A8: Assign onboarding tasks with deadlines | B8: High | E8: {=_xlfn.SWITCH(B8, "Critical", 5, "High", 4, "Medium", 3, "Low", 2, "Future", 1)} -> 4 | F8: {=_xlfn.SWITCH(C8, "Core Functionality", 5, "Configurable", 4, "Custom", 3, "Not Available", 0, "Either/Or", 0)} -> #N/A | G8: =E8*F8 -> #N/A
A9: Support re-activation of employees | B9: High | E9: {=_xlfn.SWITCH(B9, "Critical", 5, "High", 4, "Medium", 3, "Low", 2, "Future", 1)} -> 4 | F9: {=_xlfn.SWITCH(C9, "Core Functionality", 5, "Configurable", 4, "Custom", 3, "Not Available", 0, "Either/Or", 0)} -> #N/A | G9: =E9*F9 -> #N/A
A11: 2. Employee Profile Creation
A12: Create employee record automatically from application information and resume parsing | B12: High | E12: {=_xlfn.SWITCH(B12, "Critical", 5, "High", 4, "Medium", 3, "Low", 2, "Future", 1)} -> 4 | F12: {=_xlfn.SWITCH(C12, "Core Functionality", 5, "Configurable", 4, "Custom", 3, "Not Available", 0, "Either/Or", 0)} -> #N/A | G12: =E12*F12 -> #N/A
A13: Store job role, department, manager, work location | B13: High | E13: {=_xlfn.SWITCH(B13, "Critical", 5, "High", 4, "Medium", 3, "Low", 2, "Future", 1)} -> 4 | F13: {=_xlfn.SWITCH(C13, "Core Functionality", 5, "Configurable", 4, "Custom", 3, "Not Available", 0, "Either/Or", 0)} -> #N/A | G13: =E13*F13 -> #N/A
A14: Capture compensation details | B14: High | E14: {=_xlfn.SWITCH(B14, "Critical", 5, "High", 4, "Medium", 3, "Low", 2, "Future", 1)} -> 4 | F14: {=_xlfn.SWITCH(C14, "Core Functionality", 5, "Configurable", 4, "Custom", 3, "Not Available", 0, "Either/Or", 0)} -> #N/A | G14: =E14*F14 -> #N/A
A15: Sync with HRIS/payroll systems | B15: High | E15: {=_xlfn.SWITCH(B15, "Critical", 5, "High", 4, "Medium", 3, "Low", 2, "Future", 1)} -> 4 | F15: {=_xlfn.SWITCH(C15, "Core Functionality", 5, "Configurable", 4, "Custom", 3, "Not Available", 0, "Either/Or", 0)} -> #N/A | G15: =E15*F15 -> #N/A
A17: 3. Document Management
A18: Upload and store onboarding documents | B18: High | E18: {=_xlfn.SWITCH(B18, "Critical", 5, "High", 4, "Medium", 3, "Low", 2, "Future", 1)} -> 4 | F18: {=_xlfn.SWITCH(C18, "Core Functionality", 5, "Configurable", 4, "Custom", 3, "Not Available", 0, "Either/Or", 0)} -> #N/A | G18: =E18*F18 -> #N/A
A19: Provide templates (agreements, policies) | B19: High | E19: {=_xlfn.SWITCH(B19, "Critical", 5, "High", 4, "Medium", 3, "Low", 2, "Future", 1)} -> 4 | F19: {=_xlfn.SWITCH(C19, "Core Functionality", 5, "Configurable", 4, "Custom", 3, "Not Available", 0, "Either/Or", 0)} -> #N/A | G19: =E19*F19 -> #N/A
A20: Support e-signatures | B20: High | E20: {=_xlfn.SWITCH(B20, "Critical", 5, "High", 4, "Medium", 3, "Low", 2, "Future", 1)} -> 4 | F20: {=_xlfn.SWITCH(C20, "Core Functionality", 5, "Configurable", 4, "Custom", 3, "Not Available", 0, "Either/Or", 0)} -> #N/A | G20: =E20*F20 -> #N/A
A21: Track completion status | B21: High | E21: {=_xlfn.SWITCH(B21, "Critical", 5, "High", 4, "Medium", 3, "Low", 2, "Future", 1)} -> 4 | F21: {=_xlfn.SWITCH(C21, "Core Functionality", 5, "Configurable", 4, "Custom", 3, "Not Available", 0, "Either/Or", 0)} -> #N/A | G21: =E21*F21 -> #N/A
A22: Eliminate need for DocuSign for vessel crews | B22: High | E22: {=_xlfn.SWITCH(B22, "Critical", 5, "High", 4, "Medium", 3, "Low", 2, "Future", 1)} -> 4 | F22: {=_xlfn.SWITCH(C22, "Core Functionality", 5, "Configurable", 4, "Custom", 3, "Not Available", 0, "Either/Or", 0)} -> #N/A | G22: =E22*F22 -> #N/A
